Workbook

Sheet INDEX SHEET
B2: Data Sheet | C2: Data Sheet 2 | D2: Data Sheet 3 | E2: Data Sheet 4 | F2: Data Sheet 5 | G2: Data Sheet 6 | H2: Data Sheet 7 | I2: Data Sheet 8 | J2: Data Sheet 9 | K2: Misc. | L2: Data Sheet 10 | M2: Data Sheet 11 | N2: Data Sheet 12 | O2: Data Sheet 13 | P2: Data Sheet 14 | Q2: Data Sheet 15 | R2: Data Sheet 16 | S2: Data Sheet 17
B3: Leather | C3: Auto Ancilliaries | D3: Pharmaceuticals | E3: Textile | F3: FMCG | G3: Steel | H3: Trading | I3: Finance | J3: Education | K3: Miscellaneous | L3: Diversified | M3: IT Hardware | N3: Realty | O3: IT Software | P3: Power Generation & Distribution | Q3: Hotels & Restaurants | R3: Ceramics | S3: Chemicals
B4: Air Transport Service | C4: Banks | D4: Edible Oil | E4: Agro Chemicals | F4: Capital Goods (Electric equipments) | G4: Diamond, Gem & Jewellery | H4: Capital Goods (Non-Electric Equipment) | I4: Non Ferrous Metals | J4: Cement Products | L4: Glass & Glass Products | M4: Stock/Commodity Brokers | N4: Healthcare | P4: Sugar | Q4: Entertainment | R4: Refineries | S4: Paper
B5: Tyres | C5: Logistics | F5: Cables | G5: Plantation & Plantation Products | H5: Engineering | J5: Computer Education | L5: Crude Oil & Natural Gas | M5: Media-Print/TV/Radio | N5: Cement | P5: Construction | R5: Insurance
B6: Petrochemicals | C6: Telecom Equipment | F6: Castings, Forgings & Fastners | J6: Gas Distribution | L6: E-Commerce/App Based | M6: Fertilizers | R6: Telecomm-Service
B7: Alcoholic Beverages | J7: Ship Building | L7: Electronics | M7: Mining & Minerals | R7: Automobile
B8: Consumer Durables | J8: Shipping | L8: Paints/Varnish | M8: Infrastructure Developers & Operators | R8: Retail
B9: Plastic Products | L9: Printing & Stationery | M9: Packaging | R9: Readymade Garments/Apparell
L10: Tobacco Products
L11: Bearings
L12: Oil Drill/Allied
L13: Refactories
L14: Dry Cells
L15: Credit Rating Agencies
L16: Infrastructure Investment Trust
L17: Telecom-Handset/Mobile
L18: Marine Port & Services
L19: Power Infrastructure
L20: Railways
L21: Real Estate Investment Trust
L22: Sanitaryware

Sheet Main Sheet
A1: Sector | B1: Weighted-Average Return (10 Year)
A2: Railways | B2: ='Data Sheet 10'!AI136 -> 0.37
A3: Tobacco Products | B3: ='Data Sheet 10'!AI78 -> 0.29834911
A4: Credit Rating Agencies | B4: ='Data Sheet 10'!AI114 -> 0.29253373
A5: FMCG | B5: ='Data Sheet 5'!AI98 -> 0.24830875
A6: Paints/Vanish | B6: ='Data Sheet 10'!AI61 -> 0.24305398
A7: IT Software | B7: ='Data Sheet 13'!AI170 -> 0.19678376
A8: Air Transport Service | B8: ='Data Sheet'!AI29 -> 0.17541755
A9: Ship Building | B9: ='Data Sheet 9'!AI68 -> 0.16283878
A10: Mining & Minerals | B10: ='Data Sheet 11'!AI124 -> 0.13879642
A11: Diamond, Gems and Jewellery | B11: ='Data Sheet 6'!AI168 -> 0.12015668
A12: Bearings | B12: ='Data Sheet 10'!AI86 -> 0.11802127
A13: Engineering | B13: ='Data Sheet 7'!AI381 -> 0.11031821
A14: Refactories | B14: ='Data Sheet 10'!AI101 -> 0.11024422
A15: E-Commerce/App Based | B15: ='Data Sheet 10'!AI45 -> 0.095744067
A16: Capital Goods (Non-Electric Equipment) | B16: ='Data Sheet 7'!AI345 -> 0.08676881
A17: Readymade Garments/Apparells | B17: ='Data Sheet 16'!AI101 -> 0.084871899
A18: Tyres | B18: ='Data Sheet'!AI44 -> 0.074168178
A19: Capital Goods (Electric Equipment) | B19: ='Data Sheet 5'!AI171 -> 0.074089341
A20: Automobile | B20: ='Data Sheet 16'!AI64 -> 0.071710855
A21: Gas Distribution | B21: ='Data Sheet 9'!AI48 -> 0.070675567
A22: Auto Ancilliaries | B22: ='Data Sheet 2'!AI103 -> 0.069599541
A23: Crude Oil & Natural Gas | B23: ='Data Sheet 10'!AI38 -> 0.068475578
A24: Agro Chemicals | B24: ='Data Sheet 4'!AI302 -> 0.068354775
A25: Ceramics | B25: ='Data Sheet 16'!AI14 -> 0.063175977
A26: Media-Print/TV/Radio | B26: ='Data Sheet 11'!AI54 -> 0.062742782
A27: Power Infrastrucutre | B27: ='Data Sheet 10'!AI132 -> 0.062166667
A28: Pharmaceuticals | B28: ='Data Sheet 3'!AI161 -> 0.05226472
A29: Chemicals | B29: ='Data Sheet 17'!AI163 -> 0.040370248
A30: Power Generation & Distribution | B30: ='Data Sheet 14'!AI37 -> 0.037688056
A31: Petrochemicals | B31: ='Data Sheet'!AI63 -> 0.037214228
A32: Miscellaneous | B32: =MISC.!AI107 -> 0.031816966
A33: Finance | B33: ='Data Sheet 8'!AI405 -> 0.029306369
A34: Plastic Products | B34: ='Data Sheet'!AI211 -> 0.021858992
A35: Diversified | B35: ='Data Sheet 10'!AI15 -> 0.015133126
A36: Cables | B36: ='Data Sheet 5'!AI197 -> 0.014992022
A37: Leather | B37: ='Data Sheet'!AI20 -> 0.014469455
A38: Marine Port & Services | B38: ='Data Sheet 10'!AI128 -> 0.014444444
A39: Logistics | B39: ='Data Sheet 2'!AI176 -> 0.013098787
A40: Plantation & Plantation Products | B40: ='Data Sheet 6'!AI212 -> 0.012851215
A41: Cement | B41: ='Data Sheet 12'!AI176 -> 0.008739554
A42: Stock/Commodity Brokers | B42: ='Data Sheet 11'!AI31 -> 0.0083340973
A43: Entertainment | B43: ='Data Sheet 15'!AI129 -> 0.0076098168
A44: Oil Drill/Allied | B44: ='Data Sheet 10'!AI94 -> 0.0050529879
A45: Electronics | B45: ='Data Sheet 10'!AI52 -> 0.0033536049
A46: Textiles | B46: ='Data Sheet 4'!AI279 -> 0.0030140377
A47: Non Ferrous Metals | B47: ='Data Sheet 8'!AI439 -> 0.0024916478
A48: Telecomm Equipment & Infra | B48: ='Data Sheet 2'!AI195 -> -0.00091856479
A49: Cement Products | B49: ='Data Sheet 9'!AI26 -> -0.0025212949
A50: Castings, Forgings & Fastners | B50: ='Data Sheet 5'!AI241 -> -0.0034327753
A51: Infrastructure Developers & Operators | B51: ='Data Sheet 11'!AI165 -> -0.0050293675
A52: Glass & Glass Products | B52: ='Data Sheet 10'!AI29 -> -0.0076193057
A53: Packaging | B53: ='Data Sheet 11'!AI222 -> -0.0098886362
A54: Healthcare | B54: ='Data Sheet 12'!AI140 -> -0.011150899
A55: Alcoholic Beverages | B55: ='Data Sheet'!AI86 -> -0.012020772
A56: Refineries | B56: ='Data Sheet 16'!AI23 -> -0.012856353
A57: Education | B57: ='Data Sheet 9'!AI13 -> -0.012876809
A58: Dry Cells | B58: ='Data Sheet 10'!AI108 -> -0.013677342
A59: Fertilizers | B59: ='Data Sheet 11'!AI82 -> -0.014824488
A60: Consumer Durables | B60: ='Data Sheet'!AI137 -> -0.021915949
A61: Insurance | B61: ='Data Sheet 16'!AI32 -> -0.022949462
A62: Sugar | B62: ='Data Sheet 14'!AI74 -> -0.025577297
A63: Printing & Stationery | B63: ='Data Sheet 10'!AI69 -> -0.025756391
A64: Sanitaryware | B64: ='Data Sheet 10'!AI144 -> -0.032
A65: Paper | B65: ='Data Sheet 17'!AI214 -> -0.033385439
A66: Trading | B66: ='Data Sheet 7'!AI234 -> -0.037033833
A67: Telecomm Services | B67: ='Data Sheet 16'!AI46 -> -0.038753667
A68: Steel | B68: ='Data Sheet 6'!AI127 -> -0.040973219
A69: Banks | B69: ='Data Sheet 2'!AI140 -> -0.042064982
A70: Telecom-Handset/Mobile | B70: ='Data Sheet 10'!AI124 -> -0.042228966
A71: Realty | B71: ='Data Sheet 12'!AI106 -> -0.050177453
A72: Construction | B72: ='Data Sheet 14'!AI168 -> -0.050488277
A73: Hotels & Restuarants | B73: ='Data Sheet 15'!AI57 -> -0.056325412
A74: Edible Oils | B74: ='Data Sheet 3'!AI192 -> -0.061144289
A75: Real Estate Investment Trust | B75: ='Data Sheet 10'!AI140 -> -0.066666667
A76: Computer Education | B76: ='Data Sheet 9'!AI38 -> -0.073620636
A77: IT Hardware | B77: ='Data Sheet 11'!AI15 -> -0.079025186
A78: Infrastructure Investment Trust | B78: ='Data Sheet 10'!AI119 -> -0.081764117
A79: Shipping | B79: ='Data Sheet 9'!AI59 -> -0.086390452
A80: Retail | B80: ='Data Sheet 16'!AI85 -> -0.15369895

Sheet Sector Wise Analysis
A1: Industry/Company | B1: Weighted Average
A3: Leather | B3: Weighted Average
A4: Relaxo Footwear | B4: =VLOOKUP('Sector Wise Analysis'!A4,'Data Sheet'!A:AL,35,0) -> 0.024835906
A5: Mirza International Ltd. | B5: =VLOOKUP('Sector Wise Analysis'!A5,'Data Sheet'!A:AL,35,0) -> 0.0097703903
A6: Khadim India Ltd. | B6: =VLOOKUP('Sector Wise Analysis'!A6,'Data Sheet'!A:AL,35,0) -> 0.0032617213
A7: Superhouse Ltd. | B7: =VLOOKUP('Sector Wise Analysis'!A7,'Data Sheet'!A:AL,35,0) -> 0.00069394514
A8: Oscar Global Ltd. | B8: =VLOOKUP('Sector Wise Analysis'!A8,'Data Sheet'!A:AL,35,0) -> -2.4936341e-05
A9: Amin Tannery Ltd. | B9: =VLOOKUP('Sector Wise Analysis'!A9,'Data Sheet'!A:AL,35,0) -> -0.000115252
A10: S R Industries Ltd. | B10: =VLOOKUP('Sector Wise Analysis'!A10,'Data Sheet'!A:AL,35,0) -> -0.0001932931
A11: Mayur Leather Products Ltd. | B11: =VLOOKUP('Sector Wise Analysis'!A11,'Data Sheet'!A:AL,35,0) -> -0.00020860885
A12: Lehar Footwears Ltd. | B12: =VLOOKUP('Sector Wise Analysis'!A12,'Data Sheet'!A:AL,35,0) -> -0.00049971364
A13: Sarup Industries Ltd. | B13: =VLOOKUP('Sector Wise Analysis'!A13,'Data Sheet'!A:AL,35,0) -> -0.00050951465
A14: Super Tannery Ltd. | B14: =VLOOKUP('Sector Wise Analysis'!A14,'Data Sheet'!A:AL,35,0) -> -0.00055551192
A15: Liberty Shoes Ltd. | B15: =VLOOKUP('Sector Wise Analysis'!A15,'Data Sheet'!A:AL,35,0) -> -0.0015262204
... A19: Bata India Ltd. | B19: =VLOOKUP('Sector Wise Analysis'!A19,'Data Sheet'!A:AL,35,0) -> -0.00985683
A21: Air Transport Service | B21: Weighted Average
A22: Interglobe Aviation Ltd. | B22: =VLOOKUP('Sector Wise Analysis'!A22,'Data Sheet'!A:AL,35,0) -> 0.17379619
A23: SpiceJet Ltd. | B23: =VLOOKUP('Sector Wise Analysis'!A23,'Data Sheet'!A:AL,35,0) -> 0.0143494
A24: TAAL Enterprises Ltd. | B24: =VLOOKUP('Sector Wise Analysis'!A24,'Data Sheet'!A:AL,35,0) -> 0.00045693297
A25: MFL India Ltd. | B25: =VLOOKUP('Sector Wise Analysis'!A25,'Data Sheet'!A:AL,35,0) -> -1.886797e-05
A26: Global Vectra Helicorp Ltd. | B26: =VLOOKUP('Sector Wise Analysis'!A26,'Data Sheet'!A:AL,35,0) -> -0.0017836
A27: Jet Airways (India) Ltd. | B27: =VLOOKUP('Sector Wise Analysis'!A27,'Data Sheet'!A:AL,35,0) -> -0.011382502
A36: Tyres | B36: Weighted Average
A37: MRF Ltd. | B37: =VLOOKUP('Sector Wise Analysis'!A37,'Data Sheet'!A:AL,35,0) -> 0.031006555
A38: Apollo Tyres Ltd. | B38: =VLOOKUP('Sector Wise Analysis'!A38,'Data Sheet'!A:AL,35,0) -> 0.021426368
A39: Balkrishna Industries Ltd. | B39: =VLOOKUP('Sector Wise Analysis'!A39,'Data Sheet'!A:AL,35,0) -> 0.0086592317
A40: CEAT Ltd. | B40: =VLOOKUP('Sector Wise Analysis'!A40,'Data Sheet'!A:AL,35,0) -> 0.0060892638
A41: Goodyear India Ltd. | B41: =VLOOKUP('Sector Wise Analysis'!A41,'Data Sheet'!A:AL,35,0) -> 0.0033745457
A42: TVS Srichakra Ltd. | B42: =VLOOKUP('Sector Wise Analysis'!A42,'Data Sheet'!A:AL,35,0) -> 0.0031214661
A43: JK Tyres & Industries Ltd. | B43: =VLOOKUP('Sector Wise Analysis'!A43,'Data Sheet'!A:AL,35,0) -> 0.0015522386
A44: Dolfin Rubbers Ltd. | B44: =VLOOKUP('Sector Wise Analysis'!A44,'Data Sheet'!A:AL,35,0) -> 2.6604776e-05
A45: Govind Rubber Ltd. | B45: =VLOOKUP('Sector Wise Analysis'!A45,'Data Sheet'!A:AL,35,0) -> -2.035957e-06
A46: Innovative Tyres & Tubes Ltd. | B46: =VLOOKUP('Sector Wise Analysis'!A46,'Data Sheet'!A:AL,35,0) -> -8.2628218e-06
A47: Krypton Industries Ltd. | B47: =VLOOKUP('Sector Wise Analysis'!A47,'Data Sheet'!A:AL,35,0) -> -5.7400552e-05
A48: Modi Rubber Ltd. | B48: =VLOOKUP('Sector Wise Analysis'!A48,'Data Sheet'!A:AL,35,0) -> -0.0010203968
A52: Petrochemicals | B52: Weighted Average
A53: Hindustan Fluoro Carbons Ltd. | B53: =VLOOKUP('Sector Wise Analysis'!A53,'Data Sheet'!A:AL,35,0) -> 0.019272076
A54: Supreme Petrochem Ltd. | B54: =VLOOKUP('Sector Wise Analysis'!A54,'Data Sheet'!A:AL,35,0) -> 0.011563962
A55: Savita Oil Technologies Ltd. | B55: =VLOOKUP('Sector Wise Analysis'!A55,'Data Sheet'!A:AL,35,0) -> 0.0095175476
A56: Manali Petrochemicals Ltd. | B56: =VLOOKUP('Sector Wise Analysis'!A56,'Data Sheet'!A:AL,35,0) -> 0.0068429126
A57: Panama Petrochem Ltd. | B57: =VLOOKUP('Sector Wise Analysis'!A57,'Data Sheet'!A:AL,35,0) -> 0.0060111797
A58: Bhansali Engineering Polymers Ltd. | B58: =VLOOKUP('Sector Wise Analysis'!A58,'Data Sheet'!A:AL,35,0) -> 0.0023246871
A59: INEOS Styrolution India Ltd. | B59: =VLOOKUP('Sector Wise Analysis'!A59,'Data Sheet'!A:AL,35,0) -> 0.0023090569
A60: Rama Petrochemicals Ltd. | B60: =VLOOKUP('Sector Wise Analysis'!A60,'Data Sheet'!A:AL,35,0) -> 0.0013541223
A61: Diamines & Chemicals Ltd. | B61: =VLOOKUP('Sector Wise Analysis'!A61,'Data Sheet'!A:AL,35,0) -> 0.00056508406
A62: Agarwal Industrial Corporation Ltd. | B62: =VLOOKUP('Sector Wise Analysis'!A62,'Data Sheet'!A:AL,35,0) -> 0.00035972754
A63: Kothari Petrochemicals Ltd. | B63: =VLOOKUP('Sector Wise Analysis'!A63,'Data Sheet'!A:AL,35,0) -> 0.00027113396
A64: Polychem Ltd. | B64: =VLOOKUP('Sector Wise Analysis'!A64,'Data Sheet'!A:AL,35,0) -> -0.00024700492
... A68: SVC Industries Ltd. | B68: =VLOOKUP('Sector Wise Analysis'!A68,'Data Sheet'!A:AL,35,0) -> -0.0073603753
A70: Alcoholic Beverages | B70: Weighted Average
A71: United Breweries Ltd. | B71: =VLOOKUP('Sector Wise Analysis'!A71,'Data Sheet'!A:AL,35,0) -> 0.0083292768
A72: G M Breweries Ltd. | B72: =VLOOKUP('Sector Wise Analysis'!A72,'Data Sheet'!A:AL,35,0) -> 0.0046899646
A73: Som Distilleries & Breweries Ltd. | B73: =VLOOKUP('Sector Wise Analysis'!A73,'Data Sheet'!A:AL,35,0) -> 0.0024100065
A74: IFB Agro Industries Ltd. | B74: =VLOOKUP('Sector Wise Analysis'!A74,'Data Sheet'!A:AL,35,0) -> 0.0014174898
A75: Mount Shivalik Industries Ltd. | B75: =VLOOKUP('Sector Wise Analysis'!A75,'Data Sheet'!A:AL,35,0) -> 0.00066780764
A76: Associated Alcohols & Breweries Ltd. | B76: =VLOOKUP('Sector Wise Analysis'!A76,'Data Sheet'!A:AL,35,0) -> 0.0004985847
A77: Piccadily Agro Industries Ltd. | B77: =VLOOKUP('Sector Wise Analysis'!A77,'Data Sheet'!A:AL,35,0) -> 0.00042952718
A78: Globus Spirits Ltd. | B78: =VLOOKUP('Sector Wise Analysis'!A78,'Data Sheet'!A:AL,35,0) -> 5.9259659e-05
A79: Pioneer Distilleries Ltd. | B79: =VLOOKUP('Sector Wise Analysis'!A79,'Data Sheet'!A:AL,35,0) -> 2.5523517e-05
A80: Piccadily Sugar & Allied Inds Ltd. | B80: =VLOOKUP('Sector Wise Analysis'!A80,'Data Sheet'!A:AL,35,0) -> -6.2127964e-06
A81: Silver Oak (India) Ltd. | B81: =VLOOKUP('Sector Wise Analysis'!A81,'Data Sheet'!A:AL,35,0) -> -0.0002327389
A82: Winsome Breweries Ltd. | B82: =VLOOKUP('Sector Wise Analysis'!A82,'Data Sheet'!A:AL,35,0) -> -0.0002602479
... A90: United Spirits Ltd. | B90: =VLOOKUP('Sector Wise Analysis'!A90,'Data Sheet'!A:AL,35,0) -> -0.018601681
A92: Consumer Durables | B92: Weighted Average
A93: Bharat Electronics Ltd. | B93: =VLOOKUP('Sector Wise Analysis'!A93,'Data Sheet'!A:AL,35,0) -> 0.011509474
A94: Whirlpool of India Ltd. | B94: =VLOOKUP('Sector Wise Analysis'!A94,'Data Sheet'!A:AL,35,0) -> 0.0082094357
A95: TTK Prestige Ltd. | B95: =VLOOKUP('Sector Wise Analysis'!A95,'Data Sheet'!A:AL,35,0) -> 0.0043192252
A96: Symphony Ltd. | B96: =VLOOKUP('Sector Wise Analysis'!A96,'Data Sheet'!A:AL,35,0) -> 0.0042886707
A97: Honeywell Automation India Ltd. | B97: =VLOOKUP('Sector Wise Analysis'!A97,'Data Sheet'!A:AL,35,0) -> 0.0030168743
A98: Bajaj Electricals Ltd. | B98: =VLOOKUP('Sector Wise Analysis'!A98,'Data Sheet'!A:AL,35,0) -> 0.0027169666
A99: Hawkins Cooker Ltd | B99: =VLOOKUP('Sector Wise Analysis'!A99,'Data Sheet'!A:AL,35,0) -> 0.0014398053
A100: Blue Star Ltd. | B100: =VLOOKUP('Sector Wise Analysis'!A100,'Data Sheet'!A:AL,35,0) -> 0.0014183434
A101: Orient Electric Ltd | B101: =VLOOKUP('Sector Wise Analysis'!A101,'Data Sheet'!A:AL,35,0) -> 0.00094415663
A102: Dixon Technologies (India) Ltd. | B102: =VLOOKUP('Sector Wise Analysis'!A102,'Data Sheet'!A:AL,35,0) -> 0.00088949222
A103: Euro Multivision Ltd | B103: =VLOOKUP('Sector Wise Analysis'!A103,'Data Sheet'!A:AL,35,0) -> 0.00072692341
A104: IFB Industries Ltd | B104: =VLOOKUP('Sector Wise Analysis'!A104,'Data Sheet'!A:AL,35,0) -> 0.00059512475
... A140: Videocon Industries Ltd | B140: =VLOOKUP('Sector Wise Analysis'!A140,'Data Sheet'!A:AL,35,0) -> -0.059840434
A142: Plastic Products | B142: Weighted Average
A143: Supreme Industries Ltd | B143: =VLOOKUP('Sector Wise Analysis'!A143,'Data Sheet'!A:AL,35,0) -> 0.014304488
A144: Astral Poly Technik Ltd | B144: =VLOOKUP('Sector Wise Analysis'!A144,'Data Sheet'!A:AL,35,0) -> 0.0055020396
A145: Mayur Uniquoters Ltd | B145: =VLOOKUP('Sector Wise Analysis'!A145,'Data Sheet'!A:AL,35,0) -> 0.0052641351
A146: V I P Industries Ltd | B146: =VLOOKUP('Sector Wise Analysis'!A146,'Data Sheet'!A:AL,35,0) -> 0.0042086881
A147: Finolex Industries Ltd | B147: =VLOOKUP('Sector Wise Analysis'!A147,'Data Sheet'!A:AL,35,0) -> 0.003279049
A148: Wim Plast Ltd | B148: =VLOOKUP('Sector Wise Analysis'!A148,'Data Sheet'!A:AL,35,0) -> 0.0016628698
A149: Nilkamal Ltd | B149: =VLOOKUP('Sector Wise Analysis'!A149,'Data Sheet'!A:AL,35,0) -> 0.0015181507
A150: Prince Pipes & Fittings Ltd | B150: =VLOOKUP('Sector Wise Analysis'!A150,'Data Sheet'!A:AL,35,0) -> 0.0014055654
A151: Time Technoplast Ltd | B151: =VLOOKUP('Sector Wise Analysis'!A151,'Data Sheet'!A:AL,35,0) -> 0.0013138296
A152: Apollo Pipes Ltd | B152: =VLOOKUP('Sector Wise Analysis'!A152,'Data Sheet'!A:AL,35,0) -> 0.00078789335
A153: Mold-Tek Packaging Ltd | B153: =VLOOKUP('Sector Wise Analysis'!A153,'Data Sheet'!A:AL,35,0) -> 0.00069361828
A154: Vikas Ecotech Ltd | B154: =VLOOKUP('Sector Wise Analysis'!A154,'Data Sheet'!A:AL,35,0) -> 0.00062157735
... A213: Sintex Plastics Technology Ltd | B213: =VLOOKUP('Sector Wise Analysis'!A213,'Data Sheet'!A:AL,35,0) -> -0.00993164
A215: Auto Ancilliaries | B215: Weighted Average
A216: Motherson Sumi Systems Ltd | B216: =VLOOKUP('Sector Wise Analysis'!A216,'Data Sheet 2'!A:AL,35,0) -> 0.019678826
A217: Bosch Ltd | B217: =VLOOKUP('Sector Wise Analysis'!A217,'Data Sheet 2'!A:AL,35,0) -> 0.010442051
A218: Exide Industries Ltd | B218: =VLOOKUP('Sector Wise Analysis'!A218,'Data Sheet 2'!A:AL,35,0) -> 0.0098216261
A219: Amara Raja Batteries Ltd | B219: =VLOOKUP('Sector Wise Analysis'!A219,'Data Sheet 2'!A:AL,35,0) -> 0.0073733215
A220: Sundaram Clayton Ltd | B220: =VLOOKUP('Sector Wise Analysis'!A220,'Data Sheet 2'!A:AL,35,0) -> 0.0041473858
A221: WABCO India Ltd | B221: =VLOOKUP('Sector Wise Analysis'!A221,'Data Sheet 2'!A:AL,35,0) -> 0.0033969161
A222: Endurance Technologies Ltd | B222: =VLOOKUP('Sector Wise Analysis'!A222,'Data Sheet 2'!A:AL,35,0) -> 0.0026191299
A223: Suprajit Engineering Ltd | B223: =VLOOKUP('Sector Wise Analysis'!A223,'Data Sheet 2'!A:AL,35,0) -> 0.0015539981
...

Sheet Data Sheet
A1: Industry/Companies | B1: 2010 | E1: 2011 | H1: 2012 | K1: 2013 | N1: 2014 | Q1: 2015 | T1: 2016 | W1: 2017 | Z1: 2018 | AC1: 2019 | AF1: Average | AG1: Total Capital | AH1: Weight | AI1: Weighted Average | AJ1: Total Assets | AK1: Debt-to-Equity Ratio | AL1: 10-Year Returns | AM1: Median
B2: RoCE | C2: CoC | D2: RoCE - CoC | E2: RoCE | F2: CoC | G2: RoCE - CoC | H2: RoCE | I2: CoC | J2: RoCE - CoC | K2: RoCE | L2: CoC | M2: RoCE - CoC | N2: RoCE | O2: CoC | P2: RoCE - CoC | Q2: RoCE | R2: CoC | S2: RoCE - CoC | T2: RoCE | U2: CoC | V2: RoCE - CoC | W2: RoCE | X2: CoC | Y2: RoCE - CoC | Z2: RoCE | AA2: CoC | AB2: RoCE - CoC | AC2: RoCE | AD2: CoC | AE2: RoCE - CoC
A3: Leather
A4: Bata India Ltd. | B4: 0.08 | C4: 0.1305 | D4: =B4-C4 -> -0.0505 | E4: 0.07 | F4: 0.1305 | G4: =E4-F4 -> -0.0605 | H4: 0.11 | I4: 0.1305 | J4: =H4-I4 -> -0.0205 | K4: 0.11 | L4: 0.1305 | M4: =K4-L4 -> -0.0205 | N4: 0.12 | O4: 0.1305 | P4: =N4-O4 -> -0.0105 | Q4: 0.1 | R4: 0.1305 | S4: =Q4-R4 -> -0.0305 | T4: 0.1 | U4: 0.1305 | V4: =T4-U4 -> -0.0305 | W4: 0.08 | X4: 0.1305 | Y4: =W4-X4 -> -0.0505 | Z4: 0.08 | AA4: 0.1305 | AB4: =Z4-AA4 -> -0.0505 | AC4: 0.09 | AD4: 0.1305 | AE4: =AC4-AD4 -> -0.0405 | AF4: =AVERAGE(D4,G4,J4,M4,P4,S4,V4,Y4,AB4,AE4) -> -0.0365 | AG4: 2107.69 | AH4: =AG4/$AG$20 -> 0.27005014 | AI4: =AF4*AH4 -> -0.00985683 | AJ4: 3732.46 | AK4: 0.11 | AL4: 26.28
A5: Relaxo Footwear | B5: 0.36 | C5: 0.1305 | D5: =B5-C5 -> 0.2295 | E5: 0.18 | F5: 0.1305 | G5: =E5-F5 -> 0.0495 | H5: 0.22 | I5: 0.1305 | J5: =H5-I5 -> 0.0895 | K5: 0.22 | L5: 0.1305 | M5: =K5-L5 -> 0.0895 | N5: 0.26 | O5: 0.1305 | P5: =N5-O5 -> 0.1295 | Q5: 0.3 | R5: 0.1305 | S5: =Q5-R5 -> 0.1695 | T5: 0.3 | U5: 0.1305 | V5: =T5-U5 -> 0.1695 | W5: 0.26 | X5: 0.1305 | Y5: =W5-X5 -> 0.1295 | Z5: 0.3 | AA5: 0.1305 | AB5: =Z5-AA5 -> 0.1695 | AC5: 0.26 | AD5: 0.1305 | AE5: =AC5-AD5 -> 0.1295 | AF5: =AVERAGE(D5,G5,J5,M5,P5,S5,V5,Y5,AB5,AE5) -> 0.1355 | AG5: 1430.55 | AH5: =AG5/$AG$20 -> 0.18329082 | AI5: =AF5*AH5 -> 0.024835906 | AJ5: 1804.68 | AK5: 0.19 | AL5: 46.81
A6: Mirza International Ltd. | B6: 0.18 | C6: 0.1305 | D6: =B6-C6 -> 0.0495 | E6: 0.26 | F6: 0.1305 | G6: =E6-F6 -> 0.1295 | H6: 0.21 | I6: 0.1305 | J6: =H6-I6 -> 0.0795 | K6: 0.24 | L6: 0.1305 | M6: =K6-L6 -> 0.1095 | N6: 0.23 | O6: 0.1305 | P6: =N6-O6 -> 0.0995 | Q6: 0.23 | R6: 0.1305 | S6: =Q6-R6 -> 0.0995 | T6: 0.25 | U6: 0.1305 | V6: =T6-U6 -> 0.1195 | W6: 0.2 | X6: 0.1305 | Y6: =W6-X6 -> 0.0695 | Z6: 0.19 | AA6: 0.1305 | AB6: =Z6-AA6 -> 0.0595 | AC6: 0.12 | AD6: 0.1305 | AE6: =AC6-AD6 -> -0.0105 | AF6: =AVERAGE(D6,G6,J6,M6,P6,S6,V6,Y6,AB6,AE6) -> 0.0805 | AG6: 947.28 | AH6: =AG6/$AG$20 -> 0.12137131 | AI6: =AF6*AH6 -> 0.0097703903 | AJ6: 1291.29 | AK6: 0.54 | AL6: 10.32
A7: Sreeleathers Ltd. | B7: 0.02 | C7: 0.1305 | D7: =B7-C7 -> -0.1105 | E7: 0.03 | F7: 0.1305 | G7: =E7-F7 -> -0.1005 | H7: 0.04 | I7: 0.1305 | J7: =H7-I7 -> -0.0905 | K7: 0.06 | L7: 0.1305 | M7: =K7-L7 -> -0.0705 | N7: 0.06 | O7: 0.1305 | P7: =N7-O7 -> -0.0705 | Q7: 0.06 | R7: 0.1305 | S7: =Q7-R7 -> -0.0705 | T7: 0.08 | U7: 0.1305 | V7: =T7-U7 -> -0.0505 | W7: 0.09 | X7: 0.1305 | Y7: =W7-X7 -> -0.0405 | Z7: 0.13 | AA7: 0.1305 | AB7: =Z7-AA7 -> -0.0005 | AC7: 0.14 | AD7: 0.1305 | AE7: =AC7-AD7 -> 0.0095 | AF7: =AVERAGE(D7,G7,J7,M7,P7,S7,V7,Y7,AB7,AE7) -> -0.0595 | AG7: 310.73 | AH7: =AG7/$AG$20 -> 0.039812628 | AI7: =AF7*AH7 -> -0.0023688514 | AJ7: 342.31 | AK7: 0 | AL7: NA
A8: Liberty Shoes Ltd. | B8: 0.07 | C8: 0.1305 | D8: =B8-C8 -> -0.0605 | E8: 0.07 | F8: 0.1305 | G8: =E8-F8 -> -0.0605 | H8: 0.09 | I8: 0.1305 | J8: =H8-I8 -> -0.0405 | K8: 0.08 | L8: 0.1305 | M8: =K8-L8 -> -0.0505 | N8: 0.12 | O8: 0.1305 | P8: =N8-O8 -> -0.0105 | Q8: 0.12 | R8: 0.1305 | S8: =Q8-R8 -> -0.0105 | T8: 0.1 | U8: 0.1305 | V8: =T8-U8 -> -0.0305 | W8: 0.09 | X8: 0.1305 | Y8: =W8-X8 -> -0.0405 | Z8: NA | AA8: 0.1305 | AB8: NA | AC8: NA | AD8: 0.1305 | AE8: NA | AF8: =AVERAGE(D8,G8,J8,M8,P8,S8,V8,Y8,AB8,AE8) -> -0.038 | AG8: 313.47 | AH8: =AG8/$AG$20 -> 0.040163694 | AI8: =AF8*AH8 -> -0.0015262204 | AJ8: 478.29 | AK8: 0.71 | AL8: 1.19
A9: Khadim India Ltd. | B9: NA | C9: 0.1305 | D9: NA | E9: NA | F9: 0.1305 | G9: NA | H9: NA | I9: 0.1305 | J9: NA | K9: NA | L9: 0.1305 | M9: NA | N9: NA | O9: 0.1305 | P9: NA | Q9: NA | R9: 0.1305 | S9: NA | T9: 0.15 | U9: 0.1305 | V9: =T9-U9 -> 0.0195 | W9: 0.2 | X9: 0.1305 | Y9: =W9-X9 -> 0.0695 | Z9: 0.22 | AA9: 0.1305 | AB9: =Z9-AA9 -> 0.0895 | AC9: 0.13 | AD9: 0.1305 | AE9: =AC9-AD9 -> -0.0005 | AF9: =AVERAGE(D9,G9,J9,M9,P9,S9,V9,Y9,AB9,AE9) -> 0.0445 | AG9: 572.07 | AH9: =AG9/$AG$20 -> 0.073297108 | AI9: =AF9*AH9 -> 0.0032617213 | AJ9: 824.22 | AK9: 1.15 | AL9: NA
A10: Bhartiya International Ltd. | B10: 0.08 | C10: 0.1305 | D10: =B10-C10 -> -0.0505 | E10: 0.07 | F10: 0.1305 | G10: =E10-F10 -> -0.0605 | H10: 0.11 | I10: 0.1305 | J10: =H10-I10 -> -0.0205 | K10: 0.11 | L10: 0.1305 | M10: =K10-L10 -> -0.0205 | N10: 0.12 | O10: 0.1305 | P10: =N10-O10 -> -0.0105 | Q10: 0.1 | R10: 0.1305 | S10: =Q10-R10 -> -0.0305 | T10: 0.1 | U10: 0.1305 | V10: =T10-U10 -> -0.0305 | W10: 0.08 | X10: 0.1305 | Y10: =W10-X10 -> -0.0505 | Z10: 0.08 | AA10: 0.1305 | AB10: =Z10-AA10 -> -0.0505 | AC10: 0.09 | AD10: 0.1305 | AE10: =AC10-AD10 -> -0.0405 | AF10: =AVERAGE(D10,G10,J10,M10,P10,S10,V10,Y10,AB10,AE10) -> -0.0365 | AG10: 825.98 | AH10: =AG10/$AG$20 -> 0.10582961 | AI10: =AF10*AH10 -> -0.0038627808 | AJ10: 993.62 | AK10: 1.02 | AL10: 3
A11: Superhouse Ltd. | B11: 0.14 | C11: 0.1305 | D11: =B11-C11 -> 0.0095 | E11: 0.16 | F11: 0.1305 | G11: =E11-F11 -> 0.0295 | H11: 0.17 | I11: 0.1305 | J11: =H11-I11 -> 0.0395 | K11: 0.16 | L11: 0.1305 | M11: =K11-L11 -> 0.0295 | N11: 0.21 | O11: 0.1305 | P11: =N11-O11 -> 0.0795 | Q11: 0.18 | R11: 0.1305 | S11: =Q11-R11 -> 0.0495 | T11: 0.14 | U11: 0.1305 | V11: =T11-U11 -> 0.0095 | W11: 0.08 | X11: 0.1305 | Y11: =W11-X11 -> -0.0505 | Z11: 0.07 | AA11: 0.1305 | AB11: =Z11-AA11 -> -0.0605 | AC11: 0.1 | AD11: 0.1305 | AE11: =AC11-AD11 -> -0.0305 | AF11: =AVERAGE(D11,G11,J11,M11,P11,S11,V11,Y11,AB11,AE11) -> 0.0105 | AG11: 515.82 | AH11: =AG11/$AG$20 -> 0.066090014 | AI11: =AF11*AH11 -> 0.00069394514 | AJ11: 724.08 | AK11: 0.52 | AL11: 1.84
A12: Lehar Footwears Ltd. | B12: 0.05 | C12: 0.1305 | D12: =B12-C12 -> -0.0805 | E12: 0.1 | F12: 0.1305 | G12: =E12-F12 -> -0.0305 | H12: 0.09 | I12: 0.1305 | J12: =H12-I12 -> -0.0405 | K12: 0.1 | L12: 0.1305 | M12: =K12-L12 -> -0.0305 | N12: 0.1 | O12: 0.1305 | P12: =N12-O12 -> -0.0305 | Q12: 0.1 | R12: 0.1305 | S12: =Q12-R12 -> -0.0305 | T12: 0.12 | U12: 0.1305 | V12: =T12-U12 -> -0.0105 | W12: 0.07 | X12: 0.1305 | Y12: =W12-X12 -> -0.0605 | Z12: 0.07 | AA12: 0.1305 | AB12: =Z12-AA12 -> -0.0605 | AC12: 0.09 | AD12: 0.1305 | AE12: =AC12-AD12 -> -0.0405 | AF12: =AVERAGE(D12,G12,J12,M12,P12,S12,V12,Y12,AB12,AE12) -> -0.0415 | AG12: 93.98 | AH12: =AG12/$AG$20 -> 0.012041292 | AI12: =AF12*AH12 -> -0.00049971364 | AJ12: 141.94 | AK12: 0.6 | AL12: 9.58
A13: Super Tannery Ltd. | B13: 0.1 | C13: 0.1305 | D13: =B13-C13 -> -0.0305 | E13: 0.11 | F13: 0.1305 | G13: =E13-F13 -> -0.0205 | H13: 0.14 | I13: 0.1305 | J13: =H13-I13 -> 0.0095 | K13: 0.12 | L13: 0.1305 | M13: =K13-L13 -> -0.0105 | N13: 0.15 | O13: 0.1305 | P13: =N13-O13 -> 0.0195 | Q13: 0.12 | R13: 0.1305 | S13: =Q13-R13 -> -0.0105 | T13: 0.09 | U13: 0.1305 | V13: =T13-U13 -> -0.0405 | W13: 0.07 | X13: 0.1305 | Y13: =W13-X13 -> -0.0605 | Z13: 0.07 | AA13: 0.1305 | AB13: =Z13-AA13 -> -0.0605 | AC13: 0.07 | AD13: 0.1305 | AE13: =AC13-AD13 -> -0.0605 | AF13: =AVERAGE(D13,G13,J13,M13,P13,S13,V13,Y13,AB13,AE13) -> -0.0265 | AG13: 163.61 | AH13: =AG13/$AG$20 -> 0.020962714 | AI13: =AF13*AH13 -> -0.00055551192 | AJ13: 234.74 | AK13: 1.15 | AL13: -0.76
A14: Phoenix International Ltd. | B14: NA | C14: 0.1305 | D14: NA | E14: NA | F14: 0.1305 | G14: NA | H14: NA | I14: 0.1305 | J14: NA | K14: NA | L14: 0.1305 | M14: NA | N14: 0.0646 | O14: 0.1305 | P14: =N14-O14 -> -0.0659 | Q14: 0.0593 | R14: 0.1305 | S14: =Q14-R14 -> -0.0712 | T14: 0.065 | U14: 0.1305 | V14: =T14-U14 -> -0.0655 | W14: 0.034 | X14: 0.1305 | Y14: =W14-X14 -> -0.0965 | Z14: 0.0282 | AA14: 0.1305 | AB14: =Z14-AA14 -> -0.1023 | AC14: 0.033 | AD14: 0.1305 | AE14: =AC14-AD14 -> -0.0975 | AF14: =AVERAGE(D14,G14,J14,M14,P14,S14,V14,Y14,AB14,AE14) -> -0.08315 | AG14: 410.28 | AH14: =AG14/$AG$20 -> 0.052567583 | AI14: =AF14*AH14 -> -0.0043709946 | AJ14: 455.67 | AK14: 0.24 | AL14: -7.12
A15: Amin Tannery Ltd. | B15: NA | C15: 0.1305 | D15: NA | E15: NA | F15: 0.1305 | G15: NA | H15: NA | I15: 0.1305 | J15: NA | K15: NA | L15: 0.1305 | M15: NA | N15: NA | O15: 0.1305 | P15: NA | Q15: NA | R15: 0.1305 | S15: NA | T15: NA | U15: 0.1305 | V15: NA | W15: NA | X15: 0.1305 | Y15: NA | Z15: 0.1469 | AA15: 0.1305 | AB15: =Z15-AA15 -> 0.0164 | AC15: 0.0661 | AD15: 0.1305 | AE15: =AC15-AD15 -> -0.0644 | AF15: =AVERAGE(D15,G15,J15,M15,P15,S15,V15,Y15,AB15,AE15) -> -0.024 | AG15: 37.48 | AH15: =AG15/$AG$20 -> 0.0048021669 | AI15: =AF15*AH15 -> -0.000115252 | AJ15: 51.85 | AK15: 2.3 | AL15: NA
A16: Sarup Industries Ltd. | B16: 0.0572 | C16: 0.1305 | D16: =B16-C16 -> -0.0733 | E16: 0.1156 | F16: 0.1305 | G16: =E16-F16 -> -0.0149 | H16: 0.121 | I16: 0.1305 | J16: =H16-I16 -> -0.0095 | K16: 0.0764 | L16: 0.1305 | M16: =K16-L16 -> -0.0541 | N16: 0.0887 | O16: 0.1305 | P16: =N16-O16 -> -0.0418 | Q16: 0.1131 | R16: 0.1305 | S16: =Q16-R16 -> -0.0174 | T16: -0.0085 | U16: 0.1305 | V16: =T16-U16 -> -0.139 | W16: 0.0473 | X16: 0.1305 | Y16: =W16-X16 -> -0.0832 | Z16: -0.0195 | AA16: 0.1305 | AB16: =Z16-AA16 -> -0.15 | AC16: -0.1333 | AD16: 0.1305 | AE16: =AC16-AD16 -> -0.2638 | AF16: =AVERAGE(D16,G16,J16,M16,P16,S16,V16,Y16,AB16,AE16) -> -0.0847 | AG16: 46.95 | AH16: =AG16/$AG$20 -> 0.0060155212 | AI16: =AF16*AH16 -> -0.00050951465 | AJ16: 74.37 | AK16: 5.16 | AL16: -3.86
A17: Oscar Global Ltd. | B17: 0.1903 | C17: 0.1305 | D17: =B17-C17 -> 0.0598 | E17: 0.1649 | F17: 0.1305 | G17: =E17-F17 -> 0.0344 | H17: 0.1222 | I17: 0.1305 | J17: =H17-I17 -> -0.0083 | K17: 0.1559 | L17: 0.1305 | M17: =K17-L17 -> 0.0254 | N17: 0.5631 | O17: 0.1305 | P17: =N17-O17 -> 0.4326 | Q17: 0.1121 | R17: 0.1305 | S17: =Q17-R17 -> -0.0184 | T17: 0.0468 | U17: 0.1305 | V17: =T17-U17 -> -0.0837 | W17: 0.0195 | X17: 0.1305 | Y17: =W17-X17 -> -0.111 | Z17: 0.0146 | AA17: 0.1305 | AB17: =Z17-AA17 -> -0.1159 | AC17: -0.7062 | AD17: 0.1305 | AE17: =AC17-AD17 -> -0.8367 | AF17: =AVERAGE(D17,G17,J17,M17,P17,S17,V17,Y17,AB17,AE17) -> -0.06218 | AG17: 3.13 | AH17: =AG17/$AG$20 -> 0.00040103475 | AI17: =AF17*AH17 -> -2.4936341e-05 | AJ17: 3.31 | AK17: 0 | AL17: 7.9
A18: Mayur Leather Products Ltd. | B18: 0.0523 | C18: 0.1305 | D18: =B18-C18 -> -0.0782 | E18: 0.0237 | F18: 0.1305 | G18: =E18-F18 -> -0.1068 | H18: 0.0358 | I18: 0.1305 | J18: =H18-I18 -> -0.0947 | K18: 0.0894 | L18: 0.1305 | M18: =K18-L18 -> -0.0411 | N18: 0.107 | O18: 0.1305 | P18: =N18-O18 -> -0.0235 | Q18: 0.0557 | R18: 0.1305 | S18: =Q18-R18 -> -0.0748 | T18: 0.0427 | U18: 0.1305 | V18: =T18-U18 -> -0.0878 | W18: -0.0846 | X18: 0.1305 | Y18: =W18-X18 -> -0.2151 | Z18: -0.1061 | AA18: 0.1305 | AB18: =Z18-AA18 -> -0.2366 | AC18: -0.0976 | AD18: 0.1305 | AE18: =AC18-AD18 -> -0.2281 | AF18: =AVERAGE(D18,G18,J18,M18,P18,S18,V18,Y18,AB18,AE18) -> -0.11867 | AG18: 13.72 | AH18: =AG18/$AG$20 -> 0.0017578903 | AI18: =AF18*AH18 -> -0.00020860885 | AJ18: 21.3 | AK18: 0.99 | AL18: -21.36
A19: S R Industries Ltd. | B19: 0.0159 | C19: 0.1305 | D19: =B19-C19 -> -0.1146 | E19: -0.0921 | F19: 0.1305 | G19: =E19-F19 -> -0.2226 | H19: -0.1445 | I19: 0.1305 | J19: =H19-I19 -> -0.275 | K19: NA | L19: 0.1305 | M19: NA | N19: 0.1647 | O19: 0.1305 | P19: =N19-O19 -> 0.0342 | Q19: 0.2135 | R19: 0.1305 | S19: =Q19-R19 -> 0.083 | T19: 0.1099 | U19: 0.1305 | V19: =T19-U19 -> -0.0206 | W19: 0.2084 | X19: 0.1305 | Y19: =W19-X19 -> 0.0779 | Z19: 0.0087 | AA19: 0.1305 | AB19: =Z19-AA19 -> -0.1218 | AC19: -0.4349 | AD19: 0.1305 | AE19: =AC19-AD19 -> -0.5654 | AF19: =AVERAGE(D19,G19,J19,M19,P19,S19,V19,Y19,AB19,AE19) -> -0.12498889 | AG19: 12.07 | AH19: =AG19/$AG$20 -> 0.0015464822 | AI19: =AF19*AH19 -> -0.0001932931 | AJ19: 37.39 | AK19: NA | AL19: -25.64
AF20: =AVERAGE(AF4:AF19) -> -0.029074306 | AG20: =SUM(AG4:AG19) -> 7804.81 | AI20: =SUM(AI4:AI19) -> 0.014469455 | AJ20: =SUM(AJ4:AJ19) -> 11211.52 | AM20: =MEDIAN(AF4:AF19) -> -0.03725
A22: Air Transport Service
A23: Interglobe Aviation Ltd. | B23: NA | C23: 0.1305 | D23: NA | E23: 0.49 | F23: 0.1305 | G23: =E23-F23 -> 0.3595 | H23: 0.09 | I23: 0.1305 | J23: =H23-I23 -> -0.0405 | K23: 0.55 | L23: 0.1305 | M23: =K23-L23 -> 0.4195 | N23: 0.17 | O23: 0.1305 | P23: =N23-O23 -> 0.0395 | Q23: 0.47 | R23: 0.1305 | S23: =Q23-R23 -> 0.3395 | T23: 0.61 | U23: 0.1305 | V23: =T23-U23 -> 0.4795 | W23: 0.38 | X23: 0.1305 | Y23: =W23-X23 -> 0.2495 | Z23: 0.4 | AA23: 0.1305 | AB23: =Z23-AA23 -> 0.2695 | AC23: 0 | AD23: 0.1305 | AE23: =AC23-AD23 -> -0.1305 | AF23: =AVERAGE(D23,G23,J23,M23,P23,S23,V23,Y23,AB23,AE23) -> 0.22061111 | AG23: 6848.06 | AH23: =AG23/$AG$29 -> 0.78779436 | AI23: =AF23*AH23 -> 0.17379619 | AJ23: 38580.83 | AK23: 0.1 | AL23: NA
A24: SpiceJet Ltd. | B24: 1.24 | C24: 0.1305 | D24: =B24-C24 -> 1.1095 | E24: 0.51 | F24: 0.1305 | G24: =E24-F24 -> 0.3795 | H24: -0.87 | I24: 0.1305 | J24: =H24-I24 -> -1.0005 | K24: -0.06 | L24: 0.1305 | M24: =K24-L24 -> -0.1905 | N24: -0.78 | O24: 0.1305 | P24: =N24-O24 -> -0.9105 | Q24: -2.24 | R24: 0.1305 | S24: =Q24-R24 -> -2.3705 | T24: 19.52 | U24: 0.1305 | V24: =T24-U24 -> 19.3895 | W24: 1.24 | X24: 0.1305 | Y24: =W24-X24 -> 1.1095 | Z24: 0.72 | AA24: 0.1305 | AB24: =Z24-AA24 -> 0.5895 | AC24: -0.12 | AD24: 0.1305 | AE24: =AC24-AD24 -> -0.2505 | AF24: =AVERAGE(D24,G24,J24,M24,P24,S24,V24,Y24,AB24,AE24) -> 1.7855 | AG24: 69.86 | AH24: =AG24/$AG$29 -> 0.0080366284 | AI24: =AF24*AH24 -> 0.0143494 | AJ24: 12257.64 | AK24: NA | AL24: -2.87
A25: Jet Airways (India) Ltd. | B25: 0.03 | C25: 0.1305 | D25: =B25-C25 -> -0.1005 | E25: 0.06 | F25: 0.1305 | G25: =E25-F25 -> -0.0705 | H25: -0.03 | I25: 0.1305 | J25: =H25-I25 -> -0.1605 | K25: 0.02 | L25: 0.1305 | M25: =K25-L25 -> -0.1105 | N25: -0.21 | O25: 0.1305 | P25: =N25-O25 -> -0.3405 | Q25: -0.04 | R25: 0.1305 | S25: =Q25-R25 -> -0.1705 | T25: 0.25 | U25: 0.1305 | V25: =T25-U25 -> 0.1195 | W25: 0.35 | X25: 0.1305 | Y25: =W25-X25 -> 0.2195 | Z25: 0.04 | AA25: 0.1305 | AB25: =Z25-AA25 -> -0.0905 | AC25: NA | AD25: 0.1305 | AE25: NA | AF25: =AVERAGE(D25,G25,J25,M25,P25,S25,V25,Y25,AB25,AE25) -> -0.078277778 | AG25: 1264.02 | AH25: =AG25/$AG$29 -> 0.14541167 | AI25: =AF25*AH25 -> -0.011382502 | AJ25: 13005.81 | AK25: NA | AL25: -26.8
A26: Global Vectra Helicorp Ltd. | B26: 0.06 | C26: 0.1305 | D26: =B26-C26 -> -0.0705 | E26: 0 | F26: 0.1305 | G26: =E26-F26 -> -0.1305 | H26: 0.05 | I26: 0.1305 | J26: =H26-I26 -> -0.0805 | K26: 0.02 | L26: 0.1305 | M26: =K26-L26 -> -0.1105 | N26: 0.11 | O26: 0.1305 | P26: =N26-O26 -> -0.0205 | Q26: 0.21 | R26: 0.1305 | S26: =Q26-R26 -> 0.0795 | T26: 0.19 | U26: 0.1305 | V26: =T26-U26 -> 0.0595 | W26: 0.15 | X26: 0.1305 | Y26: =W26-X26 -> 0.0195 | Z26: 0.08 | AA26: 0.1305 | AB26: =Z26-AA26 -> -0.0505 | AC26: 0.09 | AD26: 0.1305 | AE26: =AC26-AD26 -> -0.0405 | AF26: =AVERAGE(D26,G26,J26,M26,P26,S26,V26,Y26,AB26,AE26) -> -0.0345 | AG26: 449.4 | AH26: =AG26/$AG$29 -> 0.051698552 | AI26: =AF26*AH26 -> -0.0017836 | AJ26: 872.58 | AK26: 5.11 | AL26: 0.41
A27: TAAL Enterprises Ltd. | B27: NA | C27: 0.1305 | D27: NA | E27: NA | F27: 0.1305 | G27: NA | H27: NA | I27: 0.1305 | J27: NA | K27: NA | L27: 0.1305 | M27: NA | N27: NA | O27: 0.1305 | P27: NA | Q27: NA | R27: 0.1305 | S27: NA | T27: -0.0107 | U27: 0.1305 | V27: =T27-U27 -> -0.1412 | W27: -0.2526 | X27: 0.1305 | Y27: =W27-X27 -> -0.3831 | Z27: 0.1093 | AA27: 0.1305 | AB27: =Z27-AA27 -> -0.0212 | AC27: 0.9397 | AD27: 0.1305 | AE27: =AC27-AD27 -> 0.8092 | AF27: =AVERAGE(D27,G27,J27,M27,P27,S27,V27,Y27,AB27,AE27) -> 0.065925 | AG27: 60.25 | AH27: =AG27/$AG$29 -> 0.0069311031 | AI27: =AF27*AH27 -> 0.00045693297 | AJ27: 101.23 | AK27: 0 | AL27: NA
A28: MFL India Ltd. | B28: -0.3158 | C28: 0.1305 | D28: =B28-C28 -> -0.4463 | E28: 0.1964 | F28: 0.1305 | G28: =E28-F28 -> 0.0659 | H28: 0.0752 | I28: 0.1305 | J28: =H28-I28 -> -0.0553 | K28: 0.0557 | L28: 0.1305 | M28: =K28-L28 -> -0.0748 | N28: 0.0704 | O28: 0.1305 | P28: =N28-O28 -> -0.0601 | Q28: 0.0751 | R28: 0.1305 | S28: =Q28-R28 -> -0.0554 | T28: 0.0896 | U28: 0.1305 | V28: =T28-U28 -> -0.0409 | W28: 0.0935 | X28: 0.1305 | Y28: =W28-X28 -> -0.037 | Z28: -0.4294 | AA28: 0.1305 | AB28: =Z28-AA28 -> -0.5599 | AC28: -0.0833 | AD28: 0.1305 | AE28: =AC28-AD28 -> -0.2138 | AF28: =AVERAGE(D28,G28,J28,M28,P28,S28,V28,Y28,AB28,AE28) -> -0.14776 | AG28: 1.11 | AH28: =AG28/$AG$29 -> 0.00012769335 | AI28: =AF28*AH28 -> -1.886797e-05 | AJ28: 7.14 | AK28: NA | AL28: -13.6
AF29: =AVERAGE(AF23:AF28) -> 0.30191639 | AG29: =SUM(AG23:AG28) -> 8692.7 | AI29: =SUM(AI23:AI28) -> 0.17541755 | AJ29: =SUM(AJ23:AJ28) -> 64825.23 | AM29: =MEDIAN(AF23:AF28) -> 0.0157125
A31: Tyres
A32: MRF Ltd. | B32: 0.23 | C32: 0.1305 | D32: =B32-C32 -> 0.0995 | E32: 0.17 | F32: 0.1305 | G32: =E32-F32 -> 0.0395 | H32: 0.23 | I32: 0.1305 | J32: =H32-I32 -> 0.0995 | K32: 0.29 | L32: 0.1305 | M32: =K32-L32 -> 0.1595 | N32: 0.27 | O32: 0.1305 | P32: =N32-O32 -> 0.1395 | Q32: NA | R32: 0.1305 | S32: NA | T32: 0.5 | U32: 0.1305 | V32: =T32-U32 -> 0.3695 | W32: 0.23 | X32: 0.1305 | Y32: =W32-X32 -> 0.0995 | Z32: 0.17 | AA32: 0.1305 | AB32: =Z32-AA32 -> 0.0395 | AC32: 0.14 | AD32: 0.1305 | AE32: =AC32-AD32 -> 0.0095 | AF32: =AVERAGE(D32,G32,J32,M32,P32,S32,V32,Y32,AB32,AE32) -> 0.11727778 | AG32: 13343.66 | AH32: =AG32/$AG$44 -> 0.2643856 | AI32: =AF32*AH32 -> 0.031006555 | AJ32: 18441.2 | AK32: 0.23 | AL32: 23.28
A33: Balkrishna Industries Ltd. | B33: 0.33 | C33: 0.1305 | D33: =B33-C33 -> 0.1995 | E33: 0.23 | F33: 0.1305 | G33: =E33-F33 -> 0.0995 | H33: 0.2 | I33: 0.1305 | J33: =H33-I33 -> 0.0695 | K33: 0.17 | L33: 0.1305 | M33: =K33-L33 -> 0.0395 | N33: 0.18 | O33: 0.1305 | P33: =N33-O33 -> 0.0495 | Q33: 0.17 | R33: 0.1305 | S33: =Q33-R33 -> 0.0395 | T33: 0.15 | U33: 0.1305 | V33: =T33-U33 -> 0.0195 | W33: 0.2 | X33: 0.1305 | Y33: =W33-X33 -> 0.0695 | Z33: 0.22 | AA33: 0.1305 | AB33: =Z33-AA33 -> 0.0895 | AC33: 0.22 | AD33: 0.1305 | AE33: =AC33-AD33 -> 0.0895 | AF33: =AVERAGE(D33,G33,J33,M33,P33,S33,V33,Y33,AB33,AE33) -> 0.0765 | AG33: 5712.88 | AH33: =AG33/$AG$44 -> 0.11319257 | AI33: =AF33*AH33 -> 0.0086592317 | AJ33: 6546.35 | AK33: 0.14 | AL33: 34.66
A34: Apollo Tyres Ltd. | B34: 0.33 | C34: 0.1305 | D34: =B34-C34 -> 0.1995 | E34: 0.17 | F34: 0.1305 | G34: =E34-F34 -> 0.0395 | H34: 0.17 | I34: 0.1305 | J34: =H34-I34 -> 0.0395 | K34: 0.2 | L34: 0.1305 | M34: =K34-L34 -> 0.0695 | N34: 0.26 | O34: 0.1305 | P34: =N34-O34 -> 0.1295 | Q34: 0.26 | R34: 0.1305 | S34: =Q34-R34 -> 0.1295 | T34: 0.23 | U34: 0.1305 | V34: =T34-U34 -> 0.0995 | W34: 0.16 | X34: 0.1305 | Y34: =W34-X34 -> 0.0295 | Z34: 0.09 | AA34: 0.1305 | AB34: =Z34-AA34 -> -0.0405 | AC34: 0.09 | AD34: 0.1305 | AE34: =AC34-AD34 -> -0.0405 | AF34: =AVERAGE(D34,G34,J34,M34,P34,S34,V34,Y34,AB34,AE34) -> 0.0655 | AG34: 16509.9 | AH34: =AG34/$AG$44 -> 0.32712013 | AI34: =AF34*AH34 -> 0.021426368 | AJ34: 23249.99 | AK34: 0.66 | AL34: 3.09
A35: CEAT Ltd. | B35: NA | C35: 0.1305 | D35: NA | E35: 0.1 | F35: 0.1305 | G35: =E35-F35 -> -0.0305 | H35: 0.12 | I35: 0.1305 | J35: =H35-I35 -> -0.0105 | K35: 0.21 | L35: 0.1305 | M35: =K35-L35 -> 0.0795 | N35: 0.3 | O35: 0.1305 | P35: =N35-O35 -> 0.1695 | Q35: 0.27 | R35: 0.1305 | S35: =Q35-R35 -> 0.1395 | T35: 0.27 | U35: 0.1305 | V35: =T35-U35 -> 0.1395 | W35: 0.19 | X35: 0.1305 | Y35: =W35-X35 -> 0.0595 | Z35: 0.15 | AA35: 0.1305 | AB35: =Z35-AA35 -> 0.0195 | AC35: 0.13 | AD35: 0.1305 | AE35: =AC35-AD35 -> -0.0005 | AF35: =AVERAGE(D35,G35,J35,M35,P35,S35,V35,Y35,AB35,AE35) -> 0.062833333 | AG35: 4891.16 | AH35: =AG35/$AG$44 -> 0.096911361 | AI35: =AF35*AH35 -> 0.0060892638 | AJ35: 7352.93 | AK35: 0.68 | AL35: 19.69
A36: Goodyear India Ltd. | B36: 0.47 | C36: 0.1305 | D36: =B36-C36 -> 0.3395 | E36: 0.35 | F36: 0.1305 | G36: =E36-F36 -> 0.2195 | H36: 0.26 | I36: 0.1305 | J36: =H36-I36 -> 0.1295 | K36: 0.37 | L36: 0.1305 | M36: =K36-L36 -> 0.2395 | N36: 0.34 | O36: 0.1305 | P36: =N36-O36 -> 0.2095 | Q36: NA | R36: 0.1305 | S36: NA | T36: 0.34 | U36: 0.1305 | V36: =T36-U36 -> 0.2095 | W36: 0.3 | X36: 0.1305 | Y36: =W36-X36 -> 0.1695 | Z36: 0.27 | AA36: 0.1305 | AB36: =Z36-AA36 -> 0.1395 | AC36: 0.19 | AD36: 0.1305 | AE36: =AC36-AD36 -> 0.0595 | AF36: =AVERAGE(D36,G36,J36,M36,P36,S36,V36,Y36,AB36,AE36) -> 0.19061111 | AG36: 893.52 | AH36: =AG36/$AG$44 -> 0.017703825 | AI36: =AF36*AH36 -> 0.0033745457 | AJ36: 1353.28 | AK36: 0 | AL36: 11.43
A37: JK Tyres & Industries Ltd. | B37: 0.21 | C37: 0.1305 | D37: =B37-C37 -> 0.0795 | E37: 0.11 | F37: 0.1305 | G37: =E37-F37 -> -0.0205 | H37: 0.08 | I37: 0.1305 | J37: =H37-I37 -> -0.0505 | K37: 0.14 | L37: 0.1305 | M37: =K37-L37 -> 0.0095 | N37: 0.16 | O37: 0.1305 | P37: =N37-O37 -> 0.0295 | Q37: 0.18 | R37: 0.1305 | S37: =Q37-R37 -> 0.0495 | T37: 0.22 | U37: 0.1305 | V37: =T37-U37 -> 0.0895 | W37: 0.13 | X37: 0.1305 | Y37: =W37-X37 -> -0.0005 | Z37: 0.07 | AA37: 0.1305 | AB37: =Z37-AA37 -> -0.0605 | AC37: 0.11 | AD37: 0.1305 | AE37: =AC37-AD37 -> -0.0205 | AF37: =AVERAGE(D37,G37,J37,M37,P37,S37,V37,Y37,AB37,AE37) -> 0.0105 | AG37: 7461.16 | AH37: =AG37/$AG$44 -> 0.14783225 | AI37: =AF37*AH37 -> 0.0015522386 | AJ37: 11349.6 | AK37: 2.09 | AL37: 3.98
A38: TVS Srichakra Ltd. | B38: 0.24 | C38: 0.1305 | D38: =B38-C38 -> 0.1095 | E38: 0.28 | F38: 0.1305 | G38: =E38-F38 -> 0.1495 | H38: 0.26 | I38: 0.1305 | J38: =H38-I38 -> 0.1295 | K38: 0.15 | L38: 0.1305 | M38: =K38-L38 -> 0.0195 | N38: 0.22 | O38: 0.1305 | P38: =N38-O38 -> 0.0895 | Q38: 0.35 | R38: 0.1305 | S38: =Q38-R38 -> 0.2195 | T38: 0.55 | U38: 0.1305 | V38: =T38-U38 -> 0.4195 | W38: 0.33 | X38: 0.1305 | Y38: =W38-X38 -> 0.1995 | Z38: 0.22 | AA38: 0.1305 | AB38: =Z38-AA38 -> 0.0895 | AC38: 0.18 | AD38: 0.1305 | AE38: =AC38-AD38 -> 0.0495 | AF38: =AVERAGE(D38,G38,J38,M38,P38,S38,V38,Y38,AB38,AE38) -> 0.1475 | AG38: 1068.08 | AH38: =AG38/$AG$44 -> 0.021162482 | AI38: =AF38*AH38 -> 0.0031214661 | AJ38: 1590.66 | AK38: 0.47 | AL38: 18.14
A39: Modi Rubber Ltd. | B39: -0.1121 | C39: 0.1305 | D39: =B39-C39 -> -0.2426 | E39: -0.1159 | F39: 0.1305 | G39: =E39-F39 -> -0.2464 | H39: NA | I39: 0.1305 | J39: NA | K39: -0.0004 | L39: 0.1305 | M39: =K39-L39 -> -0.1309 | N39: 0.0197 | O39: 0.1305 | P39: =N39-O39 -> -0.1108 | Q39: 0.1055 | R39: 0.1305 | S39: =Q39-R39 -> -0.025 | T39: 0.0616 | U39: 0.1305 | V39: =T39-U39 -> -0.0689 | W39: 0.0578 | X39: 0.1305 | Y39: =W39-X39 -> -0.0727 | Z39: 0.0376 | AA39: 0.1305 | AB39: =Z39-AA39 -> -0.0929 | AC39: 0.016 | AD39: 0.1305 | AE39: =AC39-AD39 -> -0.1145 | AF39: =AVERAGE(D39,G39,J39,M39,P39,S39,V39,Y39,AB39,AE39) -> -0.12274444 | AG39: 419.57 | AH39: =AG39/$AG$44 -> 0.0083131813 | AI39: =AF39*AH39 -> -0.0010203968 | AJ39: 453.4 | AK39: 0.01 | AL39: NA
A40: Dolfin Rubbers Ltd. | B40: NA | C40: 0.1305 | D40: NA | E40: NA | F40: 0.1305 | G40: NA | H40: NA | I40: 0.1305 | J40: NA | K40: NA | L40: 0.1305 | M40: NA | N40: NA | O40: 0.1305 | P40: NA | Q40: NA | R40: 0.1305 | S40: NA | T40: NA | U40: 0.1305 | V40: NA | W40: NA | X40: 0.1305 | Y40: NA | Z40: NA | AA40: 0.1305 | AB40: NA | AC40: 0.21 | AD40: 0.1305 | AE40: =AC40-AD40 -> 0.0795 | AF40: =AVERAGE(D40,G40,J40,M40,P40,S40,V40,Y40,AB40,AE40) -> 0.0795 | AG40: 16.89 | AH40: =AG40/$AG$44 -> 0.00033465127 | AI40: =AF40*AH40 -> 2.6604776e-05 | AJ40: 25.09 | AK40: 0.12 | AL40: NA
A41: Krypton Industries Ltd. | B41: 0.1193 | C41: 0.1305 | D41: =B41-C41 -> -0.0112 | E41: 0.1207 | F41: 0.1305 | G41: =E41-F41 -> -0.0098 | H41: 0.045 | I41: 0.1305 | J41: =H41-I41 -> -0.0855 | K41: 0.0722 | L41: 0.1305 | M41: =K41-L41 -> -0.0583 | N41: 0.0723 | O41: 0.1305 | P41: =N41-O41 -> -0.0582 | Q41: 0.0534 | R41: 0.1305 | S41: =Q41-R41 -> -0.0771 | T41: 0.0558 | U41: 0.1305 | V41: =T41-U41 -> -0.0747 | W41: -0.0395 | X41: 0.1305 | Y41: =W41-X41 -> -0.17 | Z41: 0.0463 | AA41: 0.1305 | AB41: =Z41-AA41 -> -0.0842 | AC41: 0.0636 | AD41: 0.1305 | AE41: =AC41-AD41 -> -0.0669 | AF41: =AVERAGE(D41,G41,J41,M41,P41,S41,V41,Y41,AB41,AE41) -> -0.06959 | AG41: 41.63 | AH41: =AG41/$AG$44 -> 0.00082483909 | AI41: =AF41*AH41 -> -5.7400552e-05 | AJ41: 47.27 | AK41: 0.53 | AL41: -10.92
A42: Innovative Tyres & Tubes Ltd. | B42: NA | C42: 0.1305 | D42: NA | E42: NA | F42: 0.1305 | G42: NA | H42: NA | I42: 0.1305 | J42: NA | K42: NA | L42: 0.1305 | M42: NA | N42: 0.15 | O42: 0.1305 | P42: =N42-O42 -> 0.0195 | Q42: 0.17 | R42: 0.1305 | S42: =Q42-R42 -> 0.0395 | T42: 0.15 | U42: 0.1305 | V42: =T42-U42 -> 0.0195 | W42: 0.16 | X42: 0.1305 | Y42: =W42-X42 -> 0.0295 | Z42: 0.11 | AA42: 0.1305 | AB42: =Z42-AA42 -> -0.0205 | AC42: 0.02 | AD42: 0.1305 | AE42: =AC42-AD42 -> -0.1105 | AF42: =AVERAGE(D42,G42,J42,M42,P42,S42,V42,Y42,AB42,AE42) -> -0.0038333333 | AG42: 108.79 | AH42: =AG42/$AG$44 -> 0.0021555187 | AI42: =AF42*AH42 -> -8.2628218e-06 | AJ42: 178.11 | AK42: 0.26 | AL42: NA
A43: Govind Rubber Ltd. | B43: 0.1199 | C43: 0.1305 | D43: =B43-C43 -> -0.0106 | E43: 0.1925 | F43: 0.1305 | G43: =E43-F43 -> 0.062 | H43: 0.15 | I43: 0.1305 | J43: =H43-I43 -> 0.0195 | K43: 0.12 | L43: 0.1305 | M43: =K43-L43 -> -0.0105 | N43: 0.12 | O43: 0.1305 | P43: =N43-O43 -> -0.0105 | Q43: 0.1284 | R43: 0.1305 | S43: =Q43-R43 -> -0.0021 | T43: 0.1379 | U43: 0.1305 | V43: =T43-U43 -> 0.0074 | W43: 0.0546 | X43: 0.1305 | Y43: =W43-X43 -> -0.0759 | Z43: -0.1369 | AA43: 0.1305 | AB43: =Z43-AA43 -> -0.2674 | AC43: NA | AD43: 0.1305 | AE43: NA | AF43: =AVERAGE(D43,G43,J43,M43,P43,S43,V43,Y43,AB43,AE43) -> -0.032011111 | AG43: 3.21 | AH43: =AG43/$AG$44 -> 6.3601573e-05 | AI43: =AF43*AH43 -> -2.035957e-06 | AJ43: 94.31 | AK43: NA | AL43: -18.41
AF44: =AVERAGE(AF32:AF43) -> 0.043503611 | AG44: =SUM(AG32:AG43) -> 50470.45 | AI44: =SUM(AI32:AI43) -> 0.074168178 | AJ44: =SUM(AJ32:AJ43) -> 70682.19 | AM44: =MEDIAN(AF32:AF43) -> 0.064166667
A46: Petrochemicals
A47: Supreme Petrochem Ltd. | B47: 0.3 | C47: 0.1305 | D47: =B47-C47 -> 0.1695 | E47: 0.35 | F47: 0.1305 | G47: =E47-F47 -> 0.2195 | H47: 0.18 | I47: 0.1305 | J47: =H47-I47 -> 0.0495 | K47: 0.31 | L47: 0.1305 | M47: =K47-L47 -> 0.1795 | N47: 0.16 | O47: 0.1305 | P47: =N47-O47 -> 0.0295 | Q47: 0.19 | R47: 0.1305 | S47: =Q47-R47 -> 0.0595 | T47: 0.22 | U47: 0.1305 | V47: =T47-U47 -> 0.0895 | W47: 0.57 | X47: 0.1305 | Y47: =W47-X47 -> 0.4395 | Z47: 0.3 | AA47: 0.1305 | AB47: =Z47-AA47 -> 0.1695 | AC47: 0.12 | AD47: 0.1305 | AE47: =AC47-AD47 -> -0.0105 | AF47: =AVERAGE(D47,G47,J47,M47,P47,S47,V47,Y47,AB47,AE47) -> 0.1395 | AG47: 702.56 | AH47: =AG47/$AG$63 -> 0.082895783 | AI47: =AF47*AH47 -> 0.011563962 | AJ47: 1255.06 | AK47: 0.04 | AL47: 14.25
A48: INEOS Styrolution India Ltd. | B48: 0.34 | C48: 0.1305 | D48: =B48-C48 -> 0.2095 | E48: 0.19 | F48: 0.1305 | G48: =E48-F48 -> 0.0595 | H48: 0.19 | I48: 0.1305 | J48: =H48-I48 -> 0.0595 | K48: 0.15 | L48: 0.1305 | M48: =K48-L48 -> 0.0195 | N48: NA | O48: 0.1305 | P48: NA | Q48: 0.11 | R48: 0.1305 | S48: =Q48-R48 -> -0.0205 | T48: 0.11 | U48: 0.1305 | V48: =T48-U48 -> -0.0205 | W48: 0.15 | X48: 0.1305 | Y48: =W48-X48 -> 0.0195 | Z48: 0.15 | AA48: 0.1305 | AB48: =Z48-AA48 -> 0.0195 | AC48: -0.01 | AD48: 0.1305 | AE48: =AC48-AD48 -> -0.1405 | AF48: =AVERAGE(D48,G48,J48,M48,P48,S48,V48,Y48,AB48,AE48) -> 0.022833333 | AG48: 857.07 | AH48: =AG48/$AG$63 -> 0.10112658 | AI48: =AF48*AH48 -> 0.0023090569 | AJ48: 1157.09 | AK48: 0.34 | AL48: 6.98
A49: Savita Oil Technologies Ltd. | B49: 0.38 | C49: 0.1305 | D49: =B49-C49 -> 0.2495 | E49: 0.4 | F49: 0.1305 | G49: =E49-F49 -> 0.2695 | H49: 0.23 | I49: 0.1305 | J49: =H49-I49 -> 0.0995 | K49: 0.18 | L49: 0.1305 | M49: =K49-L49 -> 0.0495 | N49: 0.22 | O49: 0.1305 | P49: =N49-O49 -> 0.0895 | Q49: 0.05 | R49: 0.1305 | S49: =Q49-R49 -> -0.0805 | T49: 0.11 | U49: 0.1305 | V49: =T49-U49 -> -0.0205 | W49: 0.21 | X49: 0.1305 | Y49: =W49-X49 -> 0.0795 | Z49: 0.24 | AA49: 0.1305 | AB49: =Z49-AA49 -> 0.1095 | AC49: 0.23 | AD49: 0.1305 | AE49: =AC49-AD49 -> 0.0995 | AF49: =AVERAGE(D49,G49,J49,M49,P49,S49,V49,Y49,AB49,AE49) -> 0.0945 | AG49: 853.58 | AH49: =AG49/$AG$63 -> 0.10071479 | AI49: =AF49*AH49 -> 0.0095175476 | AJ49: 1390.27 | AK49: 0 | AL49: 1.78
A50: Bhansali Engineering Polymers Ltd. | B50: 0.12 | C50: 0.1305 | D50: =B50-C50 -> -0.0105 | E50: 0.2 | F50: 0.1305 | G50: =E50-F50 -> 0.0695 | H50: 0.06 | I50: 0.1305 | J50: =H50-I50 -> -0.0705 | K50: 0.05 | L50: 0.1305 | M50: =K50-L50 -> -0.0805 | N50: 0.05 | O50: 0.1305 | P50: =N50-O50 -> -0.0805 | Q50: 0.09 | R50: 0.1305 | S50: =Q50-R50 -> -0.0405 | T50: 0.18 | U50: 0.1305 | V50: =T50-U50 -> 0.0495 | W50: 0.29 | X50: 0.1305 | Y50: =W50-X50 -> 0.1595 | Z50: 0.58 | AA50: 0.1305 | AB50: =Z50-AA50 -> 0.4495 | AC50: 0.28 | AD50: 0.1305 | AE50: =AC50-AD50 -> 0.1495 | AF50: =AVERAGE(D50,G50,J50,M50,P50,S50,V50,Y50,AB50,AE50) -> 0.0595 | AG50: 331.13 | AH50: =AG50/$AG$63 -> 0.039070372 | AI50: =AF50*AH50 -> 0.0023246871 | AJ50: 642.41 | AK50: 0 | AL50: 1.97
A51: DCW Ltd. | B51: 0.19 | C51: 0.1305 | D51: =B51-C51 -> 0.0595 | E51: 0.08 | F51: 0.1305 | G51: =E51-F51 -> -0.0505 | H51: 0.1 | I51: 0.1305 | J51: =H51-I51 -> -0.0305 | K51: 0.2 | L51: 0.1305 | M51: =K51-L51 -> 0.0695 | N51: 0.07 | O51: 0.1305 | P51: =N51-O51 -> -0.0605 | Q51: 0.01 | R51: 0.1305 | S51: =Q51-R51 -> -0.1205 | T51: 0.06 | U51: 0.1305 | V51: =T51-U51 -> -0.0705 | W51: 0.06 | X51: 0.1305 | Y51: =W51-X51 -> -0.0705 | Z51: 0.03 | AA51: 0.1305 | AB51: =Z51-AA51 -> -0.1005 | AC51: 0.06 | AD51: 0.1305 | AE51: =AC51-AD51 -> -0.0705 | AF51: =AVERAGE(D51,G51,J51,M51,P51,S51,V51,Y51,AB51,AE51) -> -0.0445 | AG51: 1211.26 | AH51: =AG51/$AG$63 -> 0.14291782 | AI51: =AF51*AH51 -> -0.0063598432 | AJ51: 1892.99 | AK51: 0.9 | AL51: -4.37
A52: Manali Petrochemicals Ltd. | B52: 0.25 | C52: 0.1305 | D52: =B52-C52 -> 0.1195 | E52: 0.26 | F52: 0.1305 | G52: =E52-F52 -> 0.1295 | H52: 0.38 | I52: 0.1305 | J52: =H52-I52 -> 0.2495 | K52: 0.2 | L52: 0.1305 | M52: =K52-L52 -> 0.0695 | N52: 0.23 | O52: 0.1305 | P52: =N52-O52 -> 0.0995 | Q52: 0.31 | R52: 0.1305 | S52: =Q52-R52 -> 0.1795 | T52: 0.28 | U52: 0.1305 | V52: =T52-U52 -> 0.1495 | W52: 0.2 | X52: 0.1305 | Y52: =W52-X52 -> 0.0695 | Z52: 0.24 | AA52: 0.1305 | AB52: =Z52-AA52 -> 0.1095 | AC52: 0.22 | AD52: 0.1305 | AE52: =AC52-AD52 -> 0.0895 | AF52: =AVERAGE(D52,G52,J52,M52,P52,S52,V52,Y52,AB52,AE52) -> 0.1265 | AG52: 458.46 | AH52: =AG52/$AG$63 -> 0.054094171 | AI52: =AF52*AH52 -> 0.0068429126 | AJ52: 621.32 | AK52: 0.04 | AL52: 4.21
A53: Panama Petrochem Ltd. | B53: 0.38 | C53: 0.1305 | D53: =B53-C53 -> 0.2495 | E53: 0.42 | F53: 0.1305 | G53: =E53-F53 -> 0.2895 | H53: 0.25 | I53: 0.1305 | J53: =H53-I53 -> 0.1195 | K53: 0.09 | L53: 0.1305 | M53: =K53-L53 -> -0.0405 | N53: 0.12 | O53: 0.1305 | P53: =N53-O53 -> -0.0105 | Q53: 0.11 | R53: 0.1305 | S53: =Q53-R53 -> -0.0205 | T53: 0.15 | U53: 0.1305 | V53: =T53-U53 -> 0.0195 | W53: 0.22 | X53: 0.1305 | Y53: =W53-X53 -> 0.0895 | Z53: 0.27 | AA53: 0.1305 | AB53: =Z53-AA53 -> 0.1395 | AC53: 0.2 | AD53: 0.1305 | AE53: =AC53-AD53 -> 0.0695 | AF53: =AVERAGE(D53,G53,J53,M53,P53,S53,V53,Y53,AB53,AE53) -> 0.0905 | AG53: 562.94 | AH53: =AG53/$AG$63 -> 0.066421875 | AI53: =AF53*AH53 -> 0.0060111797 | AJ53: 742.82 | AK53: 0.34 | AL53: 2.75
A54: Oricon Enterprises Ltd. | B54: 0.17 | C54: 0.1305 | D54: =B54-C54 -> 0.0395 | E54: 0.17 | F54: 0.1305 | G54: =E54-F54 -> 0.0395 | H54: 0.16 | I54: 0.1305 | J54: =H54-I54 -> 0.0295 | K54: 0.16 | L54: 0.1305 | M54: =K54-L54 -> 0.0295 | N54: 0.11 | O54: 0.1305 | P54: =N54-O54 -> -0.0205 | Q54: 0.1 | R54: 0.1305 | S54: =Q54-R54 -> -0.0305 | T54: 0.06 | U54: 0.1305 | V54: =T54-U54 -> -0.0705 | W54: 0.06 | X54: 0.1305 | Y54: =W54-X54 -> -0.0705 | Z54: 0.03 | AA54: 0.1305 | AB54: =Z54-AA54 -> -0.1005 | AC54: 0.05 | AD54: 0.1305 | AE54: =AC54-AD54 -> -0.0805 | AF54: =AVERAGE(D54,G54,J54,M54,P54,S54,V54,Y54,AB54,AE54) -> -0.0235 | AG54: 1282.07 | AH54: =AG54/$AG$63 -> 0.15127277 | AI54: =AF54*AH54 -> -0.0035549101 | AJ54: 1676.57 | AK54: 0.45 | AL54: -16.25
A55: Dhunseri Ventures Ltd. | B55: 0.14 | C55: 0.1305 | D55: =B55-C55 -> 0.0095 | E55: 0.18 | F55: 0.1305 | G55: =E55-F55 -> 0.0495 | H55: 0.05 | I55: 0.1305 | J55: =H55-I55 -> -0.0805 | K55: 0.04 | L55: 0.1305 | M55: =K55-L55 -> -0.0905 | N55: 0.05 | O55: 0.1305 | P55: =N55-O55 -> -0.0805 | Q55: -0.01 | R55: 0.1305 | S55: =Q55-R55 -> -0.1405 | T55: 0.01 | U55: 0.1305 | V55: =T55-U55 -> -0.1205 | W55: 0.38 | X55: 0.1305 | Y55: =W55-X55 -> 0.2495 | Z55: 0.07 | AA55: 0.1305 | AB55: =Z55-AA55 -> -0.0605 | AC55: 0.06 | AD55: 0.1305 | AE55: =AC55-AD55 -> -0.0705 | AF55: =AVERAGE(D55,G55,J55,M55,P55,S55,V55,Y55,AB55,AE55) -> -0.0335 | AG55: 1430.7 | AH55: =AG55/$AG$63 -> 0.16880978 | AI55: =AF55*AH55 -> -0.0056551275 | AJ55: 1609.28 | AK55: 0.06 | AL55: NA
A56: Diamines & Chemicals Ltd. | B56: 0.48 | C56: 0.1305 | D56: =B56-C56 -> 0.3495 | E56: 0.47 | F56: 0.1305 | G56: =E56-F56 -> 0.3395 | H56: 0.15 | I56: 0.1305 | J56: =H56-I56 -> 0.0195 | K56: 0.0989 | L56: 0.1305 | M56: =K56-L56 -> -0.0316 | N56: 0.0686 | O56: 0.1305 | P56: =N56-O56 -> -0.0619 | Q56: 0.0577 | R56: 0.1305 | S56: =Q56-R56 -> -0.0728 | T56: 0.0561 | U56: 0.1305 | V56: =T56-U56 -> -0.0744 | W56: 0.16 | X56: 0.1305 | Y56: =W56-X56 -> 0.0295 | Z56: 0.23 | AA56: 0.1305 | AB56: =Z56-AA56 -> 0.0995 | AC56: 0.38 | AD56: 0.1305 | AE56: =AC56-AD56 -> 0.2495 | AF56: =AVERAGE(D56,G56,J56,M56,P56,S56,V56,Y56,AB56,AE56) -> 0.08463 | AG56: 56.59 | AH56: =AG56/$AG$63 -> 0.0066771128 | AI56: =AF56*AH56 -> 0.00056508406 | AJ56: 69.68 | AK56: 0 | AL56: 17.69
A57: Kothari Petrochemicals Ltd. | B57: 0.12 | C57: 0.1305 | D57: =B57-C57 -> -0.0105 | E57: 0.15 | F57: 0.1305 | G57: =E57-F57 -> 0.0195 | H57: 0.11 | I57: 0.1305 | J57: =H57-I57 -> -0.0205 | K57: 0.11 | L57: 0.1305 | M57: =K57-L57 -> -0.0205 | N57: 0.18 | O57: 0.1305 | P57: =N57-O57 -> 0.0495 | Q57: 0.23 | R57: 0.1305 | S57: =Q57-R57 -> 0.0995 | T57: 0.18 | U57: 0.1305 | V57: =T57-U57 -> 0.0495 | W57: 0.12 | X57: 0.1305 | Y57: =W57-X57 -> -0.0105 | Z57: 0.15 | AA57: 0.1305 | AB57: =Z57-AA57 -> 0.0195 | AC57: 0.17 | AD57: 0.1305 | AE57: =AC57-AD57 -> 0.0395 | AF57: =AVERAGE(D57,G57,J57,M57,P57,S57,V57,Y57,AB57,AE57) -> 0.0215 | AG57: 106.88 | AH57: =AG57/$AG$63 -> 0.012610882 | AI57: =AF57*AH57 -> 0.00027113396 | AJ57: 153.73 | AK57: 0.16 | AL57: 8.75
A58: Agarwal Industrial Corporation Ltd. | B58: 0.19 | C58: 0.1305 | D58: =B58-C58 -> 0.0595 | E58: 0.13 | F58: 0.1305 | G58: =E58-F58 -> -0.0005 | H58: 0.11 | I58: 0.1305 | J58: =H58-I58 -> -0.0205 | K58: 0.15 | L58: 0.1305 | M58: =K58-L58 -> 0.0195 | N58: 0.16 | O58: 0.1305 | P58: =N58-O58 -> 0.0295 | Q58: 0.16 | R58: 0.1305 | S58: =Q58-R58 -> 0.0295 | T58: 0.15 | U58: 0.1305 | V58: =T58-U58 -> 0.0195 | W58: 0.14 | X58: 0.1305 | Y58: =W58-X58 -> 0.0095 | Z58: 0.12 | AA58: 0.1305 | AB58: =Z58-AA58 -> -0.0105 | AC58: 0.14 | AD58: 0.1305 | AE58: =AC58-AD58 -> 0.0095 | AF58: =AVERAGE(D58,G58,J58,M58,P58,S58,V58,Y58,AB58,AE58) -> 0.0145 | AG58: 210.26 | AH58: =AG58/$AG$63 -> 0.024808796 | AI58: =AF58*AH58 -> 0.00035972754 | AJ58: 238.87 | AK58: 0.48 | AL58: -10.03
A59: SVC Industries Ltd. | B59: NA | C59: 0.1305 | D59: NA | E59: NA | F59: 0.1305 | G59: NA | H59: NA | I59: 0.1305 | J59: NA | K59: NA | L59: 0.1305 | M59: NA | N59: NA | O59: 0.1305 | P59: NA | Q59: NA | R59: 0.1305 | S59: NA | T59: NA | U59: 0.1305 | V59: NA | W59: NA | X59: 0.1305 | Y59: NA | Z59: -0.0005 | AA59: 0.1305 | AB59: =Z59-AA59 -> -0.131 | AC59: -0.0121 | AD59: 0.1305 | AE59: =AC59-AD59 -> -0.1426 | AF59: =AVERAGE(D59,G59,J59,M59,P59,S59,V59,Y59,AB59,AE59) -> -0.1368 | AG59: 456 | AH59: =AG59/$AG$63 -> 0.053803913 | AI59: =AF59*AH59 -> -0.0073603753 | AJ59: 456.78 | AK59: 0.61 | AL59: -1.27
A60: Hindustan Fluoro Carbons Ltd. | B60: 0.4191 | C60: 0.1305 | D60: =B60-C60 -> 0.2886 | E60: 0.2728 | F60: 0.1305 | G60: =E60-F60 -> 0.1423 | H60: 0.2645 | I60: 0.1305 | J60: =H60-I60 -> 0.134 | K60: 0.1841 | L60: 0.1305 | M60: =K60-L60 -> 0.0536 | N60: -33.4532 | O60: 0.1305 | P60: =N60-O60 -> -33.5837 | Q60: NA | R60: 0.1305 | S60: NA | T60: NA | U60: 0.1305 | V60: NA | W60: -0.514 | X60: 0.1305 | Y60: =W60-X60 -> -0.6445 | Z60: 0.2122 | AA60: 0.1305 | AB60: =Z60-AA60 -> 0.0817 | AC60: 0.5696 | AD60: 0.1305 | AE60: =AC60-AD60 -> 0.4391 | AF60: =AVERAGE(D60,G60,J60,M60,P60,S60,V60,Y60,AB60,AE60) -> -4.1361125 | AG60: -39.49 | AH60: =AG60/$AG$63 -> -0.0046594661 | AI60: =AF60*AH60 -> 0.019272076 | AJ60: 61.42 | AK60: NA | AL60: -10.62
A61: Polychem Ltd. | B61: -0.0063 | C61: 0.1305 | D61: =B61-C61 -> -0.1368 | E61: -0.0599 | F61: 0.1305 | G61: =E61-F61 -> -0.1904 | H61: -0.0207 | I61: 0.1305 | J61: =H61-I61 -> -0.1512 | K61: -0.0777 | L61: 0.1305 | M61: =K61-L61 -> -0.2082 | N61: 0.0759 | O61: 0.1305 | P61: =N61-O61 -> -0.0546 | Q61: 0.0939 | R61: 0.1305 | S61: =Q61-R61 -> -0.0366 | T61: 0.0337 | U61: 0.1305 | V61: =T61-U61 -> -0.0968 | W61: 0.0449 | X61: 0.1305 | Y61: =W61-X61 -> -0.0856 | Z61: 0.0306 | AA61: 0.1305 | AB61: =Z61-AA61 -> -0.0999 | AC61: 0.3073 | AD61: 0.1305 | AE61: =AC61-AD61 -> 0.1768 | AF61: =AVERAGE(D61,G61,J61,M61,P61,S61,V61,Y61,AB61,AE61) -> -0.08833 | AG61: 23.7 | AH61: =AG61/$AG$63 -> 0.0027963876 | AI61: =AF61*AH61 -> -0.00024700492 | AJ61: 29.6 | AK61: 0 | AL61: -0.04
A62: Rama Petrochemicals Ltd. | B62: -0.1127 | C62: 0.1305 | D62: =B62-C62 -> -0.2432 | E62: -0.5385 | F62: 0.1305 | G62: =E62-F62 -> -0.669 | H62: 0.0389 | I62: 0.1305 | J62: =H62-I62 -> -0.0916 | K62: -0.477 | L62: 0.1305 | M62: =K62-L62 -> -0.6075 | N62: NA | O62: 0.1305 | P62: NA | Q62: NA | R62: 0.1305 | S62: NA | T62: NA | U62: 0.1305 | V62: NA | W62: NA | X62: 0.1305 | Y62: NA | Z62: NA | AA62: 0.1305 | AB62: NA | AC62: NA | AD62: 0.1305 | AE62: NA | AF62: =AVERAGE(D62,G62,J62,M62,P62,S62,V62,Y62,AB62,AE62) -> -0.402825 | AG62: -28.49 | AH62: =AG62/$AG$63 -> -0.0033615647 | AI62: =AF62*AH62 -> 0.0013541223 | AJ62: 6.92 | AK62: NA | AL62: -3.39
AF63: =AVERAGE(AF47:AF62) -> -0.26322526 | AG63: =SUM(AG47:AG62) -> 8475.22 | AI63: =SUM(AI47:AI62) -> 0.037214228 | AJ63: =SUM(AJ47:AJ62) -> 12004.81 | AM63: =MEDIAN(AF47:AF62) -> 0.018
A65: Alcoholic Beverages
A66: United Spirits Ltd. | B66: 0.07 | C66: 0.1305 | D66: =B66-C66 -> -0.0605 | E66: 0.12 | F66: 0.1305 | G66: =E66-F66 -> -0.0105 | H66: 0.1 | I66: 0.1305 | J66: =H66-I66 -> -0.0305 | K66: 0.08 | L66: 0.1305 | M66: =K66-L66 -> -0.0505 | N66: -0.24 | O66: 0.1305 | P66: =N66-O66 -> -0.3705 | Q66: -0.03 | R66: 0.1305 | S66: =Q66-R66 -> -0.1605 | T66: 0.15 | U66: 0.1305 | V66: =T66-U66 -> 0.0195 | W66: 0.15 | X66: 0.1305 | Y66: =W66-X66 -> 0.0195 | Z66: 0.18 | AA66: 0.1305 | AB66: =Z66-AA66 -> 0.0495 | AC66: 0.2 | AD66: 0.1305 | AE66: =AC66-AD66 -> 0.0695 | AF66: =AVERAGE(D66,G66,J66,M66,P66,S66,V66,Y66,AB66,AE66) -> -0.0525 | AG66: 5545.2 | AH66: =AG66/$AG$86 -> 0.35431773 | AI66: =AF66*AH66 -> -0.018601681 | AJ66: 8851.3 | AK66: 0.49 | AL66: 9.31
A67: United Breweries Ltd. | B67: 0.11 | C67: 0.1305 | D67: =B67-C67 -> -0.0205 | E67: 0.15 | F67: 0.1305 | G67: =E67-F67 -> 0.0195 | H67: 0.14 | I67: 0.1305 | J67: =H67-I67 -> 0.0095 | K67: 0.13 | L67: 0.1305 | M67: =K67-L67 -> -0.0005 | N67: 0.14 | O67: 0.1305 | P67: =N67-O67 -> 0.0095 | Q67: 0.16 | R67: 0.1305 | S67: =Q67-R67 -> 0.0295 | T67: 0.18 | U67: 0.1305 | V67: =T67-U67 -> 0.0495 | W67: 0.14 | X67: 0.1305 | Y67: =W67-X67 -> 0.0095 | Z67: 0.22 | AA67: 0.1305 | AB67: =Z67-AA67 -> 0.0895 | AC67: 0.28 | AD67: 0.1305 | AE67: =AC67-AD67 -> 0.1495 | AF67: =AVERAGE(D67,G67,J67,M67,P67,S67,V67,Y67,AB67,AE67) -> 0.0345 | AG67: 3778.44 | AH67: =AG67/$AG$86 -> 0.24142831 | AI67: =AF67*AH67 -> 0.0083292768 | AJ67: 5654.43 | AK67: 0.12 | AL67: 16.9
A68: Radico Khaitan Ltd. | B68: 0.13 | C68: 0.1305 | D68: =B68-C68 -> -0.0005 | E68: 0.12 | F68: 0.1305 | G68: =E68-F68 -> -0.0105 | H68: 0.13 | I68: 0.1305 | J68: =H68-I68 -> -0.0005 | K68: 0.13 | L68: 0.1305 | M68: =K68-L68 -> -0.0005 | N68: 0.12 | O68: 0.1305 | P68: =N68-O68 -> -0.0105 | Q68: 0.11 | R68: 0.1305 | S68: =Q68-R68 -> -0.0205 | T68: 0.1 | U68: 0.1305 | V68: =T68-U68 -> -0.0305 | W68: 0.1 | X68: 0.1305 | Y68: =W68-X68 -> -0.0305 | Z68: 0.14 | AA68: 0.1305 | AB68: =Z68-AA68 -> 0.0095 | AC68: 0.19 | AD68: 0.1305 | AE68: =AC68-AD68 -> 0.0595 | AF68: =AVERAGE(D68,G68,J68,M68,P68,S68,V68,Y68,AB68,AE68) -> -0.0035 | AG68: 1919.43 | AH68: =AG68/$AG$86 -> 0.12264446 | AI68: =AF68*AH68 -> -0.00042925562 | AJ68: 2460.39 | AK68: 0.26 | AL68: 10.48
A69: G M Breweries Ltd. | B69: 0.17 | C69: 0.1305 | D69: =B69-C69 -> 0.0395 | E69: 0.38 | F69: 0.1305 | G69: =E69-F69 -> 0.2495 | H69: 0.22 | I69: 0.1305 | J69: =H69-I69 -> 0.0895 | K69: 0.2 | L69: 0.1305 | M69: =K69-L69 -> 0.0695 | N69: 0.29 | O69: 0.1305 | P69: =N69-O69 -> 0.1595 | Q69: 0.22 | R69: 0.1305 | S69: =Q69-R69 -> 0.0895 | T69: 0.55 | U69: 0.1305 | V69: =T69-U69 -> 0.4195 | W69: 0.33 | X69: 0.1305 | Y69: =W69-X69 -> 0.1995 | Z69: 0.42 | AA69: 0.1305 | AB69: =Z69-AA69 -> 0.2895 | AC69: 0.37 | AD69: 0.1305 | AE69: =AC69-AD69 -> 0.2395 | AF69: =AVERAGE(D69,G69,J69,M69,P69,S69,V69,Y69,AB69,AE69) -> 0.1845 | AG69: 397.83 | AH69: =AG69/$AG$86 -> 0.025419863 | AI69: =AF69*AH69 -> 0.0046899646 | AJ69: 461.74 | AK69: 0 | AL69: 26.67
A70: Associated Alcohols & Breweries Ltd. | B70: 0.07 | C70: 0.1305 | D70: =B70-C70 -> -0.0605 | E70: 0.06 | F70: 0.1305 | G70: =E70-F70 -> -0.0705 | H70: 0.08 | I70: 0.1305 | J70: =H70-I70 -> -0.0505 | K70: 0.09 | L70: 0.1305 | M70: =K70-L70 -> -0.0405 | N70: 0.13 | O70: 0.1305 | P70: =N70-O70 -> -0.0005 | Q70: 0.17 | R70: 0.1305 | S70: =Q70-R70 -> 0.0395 | T70: 0.25 | U70: 0.1305 | V70: =T70-U70 -> 0.1195 | W70: 0.26 | X70: 0.1305 | Y70: =W70-X70 -> 0.1295 | Z70: 0.32 | AA70: 0.1305 | AB70: =Z70-AA70 -> 0.1895 | AC70: 0.31 | AD70: 0.1305 | AE70: =AC70-AD70 -> 0.1795 | AF70: =AVERAGE(D70,G70,J70,M70,P70,S70,V70,Y70,AB70,AE70) -> 0.0435 | AG70: 179.38 | AH70: =AG70/$AG$86 -> 0.011461717 | AI70: =AF70*AH70 -> 0.0004985847 | AJ70: 247.61 | AK70: 0.06 | AL70: 30.98
A71: IFB Agro Industries Ltd. | B71: 0.09 | C71: 0.1305 | D71: =B71-C71 -> -0.0405 | E71: 0.3 | F71: 0.1305 | G71: =E71-F71 -> 0.1695 | H71: 0.37 | I71: 0.1305 | J71: =H71-I71 -> 0.2395 | K71: 0.29 | L71: 0.1305 | M71: =K71-L71 -> 0.1595 | N71: 0.2 | O71: 0.1305 | P71: =N71-O71 -> 0.0695 | Q71: 0.11 | R71: 0.1305 | S71: =Q71-R71 -> -0.0205 | T71: 0.13 | U71: 0.1305 | V71: =T71-U71 -> -0.0005 | W71: 0.13 | X71: 0.1305 | Y71: =W71-X71 -> -0.0005 | Z71: 0.13 | AA71: 0.1305 | AB71: =Z71-AA71 -> -0.0005 | AC71: 0.1 | AD71: 0.1305 | AE71: =AC71-AD71 -> -0.0305 | AF71: =AVERAGE(D71,G71,J71,M71,P71,S71,V71,Y71,AB71,AE71) -> 0.0545 | AG71: 407.05 | AH71: =AG71/$AG$86 -> 0.026008986 | AI71: =AF71*AH71 -> 0.0014174898 | AJ71: 506.22 | AK71: 0.05 | AL71: 10.79
A72: Globus Spirits Ltd. | B72: 0.37 | C72: 0.1305 | D72: =B72-C72 -> 0.2395 | E72: 0.26 | F72: 0.1305 | G72: =E72-F72 -> 0.1295 | H72: 0.2 | I72: 0.1305 | J72: =H72-I72 -> 0.0695 | K72: 0.15 | L72: 0.1305 | M72: =K72-L72 -> 0.0195 | N72: 0.04 | O72: 0.1305 | P72: =N72-O72 -> -0.0905 | Q72: 0.05 | R72: 0.1305 | S72: =Q72-R72 -> -0.0805 | T72: 0.05 | U72: 0.1305 | V72: =T72-U72 -> -0.0805 | W72: 0.05 | X72: 0.1305 | Y72: =W72-X72 -> -0.0805 | Z72: 0.06 | AA72: 0.1305 | AB72: =Z72-AA72 -> -0.0705 | AC72: 0.09 | AD72: 0.1305 | AE72: =AC72-AD72 -> -0.0405 | AF72: =AVERAGE(D72,G72,J72,M72,P72,S72,V72,Y72,AB72,AE72) -> 0.0015 | AG72: 618.29 | AH72: =AG72/$AG$86 -> 0.039506439 | AI72: =AF72*AH72 -> 5.9259659e-05 | AJ72: 820.35 | AK72: 0.43 | AL72: -3.99
A73: Som Distilleries & Breweries Ltd. | B73: 0.15 | C73: 0.1305 | D73: =B73-C73 -> 0.0195 | E73: 0.28 | F73: 0.1305 | G73: =E73-F73 -> 0.1495 | H73: 0.29 | I73: 0.1305 | J73: =H73-I73 -> 0.1595 | K73: 0.29 | L73: 0.1305 | M73: =K73-L73 -> 0.1595 | N73: 0.24 | O73: 0.1305 | P73: =N73-O73 -> 0.1095 | Q73: 0.19 | R73: 0.1305 | S73: =Q73-R73 -> 0.0595 | T73: 0.15 | U73: 0.1305 | V73: =T73-U73 -> 0.0195 | W73: 0.16 | X73: 0.1305 | Y73: =W73-X73 -> 0.0295 | Z73: 0.24 | AA73: 0.1305 | AB73: =Z73-AA73 -> 0.1095 | AC73: 0.12 | AD73: 0.1305 | AE73: =AC73-AD73 -> -0.0105 | AF73: =AVERAGE(D73,G73,J73,M73,P73,S73,V73,Y73,AB73,AE73) -> 0.0805 | AG73: 468.54 | AH73: =AG73/$AG$86 -> 0.029937969 | AI73: =AF73*AH73 -> 0.0024100065 | AJ73: 694.58 | AK73: 0.47 | AL73: 8.54
A74: Tilaknagar Industries Ltd. | B74: 0.17 | C74: 0.1305 | D74: =B74-C74 -> 0.0395 | E74: 0.14 | F74: 0.1305 | G74: =E74-F74 -> 0.0095 | H74: 0.14 | I74: 0.1305 | J74: =H74-I74 -> 0.0095 | K74: 0.14 | L74: 0.1305 | M74: =K74-L74 -> 0.0095 | N74: 0.11 | O74: 0.1305 | P74: =N74-O74 -> -0.0205 | Q74: 0.05 | R74: 0.1305 | S74: =Q74-R74 -> -0.0805 | T74: -0.13 | U74: 0.1305 | V74: =T74-U74 -> -0.2605 | W74: -0.11 | X74: 0.1305 | Y74: =W74-X74 -> -0.2405 | Z74: 0 | AA74: 0.1305 | AB74: =Z74-AA74 -> -0.1305 | AC74: 0.03 | AD74: 0.1305 | AE74: =AC74-AD74 -> -0.1005 | AF74: =AVERAGE(D74,G74,J74,M74,P74,S74,V74,Y74,AB74,AE74) -> -0.0765 | AG74: 506.2 | AH74: =AG74/$AG$86 -> 0.032344304 | AI74: =AF74*AH74 -> -0.0024743392 | AJ74: 1240.64 | AK74: NA | AL74: -9.88
A75: Khoday India Ltd. | B75: 0.05 | C75: 0.1305 | D75: =B75-C75 -> -0.0805 | E75: 0.04 | F75: 0.1305 | G75: =E75-F75 -> -0.0905 | H75: 0.2 | I75: 0.1305 | J75: =H75-I75 -> 0.0695 | K75: 0.02 | L75: 0.1305 | M75: =K75-L75 -> -0.1105 | N75: 0.15 | O75: 0.1305 | P75: =N75-O75 -> 0.0195 | Q75: -0.05 | R75: 0.1305 | S75: =Q75-R75 -> -0.1805 | T75: 0.1 | U75: 0.1305 | V75: =T75-U75 -> -0.0305 | W75: 0 | X75: 0.1305 | Y75: =W75-X75 -> -0.1305 | Z75: -0.02 | AA75: 0.1305 | AB75: =Z75-AA75 -> -0.1505 | AC75: 0.05 | AD75: 0.1305 | AE75: =AC75-AD75 -> -0.0805 | AF75: =AVERAGE(D75,G75,J75,M75,P75,S75,V75,Y75,AB75,AE75) -> -0.0765 | AG75: 283.43 | AH75: =AG75/$AG$86 -> 0.018110127 | AI75: =AF75*AH75 -> -0.0013854247 | AJ75: 334.48 | AK75: 17.63 | AL75: 1.44
A76: Jubilant Industries Ltd. | B76: NA | C76: 0.1305 | D76: NA | E76: 0.2967 | F76: 0.1305 | G76: =E76-F76 -> 0.1662 | H76: 0.01 | I76: 0.1305 | J76: =H76-I76 -> -0.1205 | K76: 0 | L76: 0.1305 | M76: =K76-L76 -> -0.1305 | N76: -0.06 | O76: 0.1305 | P76: =N76-O76 -> -0.1905 | Q76: -0.12 | R76: 0.1305 | S76: =Q76-R76 -> -0.2505 | T76: 0.05 | U76: 0.1305 | V76: =T76-U76 -> -0.0805 | W76: 0.1 | X76: 0.1305 | Y76: =W76-X76 -> -0.0305 | Z76: 0.07 | AA76: 0.1305 | AB76: =Z76-AA76 -> -0.0605 | AC76: 0.1 | AD76: 0.1305 | AE76: =AC76-AD76 -> -0.0305 | AF76: =AVERAGE(D76,G76,J76,M76,P76,S76,V76,Y76,AB76,AE76) -> -0.080866667 | AG76: 244.24 | AH76: =AG76/$AG$86 -> 0.015606031 | AI76: =AF76*AH76 -> -0.0012620077 | AJ76: 431.23 | AK76: 1.59 | AL76: NA
A77: Pioneer Distilleries Ltd. | B77: 0.08 | C77: 0.1305 | D77: =B77-C77 -> -0.0505 | E77: -0.19 | F77: 0.1305 | G77: =E77-F77 -> -0.3205 | H77: -0.14 | I77: 0.1305 | J77: =H77-I77 -> -0.2705 | K77: -0.2 | L77: 0.1305 | M77: =K77-L77 -> -0.3305 | N77: -0.04 | O77: 0.1305 | P77: =N77-O77 -> -0.1705 | Q77: 1.64 | R77: 0.1305 | S77: =Q77-R77 -> 1.5095 | T77: NA | U77: 0.1305 | V77: NA | W77: -0.24 | X77: 0.1305 | Y77: =W77-X77 -> -0.3705 | Z77: 0.47 | AA77: 0.1305 | AB77: =Z77-AA77 -> 0.3395 | AC77: -0.19 | AD77: 0.1305 | AE77: =AC77-AD77 -> -0.3205 | AF77: =AVERAGE(D77,G77,J77,M77,P77,S77,V77,Y77,AB77,AE77) -> 0.0017222222 | AG77: 231.94 | AH77: =AG77/$AG$86 -> 0.014820106 | AI77: =AF77*AH77 -> 2.5523517e-05 | AJ77: 442.79 | AK77: NA | AL77: 12.16
A78: Jagatjit Industries Ltd. | B78: 0.05 | C78: 0.1305 | D78: =B78-C78 -> -0.0805 | E78: 0.05 | F78: 0.1305 | G78: =E78-F78 -> -0.0805 | H78: -0.04 | I78: 0.1305 | J78: =H78-I78 -> -0.1705 | K78: 0.03 | L78: 0.1305 | M78: =K78-L78 -> -0.1005 | N78: -0.03 | O78: 0.1305 | P78: =N78-O78 -> -0.1605 | Q78: -0.04 | R78: 0.1305 | S78: =Q78-R78 -> -0.1705 | T78: -0.05 | U78: 0.1305 | V78: =T78-U78 -> -0.1805 | W78: -0.13 | X78: 0.1305 | Y78: =W78-X78 -> -0.2605 | Z78: -0.05 | AA78: 0.1305 | AB78: =Z78-AA78 -> -0.1805 | AC78: -0.01 | AD78: 0.1305 | AE78: =AC78-AD78 -> -0.1405 | AF78: =AVERAGE(D78,G78,J78,M78,P78,S78,V78,Y78,AB78,AE78) -> -0.1525 | AG78: 352 | AH78: =AG78/$AG$86 -> 0.022491495 | AI78: =AF78*AH78 -> -0.003429953 | AJ78: 607.14 | AK78: 2.9 | AL78: -8.41
A79: Piccadily Agro Industries Ltd. | B79: 0.21 | C79: 0.1305 | D79: =B79-C79 -> 0.0795 | E79: 0.33 | F79: 0.1305 | G79: =E79-F79 -> 0.1995 | H79: 0.17 | I79: 0.1305 | J79: =H79-I79 -> 0.0395 | K79: 0.2 | L79: 0.1305 | M79: =K79-L79 -> 0.0695 | N79: 0.2 | O79: 0.1305 | P79: =N79-O79 -> 0.0695 | Q79: 0.11 | R79: 0.1305 | S79: =Q79-R79 -> -0.0205 | T79: 0.08 | U79: 0.1305 | V79: =T79-U79 -> -0.0505 | W79: 0.13 | X79: 0.1305 | Y79: =W79-X79 -> -0.0005 | Z79: 0.06 | AA79: 0.1305 | AB79: =Z79-AA79 -> -0.0705 | AC79: 0.08 | AD79: 0.1305 | AE79: =AC79-AD79 -> -0.0505 | AF79: =AVERAGE(D79,G79,J79,M79,P79,S79,V79,Y79,AB79,AE79) -> 0.0265 | AG79: 253.67 | AH79: =AG79/$AG$86 -> 0.016208573 | AI79: =AF79*AH79 -> 0.00042952718 | AJ79: 381.18 | AK79: 0.52 | AL79: 5.09
A80: Ravikumar Distilleries Ltd. | B80: 0.13 | C80: 0.1305 | D80: =B80-C80 -> -0.0005 | E80: 0.05 | F80: 0.1305 | G80: =E80-F80 -> -0.0805 | H80: 0.08 | I80: 0.1305 | J80: =H80-I80 -> -0.0505 | K80: 0.03 | L80: 0.1305 | M80: =K80-L80 -> -0.1005 | N80: -0.01 | O80: 0.1305 | P80: =N80-O80 -> -0.1405 | Q80: -0.01 | R80: 0.1305 | S80: =Q80-R80 -> -0.1405 | T80: -0.02 | U80: 0.1305 | V80: =T80-U80 -> -0.1505 | W80: -0.01 | X80: 0.1305 | Y80: =W80-X80 -> -0.1405 | Z80: -0.13 | AA80: 0.1305 | AB80: =Z80-AA80 -> -0.2605 | AC80: -0.01 | AD80: 0.1305 | AE80: =AC80-AD80 -> -0.1405 | AF80: =AVERAGE(D80,G80,J80,M80,P80,S80,V80,Y80,AB80,AE80) -> -0.1205 | AG80: 97.28 | AH80: =AG80/$AG$86 -> 0.0062158315 | AI80: =AF80*AH80 -> -0.00074900769 | AJ80: 142.59 | AK80: 0.47 | AL80: NA
A81: Winsome Breweries Ltd. | B81: 0.0446 | C81: 0.1305 | D81: =B81-C81 -> -0.0859 | E81: 0.0283 | F81: 0.1305 | G81: =E81-F81 -> -0.1022 | H81: 0.0549 | I81: 0.1305 | J81: =H81-I81 -> -0.0756 | K81: 0.0576 | L81: 0.1305 | M81: =K81-L81 -> -0.0729 | N81: 0.0316 | O81: 0.1305 | P81: =N81-O81 -> -0.0989 | Q81: 0.0563 | R81: 0.1305 | S81: =Q81-R81 -> -0.0742 | T81: 0.0629 | U81: 0.1305 | V81: =T81-U81 -> -0.0676 | W81: 0.0897 | X81: 0.1305 | Y81: =W81-X81 -> -0.0408 | Z81: 0.0387 | AA81: 0.1305 | AB81: =Z81-AA81 -> -0.0918 | AC81: -0.0433 | AD81: 0.1305 | AE81: =AC81-AD81 -> -0.1738 | AF81: =AVERAGE(D81,G81,J81,M81,P81,S81,V81,Y81,AB81,AE81) -> -0.08837 | AG81: 46.09 | AH81: =AG81/$AG$86 -> 0.0029449802 | AI81: =AF81*AH81 -> -0.0002602479 | AJ81: 60.95 | AK81: 0.22 | AL81: -4.47
A82: Piccadily Sugar & Allied Inds Ltd. | B82: 0.6358 | C82: 0.1305 | D82: =B82-C82 -> 0.5053 | E82: 0.3959 | F82: 0.1305 | G82: =E82-F82 -> 0.2654 | H82: 0.4107 | I82: 0.1305 | J82: =H82-I82 -> 0.2802 | K82: -0.0493 | L82: 0.1305 | M82: =K82-L82 -> -0.1798 | N82: 0.0158 | O82: 0.1305 | P82: =N82-O82 -> -0.1147 | Q82: 0.0057 | R82: 0.1305 | S82: =Q82-R82 -> -0.1248 | T82: 0.0133 | U82: 0.1305 | V82: =T82-U82 -> -0.1172 | W82: 0.0185 | X82: 0.1305 | Y82: =W82-X82 -> -0.112 | Z82: -0.1859 | AA82: 0.1305 | AB82: =Z82-AA82 -> -0.3164 | AC82: 0 | AD82: 0.1305 | AE82: =AC82-AD82 -> -0.1305 | AF82: =AVERAGE(D82,G82,J82,M82,P82,S82,V82,Y82,AB82,AE82) -> -0.00445 | AG82: 21.85 | AH82: =AG82/$AG$86 -> 0.001396134 | AI82: =AF82*AH82 -> -6.2127964e-06 | AJ82: 53.83 | AK82: 0.28 | AL82: -5.3
A83: Empee Distilleries Ltd. | B83: 0.07 | C83: 0.1305 | D83: =B83-C83 -> -0.0605 | E83: 0.06 | F83: 0.1305 | G83: =E83-F83 -> -0.0705 | H83: 0.09 | I83: 0.1305 | J83: =H83-I83 -> -0.0405 | K83: 0.08 | L83: 0.1305 | M83: =K83-L83 -> -0.0505 | N83: NA | O83: 0.1305 | P83: NA | Q83: 0.04 | R83: 0.1305 | S83: =Q83-R83 -> -0.0905 | T83: 0.04 | U83: 0.1305 | V83: =T83-U83 -> -0.0905 | W83: 0 | X83: 0.1305 | Y83: =W83-X83 -> -0.1305 | Z83: 0 | AA83: 0.1305 | AB83: =Z83-AA83 -> -0.1305 | AD83: 0.1305 | AE83: =AC83-AD83 -> -0.1305 | AF83: =AVERAGE(D83,G83,J83,M83,P83,S83,V83,Y83,AB83,AE83) -> -0.088277778 | AG83: 304.46 | AH83: =AG83/$AG$86 -> 0.019453866 | AI83: =AF83*AH83 -> -0.001717344 | AJ83: 641.04 | AK83: 0.83 | AL83: -27.88
A84: Silver Oak (India) Ltd. | B84: 0.1284 | C84: 0.1305 | D84: =B84-C84 -> -0.0021 | E84: 0.1141 | F84: 0.1305 | G84: =E84-F84 -> -0.0164 | H84: 0.0877 | I84: 0.1305 | J84: =H84-I84 -> -0.0428 | K84: 0.0877 | L84: 0.1305 | M84: =K84-L84 -> -0.0428 | N84: 0.0046 | O84: 0.1305 | P84: =N84-O84 -> -0.1259 | Q84: -0.0314 | R84: 0.1305 | S84: =Q84-R84 -> -0.1619 | T84: -0.1234 | U84: 0.1305 | V84: =T84-U84 -> -0.2539 | W84: -0.2192 | X84: 0.1305 | Y84: =W84-X84 -> -0.3497 | Z84: -0.0826 | AA84: 0.1305 | AB84: =Z84-AA84 -> -0.2131 | AC84: -0.2384 | AD84: 0.1305 | AE84: =AC84-AD84 -> -0.3689 | AF84: =AVERAGE(D84,G84,J84,M84,P84,S84,V84,Y84,AB84,AE84) -> -0.15775 | AG84: 23.09 | AH84: =AG84/$AG$86 -> 0.0014753654 | AI84: =AF84*AH84 -> -0.0002327389 | AJ84: 35.98 | AK84: 0.56 | AL84: NA
A85: Mount Shivalik Industries Ltd. | B85: 0.0948 | C85: 0.1305 | D85: =B85-C85 -> -0.0357 | E85: -0.2225 | F85: 0.1305 | G85: =E85-F85 -> -0.353 | H85: -0.3317 | I85: 0.1305 | J85: =H85-I85 -> -0.4622 | K85: -0.3175 | L85: 0.1305 | M85: =K85-L85 -> -0.448 | N85: -1.765 | O85: 0.1305 | P85: =N85-O85 -> -1.8955 | Q85: 1.0893 | R85: 0.1305 | S85: =Q85-R85 -> 0.9588 | T85: NA | U85: 0.1305 | V85: NA | W85: NA | X85: 0.1305 | Y85: NA | Z85: NA | AA85: 0.1305 | AB85: NA | AC85: NA | AD85: 0.1305 | AE85: NA | AF85: =AVERAGE(D85,G85,J85,M85,P85,S85,V85,Y85,AB85,AE85) -> -0.3726 | AG85: -28.05 | AH85: =AG85/$AG$86 -> -0.001792291 | AI85: =AF85*AH85 -> 0.00066780764 | AJ85: 35.9 | AK85: NA | AL85: -20.9
AF86: =AVERAGE(AF66:AF85) -> -0.042354611 | AG86: =SUM(AG66:AG85) -> 15650.36 | AI86: =SUM(AI66:AI85) -> -0.012020772 | AJ86: =SUM(AJ66:AJ85) -> 24104.37 | AM86: =MEDIAN(AF66:AF85) -> -0.028475
A88: Consumer Durables
A89: Honeywell Automation India Ltd. | B89: 0.29 | C89: 0.1305 | D89: =B89-C89 -> 0.1595 | E89: 0.25 | F89: 0.1305 | G89: =E89-F89 -> 0.1195 | H89: 0.18 | I89: 0.1305 | J89: =H89-I89 -> 0.0495 | K89: 0.17 | L89: 0.1305 | M89: =K89-L89 -> 0.0395 | O89: 0.1305 | P89: =N89-O89 -> -0.1305 | Q89: 0.26 | R89: 0.1305 | S89: =Q89-R89 -> 0.1295 | T89: 0.24 | U89: 0.1305 | V89: =T89-U89 -> 0.1095 | W89: 0.28 | X89: 0.1305 | Y89: =W89-X89 -> 0.1495 | Z89: 0.3 | AA89: 0.1305 | AB89: =Z89-AA89 -> 0.1695 | AC89: 0.35 | AD89: 0.1305 | AE89: =AC89-AD89 -> 0.2195 | AF89: =AVERAGE(D89,G89,J89,M89,P89,S89,V89,Y89,AB89,AE89) -> 0.1015 | AG89: 2259.19 | AH89: =AG89/$AG$137 -> 0.029722899 | AI89: =AF89*AH89 -> 0.0030168743 | AJ89: 3457.48 | AK89: 0.04 | AL89: 26.13
A90: Whirlpool of India Ltd. | B90: 0.58 | C90: 0.1305 | D90: =B90-C90 -> 0.4495 | E90: 0.62 | F90: 0.1305 | G90: =E90-F90 -> 0.4895 | H90: 0.41 | I90: 0.1305 | J90: =H90-I90 -> 0.2795 | K90: 0.33 | L90: 0.1305 | M90: =K90-L90 -> 0.1995 | N90: 0.26 | O90: 0.1305 | P90: =N90-O90 -> 0.1295 | Q90: 0.36 | R90: 0.1305 | S90: =Q90-R90 -> 0.2295 | T90: 0.35 | U90: 0.1305 | V90: =T90-U90 -> 0.2195 | W90: 0.36 | X90: 0.1305 | Y90: =W90-X90 -> 0.2295 | Z90: 0.33 | AA90: 0.1305 | AB90: =Z90-AA90 -> 0.1995 | AC90: 0.32 | AD90: 0.1305 | AE90: =AC90-AD90 -> 0.1895 | AF90: =AVERAGE(D90,G90,J90,M90,P90,S90,V90,Y90,AB90,AE90) -> 0.2615 | AG90: 2386.18 | AH90: =AG90/$AG$137 -> 0.031393635 | AI90: =AF90*AH90 -> 0.0082094357 | AJ90: 4043.95 | AK90: 0 | AL90: 22.05
A91: Bharat Electronics Ltd. | B91: 0.26 | C91: 0.1305 | D91: =B91-C91 -> 0.1295 | E91: 0.25 | F91: 0.1305 | G91: =E91-F91 -> 0.1195 | H91: 0.2 | I91: 0.1305 | J91: =H91-I91 -> 0.0695 | K91: 0.18 | L91: 0.1305 | M91: =K91-L91 -> 0.0495 | N91: 0.18 | O91: 0.1305 | P91: =N91-O91 -> 0.0495 | Q91: 0.2 | R91: 0.1305 | S91: =Q91-R91 -> 0.0695 | T91: 0.2 | U91: 0.1305 | V91: =T91-U91 -> 0.0695 | W91: 0.23 | X91: 0.1305 | Y91: =W91-X91 -> 0.0995 | Z91: 0.25 | AA91: 0.1305 | AB91: =Z91-AA91 -> 0.1195 | AC91: 0.3 | AD91: 0.1305 | AE91: =AC91-AD91 -> 0.1695 | AF91: =AVERAGE(D91,G91,J91,M91,P91,S91,V91,Y91,AB91,AE91) -> 0.0945 | AG91: 9257.32 | AH91: =AG91/$AG$137 -> 0.12179338 | AI91: =AF91*AH91 -> 0.011509474 | AJ91: 22537.35 | AK91: 0 | AL91: 2.94
A92: TTK Prestige Ltd. | B92: 0.64 | C92: 0.1305 | D92: =B92-C92 -> 0.5095 | E92: 0.78 | F92: 0.1305 | G92: =E92-F92 -> 0.6495 | H92: 0.62 | I92: 0.1305 | J92: =H92-I92 -> 0.4895 | K92: 0.47 | L92: 0.1305 | M92: =K92-L92 -> 0.3395 | N92: 0.28 | O92: 0.1305 | P92: =N92-O92 -> 0.1495 | Q92: 0.22 | R92: 0.1305 | S92: =Q92-R92 -> 0.0895 | T92: 0.26 | U92: 0.1305 | V92: =T92-U92 -> 0.1295 | W92: 0.24 | X92: 0.1305 | Y92: =W92-X92 -> 0.1095 | Z92: 0.22 | AA92: 0.1305 | AB92: =Z92-AA92 -> 0.0895 | AC92: 0.25 | AD92: 0.1305 | AE92: =AC92-AD92 -> 0.1195 | AF92: =AVERAGE(D92,G92,J92,M92,P92,S92,V92,Y92,AB92,AE92) -> 0.2675 | AG92: 1227.28 | AH92: =AG92/$AG$137 -> 0.016146636 | AI92: =AF92*AH92 -> 0.0043192252 | AJ92: 1683.54 | AK92: 0.01 | AL92: 24.65
A93: Johnson Controls-Hitachi Air Condition. India Ltd | B93: 0.33 | C93: 0.1305 | D93: =B93-C93 -> 0.1995 | E93: 0.2 | F93: 0.1305 | G93: =E93-F93 -> 0.0695 | H93: 0.04 | I93: 0.1305 | J93: =H93-I93 -> -0.0905 | K93: 0.09 | L93: 0.1305 | M93: =K93-L93 -> -0.0405 | N93: 0.07 | O93: 0.1305 | P93: =N93-O93 -> -0.0605 | Q93: 0.27 | R93: 0.1305 | S93: =Q93-R93 -> 0.1395 | T93: 0.16 | U93: 0.1305 | V93: =T93-U93 -> 0.0295 | W93: 0.24 | X93: 0.1305 | Y93: =W93-X93 -> 0.1095 | Z93: 0.29 | AA93: 0.1305 | AB93: =Z93-AA93 -> 0.1595 | AC93: 0.2 | AD93: 0.1305 | AE93: =AC93-AD93 -> 0.0695 | AF93: =AVERAGE(D93,G93,J93,M93,P93,S93,V93,Y93,AB93,AE93) -> 0.0585 | AG93: 696.41 | AH93: =AG93/$AG$137 -> 0.0091622768 | AI93: =AF93*AH93 -> 0.00053599319 | AJ93: 1225.43 | AK93: 0.04 | AL93: 23.51
A94: Symphony Ltd. | B94: 0.81 | C94: 0.1305 | D94: =B94-C94 -> 0.6795 | E94: 0.67 | F94: 0.1305 | G94: =E94-F94 -> 0.5395 | H94: 0.42 | I94: 0.1305 | J94: =H94-I94 -> 0.2895 | K94: 0.43 | L94: 0.1305 | M94: =K94-L94 -> 0.2995 | N94: 0.54 | O94: 0.1305 | P94: =N94-O94 -> 0.4095 | Q94: 0.5 | R94: 0.1305 | S94: =Q94-R94 -> 0.3695 | T94: 0.51 | U94: 0.1305 | V94: =T94-U94 -> 0.3795 | W94: 0.58 | X94: 0.1305 | Y94: =W94-X94 -> 0.4495 | Z94: 0.46 | AA94: 0.1305 | AB94: =Z94-AA94 -> 0.3295 | AC94: 0.22 | AD94: 0.1305 | AE94: =AC94-AD94 -> 0.0895 | AF94: =AVERAGE(D94,G94,J94,M94,P94,S94,V94,Y94,AB94,AE94) -> 0.3835 | AG94: 850 | AH94: =AG94/$AG$137 -> 0.011182975 | AI94: =AF94*AH94 -> 0.0042886707 | AJ94: 1064 | AK94: 0.33 | AL94: 36.91
A95: Dixon Technologies (India) Ltd. | B95: NA | C95: 0.1305 | D95: NA | E95: NA | F95: 0.1305 | G95: NA | H95: NA | I95: 0.1305 | J95: NA | K95: 0.11 | L95: 0.1305 | M95: =K95-L95 -> -0.0205 | N95: 0.19 | O95: 0.1305 | P95: =N95-O95 -> 0.0595 | Q95: 0.16 | R95: 0.1305 | S95: =Q95-R95 -> 0.0295 | T95: 0.3 | U95: 0.1305 | V95: =T95-U95 -> 0.1695 | W95: 0.37 | X95: 0.1305 | Y95: =W95-X95 -> 0.2395 | Z95: 0.34 | AA95: 0.1305 | AB95: =Z95-AA95 -> 0.2095 | AC95: 0.27 | AD95: 0.1305 | AE95: =AC95-AD95 -> 0.1395 | AF95: =AVERAGE(D95,G95,J95,M95,P95,S95,V95,Y95,AB95,AE95) -> 0.11807143 | AG95: 572.61 | AH95: =AG95/$AG$137 -> 0.0075335095 | AI95: =AF95*AH95 -> 0.00088949222 | AJ95: 1954.64 | AK95: 0.29 | AL95: NA
A96: Blue Star Ltd. | B96: 0.57 | C96: 0.1305 | D96: =B96-C96 -> 0.4395 | E96: 0.32 | F96: 0.1305 | G96: =E96-F96 -> 0.1895 | H96: -0.04 | I96: 0.1305 | J96: =H96-I96 -> -0.1705 | K96: 0.11 | L96: 0.1305 | M96: =K96-L96 -> -0.0205 | N96: 0.14 | O96: 0.1305 | P96: =N96-O96 -> 0.0095 | Q96: 0.15 | R96: 0.1305 | S96: =Q96-R96 -> 0.0195 | T96: 0.22 | U96: 0.1305 | V96: =T96-U96 -> 0.0895 | W96: 0.22 | X96: 0.1305 | Y96: =W96-X96 -> 0.0895 | Z96: 0.2 | AA96: 0.1305 | AB96: =Z96-AA96 -> 0.0695 | AC96: 0.25 | AD96: 0.1305 | AE96: =AC96-AD96 -> 0.1195 | AF96: =AVERAGE(D96,G96,J96,M96,P96,S96,V96,Y96,AB96,AE96) -> 0.0835 | AG96: 1291.09 | AH96: =AG96/$AG$137 -> 0.016986149 | AI96: =AF96*AH96 -> 0.0014183434 | AJ96: 3439.26 | AK96: 0.65 | AL96: 1.97
A97: Bajaj Electricals Ltd. | B97: 0.44 | C97: 0.1305 | D97: =B97-C97 -> 0.3095 | E97: 0.38 | F97: 0.1305 | G97: =E97-F97 -> 0.2495 | H97: 0.29 | I97: 0.1305 | J97: =H97-I97 -> 0.1595 | K97: 0.13 | L97: 0.1305 | M97: =K97-L97 -> -0.0005 | N97: 0.07 | O97: 0.1305 | P97: =N97-O97 -> -0.0605 | Q97: 0.08 | R97: 0.1305 | S97: =Q97-R97 -> -0.0505 | T97: 0.21 | U97: 0.1305 | V97: =T97-U97 -> 0.0795 | W97: 0.15 | X97: 0.1305 | Y97: =W97-X97 -> 0.0195 | Z97: 0.19 | AA97: 0.1305 | AB97: =Z97-AA97 -> 0.0595 | AC97: 0.17 | AD97: 0.1305 | AE97: =AC97-AD97 -> 0.0395 | AF97: =AVERAGE(D97,G97,J97,M97,P97,S97,V97,Y97,AB97,AE97) -> 0.0805 | AG97: 2565.37 | AH97: =AG97/$AG$137 -> 0.033751138 | AI97: =AF97*AH97 -> 0.0027169666 | AJ97: 4496.08 | AK97: 1.51 | AL97: 6.16
A98: Amber Enterprises India Ltd. | B98: NA | C98: 0.1305 | D98: NA | E98: NA | F98: 0.1305 | G98: NA | H98: NA | I98: 0.1305 | J98: NA | K98: 0.13 | L98: 0.1305 | M98: =K98-L98 -> -0.0005 | N98: 0.12 | O98: 0.1305 | P98: =N98-O98 -> -0.0105 | Q98: 0.15 | R98: 0.1305 | S98: =Q98-R98 -> 0.0195 | T98: 0.14 | U98: 0.1305 | V98: =T98-U98 -> 0.0095 | W98: 0.14 | X98: 0.1305 | Y98: =W98-X98 -> 0.0095 | Z98: 0.16 | AA98: 0.1305 | AB98: =Z98-AA98 -> 0.0295 | AC98: 0.14 | AD98: 0.1305 | AE98: =AC98-AD98 -> 0.0095 | AF98: =AVERAGE(D98,G98,J98,M98,P98,S98,V98,Y98,AB98,AE98) -> 0.0095 | AG98: 1464.29 | AH98: =AG98/$AG$137 -> 0.019264844 | AI98: =AF98*AH98 -> 0.00018301602 | AJ98: 2902.82 | AK98: 0.3 | AL98: NA
A99: Orient Electric Ltd | B99: NA | C99: 0.1305 | D99: NA | E99: NA | F99: 0.1305 | G99: NA | H99: NA | I99: 0.1305 | J99: NA | K99: NA | L99: 0.1305 | M99: NA | N99: NA | O99: 0.1305 | P99: NA | Q99: NA | R99: 0.1305 | S99: NA | T99: NA | U99: 0.1305 | V99: NA | W99: NA | X99: 0.1305 | Y99: NA | Z99: 0.29 | AA99: 0.1305 | AB99: =Z99-AA99 -> 0.1595 | AC99: 0.29 | AD99: 0.1305 | AE99: =AC99-AD99 -> 0.1595 | AF99: =AVERAGE(D99,G99,J99,M99,P99,S99,V99,Y99,AB99,AE99) -> 0.1595 | AG99: 449.93 | AH99: =AG99/$AG$137 -> 0.0059194773 | AI99: =AF99*AH99 -> 0.00094415663 | AJ99: 843.97 | AK99: 0.41 | AL99: NA
A100: Hawkins Cooker Ltd | B100: 1.33 | C100: 0.1305 | D100: =B100-C100 -> 1.1995 | E100: 0.91 | F100: 0.1305 | G100: =E100-F100 -> 0.7795 | H100: 0.78 | I100: 0.1305 | J100: =H100-I100 -> 0.6495 | K100: 0.75 | L100: 0.1305 | M100: =K100-L100 -> 0.6195 | N100: 0.77 | O100: 0.1305 | P100: =N100-O100 -> 0.6395 | Q100: 0.65 | R100: 0.1305 | S100: =Q100-R100 -> 0.5195 | T100: 0.79 | U100: 0.1305 | V100: =T100-U100 -> 0.6595 | W100: 0.66 | X100: 0.1305 | Y100: =W100-X100 -> 0.5295 | Z100: 0.58 | AA100: 0.1305 | AB100: =Z100-AA100 -> 0.4495 | AC100: 0.61 | AD100: 0.1305 | AE100: =AC100-AD100 -> 0.4795 | AF100: =AVERAGE(D100,G100,J100,M100,P100,S100,V100,Y100,AB100,AE100) -> 0.6525 | AG100: 167.72 | AH100: =AG100/$AG$137 -> 0.0022065982 | AI100: =AF100*AH100 -> 0.0014398053 | AJ100: 298.33 | AK100: 0.2 | AL100: 13.83
A101: IFB Industries Ltd | B101: 0.44 | C101: 0.1305 | D101: =B101-C101 -> 0.3095 | E101: 0.39 | F101: 0.1305 | G101: =E101-F101 -> 0.2595 | H101: 0.17 | I101: 0.1305 | J101: =H101-I101 -> 0.0395 | K101: 0.15 | L101: 0.1305 | M101: =K101-L101 -> 0.0195 | N101: 0.09 | O101: 0.1305 | P101: =N101-O101 -> -0.0405 | Q101: 0.13 | R101: 0.1305 | S101: =Q101-R101 -> -0.0005 | T101: 0.07 | U101: 0.1305 | V101: =T101-U101 -> -0.0605 | W101: 0.15 | X101: 0.1305 | Y101: =W101-X101 -> 0.0195 | Z101: 0.2 | AA101: 0.1305 | AB101: =Z101-AA101 -> 0.0695 | AC101: 0.13 | AD101: 0.1305 | AE101: =AC101-AD101 -> -0.0005 | AF101: =AVERAGE(D101,G101,J101,M101,P101,S101,V101,Y101,AB101,AE101) -> 0.0615 | AG101: 735.52 | AH101: =AG101/$AG$137 -> 0.0096768252 | AI101: =AF101*AH101 -> 0.00059512475 | AJ101: 1344.19 | AK101: 0.13 | AL101: 12.13
A102: Genus Power Infrastructures Ltd | B102: 0.17 | C102: 0.1305 | D102: =B102-C102 -> 0.0395 | E102: 0.18 | F102: 0.1305 | G102: =E102-F102 -> 0.0495 | H102: 0.13 | I102: 0.1305 | J102: =H102-I102 -> -0.0005 | K102: 0.12 | L102: 0.1305 | M102: =K102-L102 -> -0.0105 | N102: 0.13 | O102: 0.1305 | P102: =N102-O102 -> -0.0005 | Q102: 0.15 | R102: 0.1305 | S102: =Q102-R102 -> 0.0195 | T102: 0.15 | U102: 0.1305 | V102: =T102-U102 -> 0.0195 | W102: 0.12 | X102: 0.1305 | Y102: =W102-X102 -> -0.0105 | Z102: 0.14 | AA102: 0.1305 | AB102: =Z102-AA102 -> 0.0095 | AC102: 0.1 | AD102: 0.1305 | AE102: =AC102-AD102 -> -0.0305 | AF102: =AVERAGE(D102,G102,J102,M102,P102,S102,V102,Y102,AB102,AE102) -> 0.0085 | AG102: 1059.17 | AH102: =AG102/$AG$137 -> 0.013934907 | AI102: =AF102*AH102 -> 0.00011844671 | AJ102: 1381.76 | AK102: 0.3 | AL102: -1.62
A103: Timex Group India Ltd | B103: 0.1 | C103: 0.1305 | D103: =B103-C103 -> -0.0305 | E103: 0.27 | F103: 0.1305 | G103: =E103-F103 -> 0.1395 | H103: 0.1 | I103: 0.1305 | J103: =H103-I103 -> -0.0305 | K103: -0.67 | L103: 0.1305 | M103: =K103-L103 -> -0.8005 | N103: -1.15 | O103: 0.1305 | P103: =N103-O103 -> -1.2805 | Q103: -0.72 | R103: 0.1305 | S103: =Q103-R103 -> -0.8505 | T103: -0.45 | U103: 0.1305 | V103: =T103-U103 -> -0.5805 | W103: -0.02 | X103: 0.1305 | Y103: =W103-X103 -> -0.1505 | Z103: 0.25 | AA103: 0.1305 | AB103: =Z103-AA103 -> 0.1195 | AC103: 0.22 | AD103: 0.1305 | AE103: =AC103-AD103 -> 0.0895 | AF103: =AVERAGE(D103,G103,J103,M103,P103,S103,V103,Y103,AB103,AE103) -> -0.3375 | AG103: 61.4 | AH103: =AG103/$AG$137 -> 0.00080780545 | AI103: =AF103*AH103 -> -0.00027263434 | AJ103: 135.77 | AK103: 1.64 | AL103: -2.72
A104: Hind Rectifiers Ltd | B104: 0.21 | C104: 0.1305 | D104: =B104-C104 -> 0.0795 | E104: 0.22 | F104: 0.1305 | G104: =E104-F104 -> 0.0895 | H104: 0.19 | I104: 0.1305 | J104: =H104-I104 -> 0.0595 | K104: 0.14 | L104: 0.1305 | M104: =K104-L104 -> 0.0095 | N104: -0.06 | O104: 0.1305 | P104: =N104-O104 -> -0.1905 | Q104: -0.04 | R104: 0.1305 | S104: =Q104-R104 -> -0.1705 | T104: 0.01 | U104: 0.1305 | V104: =T104-U104 -> -0.1205 | W104: 0.03 | X104: 0.1305 | Y104: =W104-X104 -> -0.1005 | Z104: 0.08 | AA104: 0.1305 | AB104: =Z104-AA104 -> -0.0505 | AC104: 0.19 | AD104: 0.1305 | AE104: =AC104-AD104 -> 0.0595 | AF104: =AVERAGE(D104,G104,J104,M104,P104,S104,V104,Y104,AB104,AE104) -> -0.0335 | AG104: 159.43 | AH104: =AG104/$AG$137 -> 0.0020975313 | AI104: =AF104*AH104 -> -7.0267299e-05 | AJ104: 220.65 | AK104: 0.77 | AL104: 7.57
A105: Butterfly Gandhimathi Appliances Ltd | B105: 0.42 | C105: 0.1305 | D105: =B105-C105 -> 0.2895 | E105: NA | F105: 0.1305 | G105: NA | H105: 0.41 | I105: 0.1305 | J105: =H105-I105 -> 0.2795 | K105: 0.3 | L105: 0.1305 | M105: =K105-L105 -> 0.1695 | N105: 0.17 | O105: 0.1305 | P105: =N105-O105 -> 0.0395 | Q105: 0.08 | R105: 0.1305 | S105: =Q105-R105 -> -0.0505 | T105: 0.13 | U105: 0.1305 | V105: =T105-U105 -> -0.0005 | W105: -0.08 | X105: 0.1305 | Y105: =W105-X105 -> -0.2105 | Z105: 0.07 | AA105: 0.1305 | AB105: =Z105-AA105 -> -0.0605 | AC105: 0.1 | AD105: 0.1305 | AE105: =AC105-AD105 -> -0.0305 | AF105: =AVERAGE(D105,G105,J105,M105,P105,S105,V105,Y105,AB105,AE105) -> 0.047277778 | AG105: 370.21 | AH105: =AG105/$AG$137 -> 0.0048706459 | AI105: =AF105*AH105 -> 0.00023027331 | AJ105: 570.09 | AK105: 0.86 | AL105: 4.59
...

Sheet Data Sheet 2
A1: Industry/Companies | B1: 2010 | E1: 2011 | H1: 2012 | K1: 2013 | N1: 2014 | Q1: 2015 | T1: 2016 | W1: 2017 | Z1: 2018 | AC1: 2019 | AF1: Average | AG1: Total Capital | AH1: Weight | AI1: Weighted Average | AJ1: Total Assets | AK1: Debt-to-Equity Ratio | AL1: 10-Year Returns | AM1: Median
B2: RoCE | C2: CoC | D2: RoCE - CoC | E2: RoCE | F2: CoC | G2: RoCE - CoC | H2: RoCE | I2: CoC | J2: RoCE - CoC | K2: RoCE | L2: CoC | M2: RoCE - CoC | N2: RoCE | O2: CoC | P2: RoCE - CoC | Q2: RoCE | R2: CoC | S2: RoCE - CoC | T2: RoCE | U2: CoC | V2: RoCE - CoC | W2: RoCE | X2: CoC | Y2: RoCE - CoC | Z2: RoCE | AA2: CoC | AB2: RoCE - CoC | AC2: RoCE | AD2: CoC | AE2: RoCE - CoC
A3: Auto Ancilliaries
A4: Bosch Ltd | B4: 0.3 | C4: 0.1305 | D4: =B4-C4 -> 0.1695 | E4: 0.32 | F4: 0.1305 | G4: =E4-F4 -> 0.1895 | H4: 0.23 | I4: 0.1305 | J4: =H4-I4 -> 0.0995 | K4: 0.19 | L4: 0.1305 | M4: =K4-L4 -> 0.0595 | N4: NA | O4: 0.1305 | P4: NA | Q4: 0.26 | R4: 0.1305 | S4: =Q4-R4 -> 0.1295 | T4: 0.22 | U4: 0.1305 | V4: =T4-U4 -> 0.0895 | W4: 0.26 | X4: 0.1305 | Y4: =W4-X4 -> 0.1295 | Z4: 0.23 | AA4: 0.1305 | AB4: =Z4-AA4 -> 0.0995 | AC4: 0.25 | AD4: 0.1305 | AE4: =AC4-AD4 -> 0.1195 | AF4: =AVERAGE(D4,G4,J4,M4,P4,S4,V4,Y4,AB4,AE4) -> 0.12061111 | AG4: 9343.26 | AH4: =AG4/$AG$103 -> 0.086576198 | AI4: =AF4*AH4 -> 0.010442051 | AJ4: 13320.04 | AK4: 0.01 | AL4: 6.99
A5: Motherson Sumi Systems Ltd | B5: 0.23 | C5: 0.1305 | D5: =B5-C5 -> 0.0995 | E5: 0.28 | F5: 0.1305 | G5: =E5-F5 -> 0.1495 | H5: 0.12 | I5: 0.1305 | J5: =H5-I5 -> -0.0105 | K5: 0.16 | L5: 0.1305 | M5: =K5-L5 -> 0.0295 | N5: 0.25 | O5: 0.1305 | P5: =N5-O5 -> 0.1195 | Q5: 0.28 | R5: 0.1305 | S5: =Q5-R5 -> 0.1495 | T5: 0.28 | U5: 0.1305 | V5: =T5-U5 -> 0.1495 | W5: 0.24 | X5: 0.1305 | Y5: =W5-X5 -> 0.1095 | Z5: 0.2 | AA5: 0.1305 | AB5: =Z5-AA5 -> 0.0695 | AC5: 0.17 | AD5: 0.1305 | AE5: =AC5-AD5 -> 0.0395 | AF5: =AVERAGE(D5,G5,J5,M5,P5,S5,V5,Y5,AB5,AE5) -> 0.0905 | AG5: 23466.62 | AH5: =AG5/$AG$103 -> 0.2174456 | AI5: =AF5*AH5 -> 0.019678826 | AJ5: 43590.42 | AK5: 1.13 | AL5: 17.72
A6: WABCO India Ltd | B6: 0.45 | C6: 0.1305 | D6: =B6-C6 -> 0.3195 | E6: 0.57 | F6: 0.1305 | G6: =E6-F6 -> 0.4395 | H6: 0.47 | I6: 0.1305 | J6: =H6-I6 -> 0.3395 | K6: 0.31 | L6: 0.1305 | M6: =K6-L6 -> 0.1795 | N6: 0.23 | O6: 0.1305 | P6: =N6-O6 -> 0.0995 | Q6: 0.21 | R6: 0.1305 | S6: =Q6-R6 -> 0.0795 | T6: 0.27 | U6: 0.1305 | V6: =T6-U6 -> 0.1395 | W6: 0.24 | X6: 0.1305 | Y6: =W6-X6 -> 0.1095 | Z6: 0.26 | AA6: 0.1305 | AB6: =Z6-AA6 -> 0.1295 | AC6: 0.23 | AD6: 0.1305 | AE6: =AC6-AD6 -> 0.0995 | AF6: =AVERAGE(D6,G6,J6,M6,P6,S6,V6,Y6,AB6,AE6) -> 0.1935 | AG6: 1894.54 | AH6: =AG6/$AG$103 -> 0.017555122 | AI6: =AF6*AH6 -> 0.0033969161 | AJ6: 2180.7 | AK6: 0 | AL6: 25.37
A7: Exide Industries Ltd | B7: 0.52 | C7: 0.1305 | D7: =B7-C7 -> 0.3895 | E7: 0.4 | F7: 0.1305 | G7: =E7-F7 -> 0.2695 | H7: 0.26 | I7: 0.1305 | J7: =H7-I7 -> 0.1295 | K7: 0.27 | L7: 0.1305 | M7: =K7-L7 -> 0.1395 | N7: 0.24 | O7: 0.1305 | P7: =N7-O7 -> 0.1095 | Q7: 0.23 | R7: 0.1305 | S7: =Q7-R7 -> 0.0995 | T7: 0.26 | U7: 0.1305 | V7: =T7-U7 -> 0.1295 | W7: 0.26 | X7: 0.1305 | Y7: =W7-X7 -> 0.1295 | Z7: 0.23 | AA7: 0.1305 | AB7: =Z7-AA7 -> 0.0995 | AC7: 0.22 | AD7: 0.1305 | AE7: =AC7-AD7 -> 0.0895 | AF7: =AVERAGE(D7,G7,J7,M7,P7,S7,V7,Y7,AB7,AE7) -> 0.1585 | AG7: 6687.35 | AH7: =AG7/$AG$103 -> 0.061966095 | AI7: =AF7*AH7 -> 0.0098216261 | AJ7: 23802.61 | AK7: 0.03 | AL7: 3.09
A8: Amara Raja Batteries Ltd | B8: 0.38 | C8: 0.1305 | D8: =B8-C8 -> 0.2495 | E8: 0.32 | F8: 0.1305 | G8: =E8-F8 -> 0.1895 | H8: 0.39 | I8: 0.1305 | J8: =H8-I8 -> 0.2595 | K8: 0.42 | L8: 0.1305 | M8: =K8-L8 -> 0.2895 | N8: 0.42 | O8: 0.1305 | P8: =N8-O8 -> 0.2895 | Q8: 0.38 | R8: 0.1305 | S8: =Q8-R8 -> 0.2495 | T8: 0.36 | U8: 0.1305 | V8: =T8-U8 -> 0.2295 | W8: 0.29 | X8: 0.1305 | Y8: =W8-X8 -> 0.1595 | Z8: 0.25 | AA8: 0.1305 | AB8: =Z8-AA8 -> 0.1195 | AC8: 0.23 | AD8: 0.1305 | AE8: =AC8-AD8 -> 0.0995 | AF8: =AVERAGE(D8,G8,J8,M8,P8,S8,V8,Y8,AB8,AE8) -> 0.2135 | AG8: 3727.05 | AH8: =AG8/$AG$103 -> 0.034535464 | AI8: =AF8*AH8 -> 0.0073733215 | AJ8: 5000.59 | AK8: 0.02 | AL8: 22.6
A9: Endurance Technologies Ltd | B9: NA | C9: 0.1305 | D9: NA | E9: 0.2 | F9: 0.1305 | G9: =E9-F9 -> 0.0695 | H9: 0.22 | I9: 0.1305 | J9: =H9-I9 -> 0.0895 | K9: 0.2 | L9: 0.1305 | M9: =K9-L9 -> 0.0695 | N9: 0.21 | O9: 0.1305 | P9: =N9-O9 -> 0.0795 | Q9: 0.22 | R9: 0.1305 | S9: =Q9-R9 -> 0.0895 | T9: 0.22 | U9: 0.1305 | V9: =T9-U9 -> 0.0895 | W9: 0.21 | X9: 0.1305 | Y9: =W9-X9 -> 0.0795 | Z9: 0.23 | AA9: 0.1305 | AB9: =Z9-AA9 -> 0.0995 | AC9: 0.25 | AD9: 0.1305 | AE9: =AC9-AD9 -> 0.1195 | AF9: =AVERAGE(D9,G9,J9,M9,P9,S9,V9,Y9,AB9,AE9) -> 0.087277778 | AG9: 3238.57 | AH9: =AG9/$AG$103 -> 0.030009127 | AI9: =AF9*AH9 -> 0.0026191299 | AJ9: 4860.71 | AK9: 0.16 | AL9: NA
A10: Minda Industries Ltd | B10: 0.17 | C10: 0.1305 | D10: =B10-C10 -> 0.0395 | E10: 0.19 | F10: 0.1305 | G10: =E10-F10 -> 0.0595 | H10: 0.07 | I10: 0.1305 | J10: =H10-I10 -> -0.0605 | K10: 0.11 | L10: 0.1305 | M10: =K10-L10 -> -0.0205 | N10: 0.06 | O10: 0.1305 | P10: =N10-O10 -> -0.0705 | Q10: 0.14 | R10: 0.1305 | S10: =Q10-R10 -> 0.0095 | T10: 0.21 | U10: 0.1305 | V10: =T10-U10 -> 0.0795 | W10: 0.23 | X10: 0.1305 | Y10: =W10-X10 -> 0.0995 | Z10: 0.25 | AA10: 0.1305 | AB10: =Z10-AA10 -> 0.1195 | AC10: 0.22 | AD10: 0.1305 | AE10: =AC10-AD10 -> 0.0895 | AF10: =AVERAGE(D10,G10,J10,M10,P10,S10,V10,Y10,AB10,AE10) -> 0.0345 | AG10: 2795.22 | AH10: =AG10/$AG$103 -> 0.025900972 | AI10: =AF10*AH10 -> 0.00089358355 | AJ10: 4334.3 | AK10: 0.57 | AL10: 31.78
A11: Timken India Ltd | B11: 0.2 | C11: 0.1305 | D11: =B11-C11 -> 0.0695 | E11: NA | F11: 0.1305 | G11: NA | H11: 0.3 | I11: 0.1305 | J11: =H11-I11 -> 0.1695 | K11: 0.19 | L11: 0.1305 | M11: =K11-L11 -> 0.0595 | N11: 0.19 | O11: 0.1305 | P11: =N11-O11 -> 0.0595 | Q11: 0.3 | R11: 0.1305 | S11: =Q11-R11 -> 0.1695 | T11: 0.3 | U11: 0.1305 | V11: =T11-U11 -> 0.1695 | W11: 0.24 | X11: 0.1305 | Y11: =W11-X11 -> 0.1095 | Z11: 0.21 | AA11: 0.1305 | AB11: =Z11-AA11 -> 0.0795 | AC11: 0.22 | AD11: 0.1305 | AE11: =AC11-AD11 -> 0.0895 | AF11: =AVERAGE(D11,G11,J11,M11,P11,S11,V11,Y11,AB11,AE11) -> 0.10838889 | AG11: 1457.44 | AH11: =AG11/$AG$103 -> 0.013504881 | AI11: =AF11*AH11 -> 0.001463779 | AJ11: 1875.43 | AK11: 0.02 | AL11: 22.16
A12: Sundaram Clayton Ltd | B12: 0 | C12: 0.1305 | D12: =B12-C12 -> -0.1305 | E12: 0.13 | F12: 0.1305 | G12: =E12-F12 -> -0.0005 | H12: 0.17 | I12: 0.1305 | J12: =H12-I12 -> 0.0395 | K12: 0.14 | L12: 0.1305 | M12: =K12-L12 -> 0.0095 | N12: 0.17 | O12: 0.1305 | P12: =N12-O12 -> 0.0395 | Q12: 0.21 | R12: 0.1305 | S12: =Q12-R12 -> 0.0795 | T12: 0.24 | U12: 0.1305 | V12: =T12-U12 -> 0.1095 | W12: 0.25 | X12: 0.1305 | Y12: =W12-X12 -> 0.1195 | Z12: 0.19 | AA12: 0.1305 | AB12: =Z12-AA12 -> 0.0595 | AC12: 0.17 | AD12: 0.1305 | AE12: =AC12-AD12 -> 0.0395 | AF12: =AVERAGE(D12,G12,J12,M12,P12,S12,V12,Y12,AB12,AE12) -> 0.0365 | AG12: 12262.57 | AH12: =AG12/$AG$103 -> 0.11362701 | AI12: =AF12*AH12 -> 0.0041473858 | AJ12: 20612.1 | AK12: 3.98 | AL12: 20.51
A13: Federal-Mogul Goetze (India) Ltd | B13: 0.2 | C13: 0.1305 | D13: =B13-C13 -> 0.0695 | E13: 0.19 | F13: 0.1305 | G13: =E13-F13 -> 0.0595 | H13: 0.09 | I13: 0.1305 | J13: =H13-I13 -> -0.0405 | K13: 0.14 | L13: 0.1305 | M13: =K13-L13 -> 0.0095 | N13: NA | O13: 0.1305 | P13: NA | Q13: 0.18 | R13: 0.1305 | S13: =Q13-R13 -> 0.0495 | T13: 0.18 | U13: 0.1305 | V13: =T13-U13 -> 0.0495 | W13: 0.21 | X13: 0.1305 | Y13: =W13-X13 -> 0.0795 | Z13: 0.23 | AA13: 0.1305 | AB13: =Z13-AA13 -> 0.0995 | AC13: 0.2 | AD13: 0.1305 | AE13: =AC13-AD13 -> 0.0695 | AF13: =AVERAGE(D13,G13,J13,M13,P13,S13,V13,Y13,AB13,AE13) -> 0.0495 | AG13: 815.75 | AH13: =AG13/$AG$103 -> 0.0075588749 | AI13: =AF13*AH13 -> 0.00037416431 | AJ13: 1183.66 | AK13: 0 | AL13: 14.81
A14: Varroc Engineering Ltd | B14: NA | C14: 0.1305 | D14: NA | E14: NA | F14: 0.1305 | G14: NA | H14: NA | I14: 0.1305 | J14: NA | K14: NA | L14: 0.1305 | M14: NA | N14: 0.07 | O14: 0.1305 | P14: =N14-O14 -> -0.0605 | Q14: 0.07 | R14: 0.1305 | S14: =Q14-R14 -> -0.0605 | T14: 0.11 | U14: 0.1305 | V14: =T14-U14 -> -0.0205 | W14: 0.12 | X14: 0.1305 | Y14: =W14-X14 -> -0.0105 | Z14: 0.16 | AA14: 0.1305 | AB14: =Z14-AA14 -> 0.0295 | AC14: 0.13 | AD14: 0.1305 | AE14: =AC14-AD14 -> -0.0005 | AF14: =AVERAGE(D14,G14,J14,M14,P14,S14,V14,Y14,AB14,AE14) -> -0.0205 | AG14: 5689.12 | AH14: =AG14/$AG$103 -> 0.05271633 | AI14: =AF14*AH14 -> -0.0010806848 | AJ14: 9514.88 | AK14: 0.81 | AL14: NA
A15: Suprajit Engineering Ltd | B15: 0.32 | C15: 0.1305 | D15: =B15-C15 -> 0.1895 | E15: 0.36 | F15: 0.1305 | G15: =E15-F15 -> 0.2295 | H15: 0.34 | I15: 0.1305 | J15: =H15-I15 -> 0.2095 | K15: 0.29 | L15: 0.1305 | M15: =K15-L15 -> 0.1595 | N15: 0.27 | O15: 0.1305 | P15: =N15-O15 -> 0.1395 | Q15: 0.23 | R15: 0.1305 | S15: =Q15-R15 -> 0.0995 | T15: 0.25 | U15: 0.1305 | V15: =T15-U15 -> 0.1195 | W15: 0.24 | X15: 0.1305 | Y15: =W15-X15 -> 0.1095 | Z15: 0.23 | AA15: 0.1305 | AB15: =Z15-AA15 -> 0.0995 | AC15: 0.22 | AD15: 0.1305 | AE15: =AC15-AD15 -> 0.0895 | AF15: =AVERAGE(D15,G15,J15,M15,P15,S15,V15,Y15,AB15,AE15) -> 0.1445 | AG15: 1160.6 | AH15: =AG15/$AG$103 -> 0.010754312 | AI15: =AF15*AH15 -> 0.0015539981 | AJ15: 1535.2 | AK15: 0.39 | AL15: 20.73
A16: Minda Corporation Ltd | B16: 0.12 | C16: 0.1305 | D16: =B16-C16 -> -0.0105 | E16: 0.16 | F16: 0.1305 | G16: =E16-F16 -> 0.0295 | H16: 0.16 | I16: 0.1305 | J16: =H16-I16 -> 0.0295 | K16: 0.08 | L16: 0.1305 | M16: =K16-L16 -> -0.0505 | N16: 0.12 | O16: 0.1305 | P16: =N16-O16 -> -0.0105 | Q16: 0.16 | R16: 0.1305 | S16: =Q16-R16 -> 0.0295 | T16: 0.17 | U16: 0.1305 | V16: =T16-U16 -> 0.0395 | W16: 0.13 | X16: 0.1305 | Y16: =W16-X16 -> -0.0005 | Z16: 0.18 | AA16: 0.1305 | AB16: =Z16-AA16 -> 0.0495 | AC16: 0.16 | AD16: 0.1305 | AE16: =AC16-AD16 -> 0.0295 | AF16: =AVERAGE(D16,G16,J16,M16,P16,S16,V16,Y16,AB16,AE16) -> 0.0135 | AG16: 1803.01 | AH16: =AG16/$AG$103 -> 0.01670699 | AI16: =AF16*AH16 -> 0.00022554436 | AJ16: 2451.09 | AK16: 0.46 | AL16: NA
A17: Shriram Pistons & Rings Ltd | B17: 0.25 | C17: 0.1305 | D17: =B17-C17 -> 0.1195 | E17: 0.24 | F17: 0.1305 | G17: =E17-F17 -> 0.1095 | H17: 0.19 | I17: 0.1305 | J17: =H17-I17 -> 0.0595 | K17: 0.12 | L17: 0.1305 | M17: =K17-L17 -> -0.0105 | N17: 0.15 | O17: 0.1305 | P17: =N17-O17 -> 0.0195 | Q17: 0.12 | R17: 0.1305 | S17: =Q17-R17 -> -0.0105 | T17: 0.16 | U17: 0.1305 | V17: =T17-U17 -> 0.0295 | W17: 0.19 | X17: 0.1305 | Y17: =W17-X17 -> 0.0595 | Z17: 0.21 | AA17: 0.1305 | AB17: =Z17-AA17 -> 0.0795 | AC17: 0.2 | AD17: 0.1305 | AE17: =AC17-AD17 -> 0.0695 | AF17: =AVERAGE(D17,G17,J17,M17,P17,S17,V17,Y17,AB17,AE17) -> 0.0525 | AG17: 1095.14 | AH17: =AG17/$AG$103 -> 0.010147749 | AI17: =AF17*AH17 -> 0.00053275682 | AJ17: 1563.39 | AK17: 0.04 | AL17: NA
A18: JTEKT India Ltd | B18: 0.13 | C18: 0.1305 | D18: =B18-C18 -> -0.0005 | E18: 0.21 | F18: 0.1305 | G18: =E18-F18 -> 0.0795 | H18: 0.23 | I18: 0.1305 | J18: =H18-I18 -> 0.0995 | K18: 0.18 | L18: 0.1305 | M18: =K18-L18 -> 0.0495 | N18: 0.17 | O18: 0.1305 | P18: =N18-O18 -> 0.0395 | Q18: 0.18 | R18: 0.1305 | S18: =Q18-R18 -> 0.0495 | T18: 0.16 | U18: 0.1305 | V18: =T18-U18 -> 0.0295 | W18: 0.13 | X18: 0.1305 | Y18: =W18-X18 -> -0.0005 | Z18: 0.18 | AA18: 0.1305 | AB18: =Z18-AA18 -> 0.0495 | AC18: 0.18 | AD18: 0.1305 | AE18: =AC18-AD18 -> 0.0495 | AF18: =AVERAGE(D18,G18,J18,M18,P18,S18,V18,Y18,AB18,AE18) -> 0.0445 | AG18: 658.43 | AH18: =AG18/$AG$103 -> 0.0061011217 | AI18: =AF18*AH18 -> 0.00027149991 | AJ18: 932.36 | AK18: 0.17 | AL18: 10.24
A19: Gabriel India Ltd | B19: 0.17 | C19: 0.1305 | D19: =B19-C19 -> 0.0395 | E19: 0.24 | F19: 0.1305 | G19: =E19-F19 -> 0.1095 | H19: 0.21 | I19: 0.1305 | J19: =H19-I19 -> 0.0795 | K19: 0.17 | L19: 0.1305 | M19: =K19-L19 -> 0.0395 | N19: 0.2 | O19: 0.1305 | P19: =N19-O19 -> 0.0695 | Q19: 0.26 | R19: 0.1305 | S19: =Q19-R19 -> 0.1295 | T19: 0.27 | U19: 0.1305 | V19: =T19-U19 -> 0.1395 | W19: 0.28 | X19: 0.1305 | Y19: =W19-X19 -> 0.1495 | Z19: 0.28 | AA19: 0.1305 | AB19: =Z19-AA19 -> 0.1495 | AC19: 0.26 | AD19: 0.1305 | AE19: =AC19-AD19 -> 0.1295 | AF19: =AVERAGE(D19,G19,J19,M19,P19,S19,V19,Y19,AB19,AE19) -> 0.1035 | AG19: 659.6 | AH19: =AG19/$AG$103 -> 0.0061119631 | AI19: =AF19*AH19 -> 0.00063258818 | AJ19: 973.3 | AK19: 0.01 | AL19: 10.44
A20: Subros Ltd | B20: 0.16 | C20: 0.1305 | D20: =B20-C20 -> 0.0295 | E20: 0.12 | F20: 0.1305 | G20: =E20-F20 -> -0.0105 | H20: 0.1 | I20: 0.1305 | J20: =H20-I20 -> -0.0305 | K20: 0.1 | L20: 0.1305 | M20: =K20-L20 -> -0.0305 | N20: 0.08 | O20: 0.1305 | P20: =N20-O20 -> -0.0505 | Q20: 0.08 | R20: 0.1305 | S20: =Q20-R20 -> -0.0505 | T20: 0.09 | U20: 0.1305 | V20: =T20-U20 -> -0.0405 | W20: 0.12 | X20: 0.1305 | Y20: =W20-X20 -> -0.0105 | Z20: 0.16 | AA20: 0.1305 | AB20: =Z20-AA20 -> 0.0295 | AC20: 0.19 | AD20: 0.1305 | AE20: =AC20-AD20 -> 0.0595 | AF20: =AVERAGE(D20,G20,J20,M20,P20,S20,V20,Y20,AB20,AE20) -> -0.0105 | AG20: 911.2 | AH20: =AG20/$AG$103 -> 0.0084433304 | AI20: =AF20*AH20 -> -8.865497e-05 | AJ20: 1421.93 | AK20: 0.26 | AL20: 15.36
A21: Jamna Auto Industries Ltd | B21: 0.23 | C21: 0.1305 | D21: =B21-C21 -> 0.0995 | E21: 0.32 | F21: 0.1305 | G21: =E21-F21 -> 0.1895 | H21: 0.24 | I21: 0.1305 | J21: =H21-I21 -> 0.1095 | K21: 0.17 | L21: 0.1305 | M21: =K21-L21 -> 0.0395 | N21: 0.08 | O21: 0.1305 | P21: =N21-O21 -> -0.0505 | Q21: 0.23 | R21: 0.1305 | S21: =Q21-R21 -> 0.0995 | T21: 0.49 | U21: 0.1305 | V21: =T21-U21 -> 0.3595 | W21: 0.48 | X21: 0.1305 | Y21: =W21-X21 -> 0.3495 | Z21: 0.46 | AA21: 0.1305 | AB21: =Z21-AA21 -> 0.3295 | AC21: 0.49 | AD21: 0.1305 | AE21: =AC21-AD21 -> 0.3595 | AF21: =AVERAGE(D21,G21,J21,M21,P21,S21,V21,Y21,AB21,AE21) -> 0.1885 | AG21: 731.97 | AH21: =AG21/$AG$103 -> 0.0067825555 | AI21: =AF21*AH21 -> 0.0012785117 | AJ21: 930.74 | AK21: 0.42 | AL21: 11.94
A22: Wheels India Ltd | B22: 0.1 | C22: 0.1305 | D22: =B22-C22 -> -0.0305 | E22: 0.15 | F22: 0.1305 | G22: =E22-F22 -> 0.0195 | H22: 0.21 | I22: 0.1305 | J22: =H22-I22 -> 0.0795 | K22: 0.15 | L22: 0.1305 | M22: =K22-L22 -> 0.0195 | N22: 0.14 | O22: 0.1305 | P22: =N22-O22 -> 0.0095 | Q22: 0.13 | R22: 0.1305 | S22: =Q22-R22 -> -0.0005 | T22: 0.14 | U22: 0.1305 | V22: =T22-U22 -> 0.0095 | W22: 0.15 | X22: 0.1305 | Y22: =W22-X22 -> 0.0195 | Z22: 0.15 | AA22: 0.1305 | AB22: =Z22-AA22 -> 0.0195 | AC22: 0.17 | AD22: 0.1305 | AE22: =AC22-AD22 -> 0.0395 | AF22: =AVERAGE(D22,G22,J22,M22,P22,S22,V22,Y22,AB22,AE22) -> 0.0185 | AG22: 1025.43 | AH22: =AG22/$AG$103 -> 0.0095018046 | AI22: =AF22*AH22 -> 0.00017578338 | AJ22: 1791.1 | AK22: 0.73 | AL22: 17.83
A23: Sandhar Technologies Limited | B23: NA | C23: 0.1305 | D23: NA | E23: NA | F23: 0.1305 | G23: NA | H23: NA | I23: 0.1305 | J23: NA | K23: NA | L23: 0.1305 | M23: NA | N23: NA | O23: 0.1305 | P23: NA | Q23: 0.18 | R23: 0.1305 | S23: =Q23-R23 -> 0.0495 | T23: 0.14 | U23: 0.1305 | V23: =T23-U23 -> 0.0095 | W23: 0.13 | X23: 0.1305 | Y23: =W23-X23 -> -0.0005 | Z23: 0.15 | AA23: 0.1305 | AB23: =Z23-AA23 -> 0.0195 | AC23: 0.16 | AD23: 0.1305 | AE23: =AC23-AD23 -> 0.0295 | AF23: =AVERAGE(D23,G23,J23,M23,P23,S23,V23,Y23,AB23,AE23) -> 0.0215 | AG23: 1044.53 | AH23: =AG23/$AG$103 -> 0.0096787884 | AI23: =AF23*AH23 -> 0.00020809395 | AJ23: 1445.08 | AK23: 0.42 | AL23: NA
A24: Lumax Industries Ltd | B24: 0.07 | C24: 0.1305 | D24: =B24-C24 -> -0.0605 | E24: 0.16 | F24: 0.1305 | G24: =E24-F24 -> 0.0295 | H24: 0.09 | I24: 0.1305 | J24: =H24-I24 -> -0.0405 | K24: 0.1 | L24: 0.1305 | M24: =K24-L24 -> -0.0305 | N24: 0.06 | O24: 0.1305 | P24: =N24-O24 -> -0.0705 | Q24: 0.09 | R24: 0.1305 | S24: =Q24-R24 -> -0.0405 | T24: 0.16 | U24: 0.1305 | V24: =T24-U24 -> 0.0295 | W24: 0.19 | X24: 0.1305 | Y24: =W24-X24 -> 0.0595 | Z24: 0.24 | AA24: 0.1305 | AB24: =Z24-AA24 -> 0.1095 | AC24: 0.22 | AD24: 0.1305 | AE24: =AC24-AD24 -> 0.0895 | AF24: =AVERAGE(D24,G24,J24,M24,P24,S24,V24,Y24,AB24,AE24) -> 0.0075 | AG24: 605.16 | AH24: =AG24/$AG$103 -> 0.005607513 | AI24: =AF24*AH24 -> 4.2056348e-05 | AJ24: 1164.52 | AK24: 0.66 | AL24: 16.46
A25: JBM Auto Ltd | B25: 0.1 | C25: 0.1305 | D25: =B25-C25 -> -0.0305 | E25: 0.15 | F25: 0.1305 | G25: =E25-F25 -> 0.0195 | H25: 0.18 | I25: 0.1305 | J25: =H25-I25 -> 0.0495 | K25: 0.2 | L25: 0.1305 | M25: =K25-L25 -> 0.0695 | N25: 0.22 | O25: 0.1305 | P25: =N25-O25 -> 0.0895 | Q25: 0.23 | R25: 0.1305 | S25: =Q25-R25 -> 0.0995 | T25: 0.16 | U25: 0.1305 | V25: =T25-U25 -> 0.0295 | W25: 0.16 | X25: 0.1305 | Y25: =W25-X25 -> 0.0295 | Z25: 0.18 | AA25: 0.1305 | AB25: =Z25-AA25 -> 0.0495 | AC25: 0.18 | AD25: 0.1305 | AE25: =AC25-AD25 -> 0.0495 | AF25: =AVERAGE(D25,G25,J25,M25,P25,S25,V25,Y25,AB25,AE25) -> 0.0455 | AG25: 971.34 | AH25: =AG25/$AG$103 -> 0.0090005977 | AI25: =AF25*AH25 -> 0.00040952719 | AJ25: 1568.03 | AK25: 0.88 | AL25: 25.18
A26: Automotive Axles Ltd | B26: 0.28 | C26: 0.1305 | D26: =B26-C26 -> 0.1495 | E26: 0.32 | F26: 0.1305 | G26: =E26-F26 -> 0.1895 | H26: 0.24 | I26: 0.1305 | J26: =H26-I26 -> 0.1095 | K26: 0.08 | L26: 0.1305 | M26: =K26-L26 -> -0.0505 | N26: 0.09 | O26: 0.1305 | P26: =N26-O26 -> -0.0405 | Q26: 0.06 | R26: 0.1305 | S26: =Q26-R26 -> -0.0705 | T26: 0.16 | U26: 0.1305 | V26: =T26-U26 -> 0.0295 | W26: 0.21 | X26: 0.1305 | Y26: =W26-X26 -> 0.0795 | Z26: 0.31 | AA26: 0.1305 | AB26: =Z26-AA26 -> 0.1795 | AC26: 0.35 | AD26: 0.1305 | AE26: =AC26-AD26 -> 0.2195 | AF26: =AVERAGE(D26,G26,J26,M26,P26,S26,V26,Y26,AB26,AE26) -> 0.0795 | AG26: 563.09 | AH26: =AG26/$AG$103 -> 0.0052176854 | AI26: =AF26*AH26 -> 0.00041480599 | AJ26: 728.49 | AK26: 0.06 | AL26: 3.01
A27: Igarashi Motors India Ltd | B27: 0.12 | C27: 0.1305 | D27: =B27-C27 -> -0.0105 | E27: 0.16 | F27: 0.1305 | G27: =E27-F27 -> 0.0295 | H27: 0.2 | I27: 0.1305 | J27: =H27-I27 -> 0.0695 | K27: 0.22 | L27: 0.1305 | M27: =K27-L27 -> 0.0895 | N27: 0.27 | O27: 0.1305 | P27: =N27-O27 -> 0.1395 | Q27: 0.27 | R27: 0.1305 | S27: =Q27-R27 -> 0.1395 | T27: 0.32 | U27: 0.1305 | V27: =T27-U27 -> 0.1895 | W27: 0.32 | X27: 0.1305 | Y27: =W27-X27 -> 0.1895 | Z27: 0.33 | AA27: 0.1305 | AB27: =Z27-AA27 -> 0.1995 | AC27: 0.19 | AD27: 0.1305 | AE27: =AC27-AD27 -> 0.0595 | AF27: =AVERAGE(D27,G27,J27,M27,P27,S27,V27,Y27,AB27,AE27) -> 0.1095 | AG27: 479.35 | AH27: =AG27/$AG$103 -> 0.0044417367 | AI27: =AF27*AH27 -> 0.00048637016 | AJ27: 686.53 | AK27: 0.14 | AL27: 15.53
A28: Shanthi Gears Ltd | B28: 0.11 | C28: 0.1305 | D28: =B28-C28 -> -0.0205 | E28: 0.19 | F28: 0.1305 | G28: =E28-F28 -> 0.0595 | H28: 0.17 | I28: 0.1305 | J28: =H28-I28 -> 0.0395 | K28: 0.08 | L28: 0.1305 | M28: =K28-L28 -> -0.0505 | N28: 0.1 | O28: 0.1305 | P28: =N28-O28 -> -0.0305 | Q28: 0.05 | R28: 0.1305 | S28: =Q28-R28 -> -0.0805 | T28: 0.08 | U28: 0.1305 | V28: =T28-U28 -> -0.0505 | W28: 0.1 | X28: 0.1305 | Y28: =W28-X28 -> -0.0305 | Z28: 0.1 | AA28: 0.1305 | AB28: =Z28-AA28 -> -0.0305 | AC28: 0.13 | AD28: 0.1305 | AE28: =AC28-AD28 -> -0.0005 | AF28: =AVERAGE(D28,G28,J28,M28,P28,S28,V28,Y28,AB28,AE28) -> -0.0195 | AG28: 228.62 | AH28: =AG28/$AG$103 -> 0.0021184309 | AI28: =AF28*AH28 -> -4.1309402e-05 | AJ28: 283.03 | AK28: 0 | AL28: 7.12
A29: L G Balakrishnan & Bros Ltd | B29: 0.2 | C29: 0.1305 | D29: =B29-C29 -> 0.0695 | E29: 0.22 | F29: 0.1305 | G29: =E29-F29 -> 0.0895 | H29: 0.22 | I29: 0.1305 | J29: =H29-I29 -> 0.0895 | K29: 0.15 | L29: 0.1305 | M29: =K29-L29 -> 0.0195 | N29: 0.21 | O29: 0.1305 | P29: =N29-O29 -> 0.0795 | Q29: 0.21 | R29: 0.1305 | S29: =Q29-R29 -> 0.0795 | T29: 0.17 | U29: 0.1305 | V29: =T29-U29 -> 0.0395 | W29: 0.19 | X29: 0.1305 | Y29: =W29-X29 -> 0.0595 | Z29: 0.21 | AA29: 0.1305 | AB29: =Z29-AA29 -> 0.0795 | AC29: 0.18 | AD29: 0.1305 | AE29: =AC29-AD29 -> 0.0495 | AF29: =AVERAGE(D29,G29,J29,M29,P29,S29,V29,Y29,AB29,AE29) -> 0.0655 | AG29: 829.73 | AH29: =AG29/$AG$103 -> 0.0076884159 | AI29: =AF29*AH29 -> 0.00050359124 | AJ29: 1196.54 | AK29: 0.18 | AL29: 14.82
A30: India Motor Parts & Accessories Ltd | B30: 0.32 | C30: 0.1305 | D30: =B30-C30 -> 0.1895 | E30: 0.33 | F30: 0.1305 | G30: =E30-F30 -> 0.1995 | H30: 0.29 | I30: 0.1305 | J30: =H30-I30 -> 0.1595 | K30: 0.22 | L30: 0.1305 | M30: =K30-L30 -> 0.0895 | N30: 0.2 | O30: 0.1305 | P30: =N30-O30 -> 0.0695 | Q30: 0.19 | R30: 0.1305 | S30: =Q30-R30 -> 0.0595 | T30: 0.16 | U30: 0.1305 | V30: =T30-U30 -> 0.0295 | W30: 0.07 | X30: 0.1305 | Y30: =W30-X30 -> -0.0605 | Z30: 0.05 | AA30: 0.1305 | AB30: =Z30-AA30 -> -0.0805 | AC30: 0.05 | AD30: 0.1305 | AE30: =AC30-AD30 -> -0.0805 | AF30: =AVERAGE(D30,G30,J30,M30,P30,S30,V30,Y30,AB30,AE30) -> 0.0575 | AG30: 1055.78 | AH30: =AG30/$AG$103 -> 0.0097830327 | AI30: =AF30*AH30 -> 0.00056252438 | AJ30: 1155.43 | AK30: 0.01 | AL30: 12.28
A31: NRB Bearings Ltd | B31: 0.15 | C31: 0.1305 | D31: =B31-C31 -> 0.0195 | E31: 0.3 | F31: 0.1305 | G31: =E31-F31 -> 0.1695 | H31: 0.22 | I31: 0.1305 | J31: =H31-I31 -> 0.0895 | K31: 0.16 | L31: 0.1305 | M31: =K31-L31 -> 0.0295 | N31: 0.14 | O31: 0.1305 | P31: =N31-O31 -> 0.0095 | Q31: 0.17 | R31: 0.1305 | S31: =Q31-R31 -> 0.0395 | T31: 0.14 | U31: 0.1305 | V31: =T31-U31 -> 0.0095 | W31: 0.16 | X31: 0.1305 | Y31: =W31-X31 -> 0.0295 | Z31: 0.26 | AA31: 0.1305 | AB31: =Z31-AA31 -> 0.1295 | AC31: 0.23 | AD31: 0.1305 | AE31: =AC31-AD31 -> 0.0995 | AF31: =AVERAGE(D31,G31,J31,M31,P31,S31,V31,Y31,AB31,AE31) -> 0.0625 | AG31: 727.25 | AH31: =AG31/$AG$103 -> 0.0067388192 | AI31: =AF31*AH31 -> 0.0004211762 | AJ31: 932.85 | AK31: 0.6 | AL31: 6.76
A32: India Nippon Electricals Ltd | B32: 0.16 | C32: 0.1305 | D32: =B32-C32 -> 0.0295 | E32: 0.2 | F32: 0.1305 | G32: =E32-F32 -> 0.0695 | H32: 0.22 | I32: 0.1305 | J32: =H32-I32 -> 0.0895 | K32: 0.18 | L32: 0.1305 | M32: =K32-L32 -> 0.0495 | N32: 0.13 | O32: 0.1305 | P32: =N32-O32 -> -0.0005 | Q32: 0.14 | R32: 0.1305 | S32: =Q32-R32 -> 0.0095 | T32: 0.15 | U32: 0.1305 | V32: =T32-U32 -> 0.0195 | W32: 0.14 | X32: 0.1305 | Y32: =W32-X32 -> 0.0095 | Z32: 0.22 | AA32: 0.1305 | AB32: =Z32-AA32 -> 0.0895 | AC32: 0.21 | AD32: 0.1305 | AE32: =AC32-AD32 -> 0.0795 | AF32: =AVERAGE(D32,G32,J32,M32,P32,S32,V32,Y32,AB32,AE32) -> 0.0445 | AG32: 424.75 | AH32: =AG32/$AG$103 -> 0.003935804 | AI32: =AF32*AH32 -> 0.00017514328 | AJ32: 535.54 | AK32: 0 | AL32: 12.05
A33: Steel Strips Wheels Ltd | B33: 0.08 | C33: 0.1305 | D33: =B33-C33 -> -0.0505 | E33: 0.09 | F33: 0.1305 | G33: =E33-F33 -> -0.0405 | H33: 0.08 | I33: 0.1305 | J33: =H33-I33 -> -0.0505 | K33: 0.06 | L33: 0.1305 | M33: =K33-L33 -> -0.0705 | N33: 0.06 | O33: 0.1305 | P33: =N33-O33 -> -0.0705 | Q33: 0.09 | R33: 0.1305 | S33: =Q33-R33 -> -0.0405 | T33: 0.11 | U33: 0.1305 | V33: =T33-U33 -> -0.0205 | W33: 0.11 | X33: 0.1305 | Y33: =W33-X33 -> -0.0205 | Z33: 0.1 | AA33: 0.1305 | AB33: =Z33-AA33 -> -0.0305 | AC33: 0.12 | AD33: 0.1305 | AE33: =AC33-AD33 -> -0.0105 | AF33: =AVERAGE(D33,G33,J33,M33,P33,S33,V33,Y33,AB33,AE33) -> -0.0405 | AG33: 1519.1 | AH33: =AG33/$AG$103 -> 0.014076233 | AI33: =AF33*AH33 -> -0.00057008743 | AJ33: 2147.18 | AK33: 1.19 | AL33: 9.44
A34: Lumax Auto Technologies Ltd | B34: 0.36 | C34: 0.1305 | D34: =B34-C34 -> 0.2295 | E34: 0.47 | F34: 0.1305 | G34: =E34-F34 -> 0.3395 | H34: 0.37 | I34: 0.1305 | J34: =H34-I34 -> 0.2395 | K34: 0.28 | L34: 0.1305 | M34: =K34-L34 -> 0.1495 | N34: 0.18 | O34: 0.1305 | P34: =N34-O34 -> 0.0495 | Q34: 0.18 | R34: 0.1305 | S34: =Q34-R34 -> 0.0495 | T34: 0.17 | U34: 0.1305 | V34: =T34-U34 -> 0.0395 | W34: 0.17 | X34: 0.1305 | Y34: =W34-X34 -> 0.0395 | Z34: 0.2 | AA34: 0.1305 | AB34: =Z34-AA34 -> 0.0695 | AC34: 0.21 | AD34: 0.1305 | AE34: =AC34-AD34 -> 0.0795 | AF34: =AVERAGE(D34,G34,J34,M34,P34,S34,V34,Y34,AB34,AE34) -> 0.1285 | AG34: 556.93 | AH34: =AG34/$AG$103 -> 0.0051606058 | AI34: =AF34*AH34 -> 0.00066313785 | AJ34: 905.02 | AK34: 0.21 | AL34: 12.25
A35: Banco Products (India) Ltd | B35: 0.39 | C35: 0.1305 | D35: =B35-C35 -> 0.2595 | E35: 0.21 | F35: 0.1305 | G35: =E35-F35 -> 0.0795 | H35: 0.2 | I35: 0.1305 | J35: =H35-I35 -> 0.0695 | K35: 0.15 | L35: 0.1305 | M35: =K35-L35 -> 0.0195 | N35: 0.19 | O35: 0.1305 | P35: =N35-O35 -> 0.0595 | Q35: 0.12 | R35: 0.1305 | S35: =Q35-R35 -> -0.0105 | T35: 0.18 | U35: 0.1305 | V35: =T35-U35 -> 0.0495 | W35: 0.17 | X35: 0.1305 | Y35: =W35-X35 -> 0.0395 | Z35: 0.21 | AA35: 0.1305 | AB35: =Z35-AA35 -> 0.0795 | AC35: 0.17 | AD35: 0.1305 | AE35: =AC35-AD35 -> 0.0395 | AF35: =AVERAGE(D35,G35,J35,M35,P35,S35,V35,Y35,AB35,AE35) -> 0.0685 | AG35: 929.61 | AH35: =AG35/$AG$103 -> 0.0086139206 | AI35: =AF35*AH35 -> 0.00059005356 | AJ35: 1326.43 | AK35: 0.09 | AL35: -3.34
A36: GNA Axles Ltd | B36: NA | C36: 0.1305 | D36: NA | E36: NA | F36: 0.1305 | G36: NA | H36: 0.27 | I36: 0.1305 | J36: =H36-I36 -> 0.1395 | K36: 0.17 | L36: 0.1305 | M36: =K36-L36 -> 0.0395 | N36: 0.16 | O36: 0.1305 | P36: =N36-O36 -> 0.0295 | Q36: 0.15 | R36: 0.1305 | S36: =Q36-R36 -> 0.0195 | T36: 0.2 | U36: 0.1305 | V36: =T36-U36 -> 0.0695 | W36: 0.17 | X36: 0.1305 | Y36: =W36-X36 -> 0.0395 | Z36: 0.18 | AA36: 0.1305 | AB36: =Z36-AA36 -> 0.0495 | AC36: 0.21 | AD36: 0.1305 | AE36: =AC36-AD36 -> 0.0795 | AF36: =AVERAGE(D36,G36,J36,M36,P36,S36,V36,Y36,AB36,AE36) -> 0.05825 | AG36: 609.48 | AH36: =AG36/$AG$103 -> 0.0056475428 | AI36: =AF36*AH36 -> 0.00032896937 | AJ36: 820.83 | AK36: 0.36 | AL36: NA
A37: Pricol Ltd | B37: NA | C37: 0.1305 | D37: NA | E37: NA | F37: 0.1305 | G37: NA | H37: NA | I37: 0.1305 | J37: NA | K37: NA | L37: 0.1305 | M37: NA | N37: NA | O37: 0.1305 | P37: NA | Q37: NA | R37: 0.1305 | S37: NA | T37: 0.04 | U37: 0.1305 | V37: =T37-U37 -> -0.0905 | W37: 0.14 | X37: 0.1305 | Y37: =W37-X37 -> 0.0095 | Z37: -0.01 | AA37: 0.1305 | AB37: =Z37-AA37 -> -0.1405 | AC37: -0.16 | AD37: 0.1305 | AE37: =AC37-AD37 -> -0.2905 | AF37: =AVERAGE(D37,G37,J37,M37,P37,S37,V37,Y37,AB37,AE37) -> -0.128 | AG37: 778.44 | AH37: =AG37/$AG$103 -> 0.0072131542 | AI37: =AF37*AH37 -> -0.00092328374 | AJ37: 1597.99 | AK37: 0.56 | AL37: NA
A38: Rico Auto Industries Ltd | B38: 0.06 | C38: 0.1305 | D38: =B38-C38 -> -0.0705 | E38: 0.09 | F38: 0.1305 | G38: =E38-F38 -> -0.0405 | H38: 0.09 | I38: 0.1305 | J38: =H38-I38 -> -0.0405 | K38: 0.08 | L38: 0.1305 | M38: =K38-L38 -> -0.0505 | N38: 0.1 | O38: 0.1305 | P38: =N38-O38 -> -0.0305 | Q38: 0.06 | R38: 0.1305 | S38: =Q38-R38 -> -0.0705 | T38: 0.1 | U38: 0.1305 | V38: =T38-U38 -> -0.0305 | W38: 0.11 | X38: 0.1305 | Y38: =W38-X38 -> -0.0205 | Z38: 0.12 | AA38: 0.1305 | AB38: =Z38-AA38 -> -0.0105 | AC38: 0.12 | AD38: 0.1305 | AE38: =AC38-AD38 -> -0.0105 | AF38: =AVERAGE(D38,G38,J38,M38,P38,S38,V38,Y38,AB38,AE38) -> -0.0375 | AG38: 982.44 | AH38: =AG38/$AG$103 -> 0.0091034521 | AI38: =AF38*AH38 -> -0.00034137945 | AJ38: 1382.41 | AK38: 0.58 | AL38: 0.66
A39: Munjal Auto Industries Ltd | B39: 0.26 | C39: 0.1305 | D39: =B39-C39 -> 0.1295 | E39: 0.28 | F39: 0.1305 | G39: =E39-F39 -> 0.1495 | H39: 0.32 | I39: 0.1305 | J39: =H39-I39 -> 0.1895 | K39: 0.24 | L39: 0.1305 | M39: =K39-L39 -> 0.1095 | N39: 0.22 | O39: 0.1305 | P39: =N39-O39 -> 0.0895 | Q39: 0.21 | R39: 0.1305 | S39: =Q39-R39 -> 0.0795 | T39: 0.11 | U39: 0.1305 | V39: =T39-U39 -> -0.0205 | W39: 0.17 | X39: 0.1305 | Y39: =W39-X39 -> 0.0395 | Z39: 0.19 | AA39: 0.1305 | AB39: =Z39-AA39 -> 0.0595 | AC39: 0.15 | AD39: 0.1305 | AE39: =AC39-AD39 -> 0.0195 | AF39: =AVERAGE(D39,G39,J39,M39,P39,S39,V39,Y39,AB39,AE39) -> 0.0845 | AG39: 362.04 | AH39: =AG39/$AG$103 -> 0.0033547227 | AI39: =AF39*AH39 -> 0.00028347407 | AJ39: 573.72 | AK39: 0.22 | AL39: 13.72
A40: Sharda Motor Industries Ltd | B40: 0.21 | C40: 0.1305 | D40: =B40-C40 -> 0.0795 | E40: 0.14 | F40: 0.1305 | G40: =E40-F40 -> 0.0095 | H40: 0.13 | I40: 0.1305 | J40: =H40-I40 -> -0.0005 | K40: 0.18 | L40: 0.1305 | M40: =K40-L40 -> 0.0495 | N40: 0.1 | O40: 0.1305 | P40: =N40-O40 -> -0.0305 | Q40: 0.13 | R40: 0.1305 | S40: =Q40-R40 -> -0.0005 | T40: 0.19 | U40: 0.1305 | V40: =T40-U40 -> 0.0595 | W40: 0.24 | X40: 0.1305 | Y40: =W40-X40 -> 0.1095 | Z40: 0.3 | AA40: 0.1305 | AB40: =Z40-AA40 -> 0.1695 | AC40: 0.28 | AD40: 0.1305 | AE40: =AC40-AD40 -> 0.1495 | AF40: =AVERAGE(D40,G40,J40,M40,P40,S40,V40,Y40,AB40,AE40) -> 0.0595 | AG40: 473.21 | AH40: =AG40/$AG$103 -> 0.0043848424 | AI40: =AF40*AH40 -> 0.00026089812 | AJ40: 656 | AK40: 0 | AL40: NA
A41: Fiem Industries Ltd | B41: 0.12 | C41: 0.1305 | D41: =B41-C41 -> -0.0105 | E41: 0.14 | F41: 0.1305 | G41: =E41-F41 -> 0.0095 | H41: 0.2 | I41: 0.1305 | J41: =H41-I41 -> 0.0695 | K41: 0.17 | L41: 0.1305 | M41: =K41-L41 -> 0.0395 | N41: 0.22 | O41: 0.1305 | P41: =N41-O41 -> 0.0895 | Q41: 0.22 | R41: 0.1305 | S41: =Q41-R41 -> 0.0895 | T41: 0.25 | U41: 0.1305 | V41: =T41-U41 -> 0.1195 | W41: 0.16 | X41: 0.1305 | Y41: =W41-X41 -> 0.0295 | Z41: 0.16 | AA41: 0.1305 | AB41: =Z41-AA41 -> 0.0295 | AC41: 0.17 | AD41: 0.1305 | AE41: =AC41-AD41 -> 0.0395 | AF41: =AVERAGE(D41,G41,J41,M41,P41,S41,V41,Y41,AB41,AE41) -> 0.0505 | AG41: 659.45 | AH41: =AG41/$AG$103 -> 0.0061105732 | AI41: =AF41*AH41 -> 0.00030858394 | AJ41: 992.43 | AK41: 0.33 | AL41: 9.2
A42: Rane Brake Lining Ltd | B42: 0.15 | C42: 0.1305 | D42: =B42-C42 -> 0.0195 | E42: 0.18 | F42: 0.1305 | G42: =E42-F42 -> 0.0495 | H42: 0.18 | I42: 0.1305 | J42: =H42-I42 -> 0.0495 | K42: 0.1 | L42: 0.1305 | M42: =K42-L42 -> -0.0305 | N42: 0.13 | O42: 0.1305 | P42: =N42-O42 -> -0.0005 | Q42: 0.15 | R42: 0.1305 | S42: =Q42-R42 -> 0.0195 | T42: 0.23 | U42: 0.1305 | V42: =T42-U42 -> 0.0995 | W42: 0.35 | X42: 0.1305 | Y42: =W42-X42 -> 0.2195 | Z42: 0.31 | AA42: 0.1305 | AB42: =Z42-AA42 -> 0.1795 | AC42: 0.25 | AD42: 0.1305 | AE42: =AC42-AD42 -> 0.1195 | AF42: =AVERAGE(D42,G42,J42,M42,P42,S42,V42,Y42,AB42,AE42) -> 0.0725 | AG42: 215.47 | AH42: =AG42/$AG$103 -> 0.0019965808 | AI42: =AF42*AH42 -> 0.00014475211 | AJ42: 335.31 | AK42: 0 | AL42: 15.72
A43: Enkei Wheels India Ltd | B43: NA | C43: 0.1305 | D43: NA | E43: 0.06 | F43: 0.1305 | G43: =E43-F43 -> -0.0705 | H43: 0.04 | I43: 0.1305 | J43: =H43-I43 -> -0.0905 | K43: 0.04 | L43: 0.1305 | M43: =K43-L43 -> -0.0905 | N43: 0.03 | O43: 0.1305 | P43: =N43-O43 -> -0.1005 | Q43: 0.08 | R43: 0.1305 | S43: =Q43-R43 -> -0.0505 | T43: 0.15 | U43: 0.1305 | V43: =T43-U43 -> 0.0195 | W43: 0.12 | X43: 0.1305 | Y43: =W43-X43 -> -0.0105 | Z43: 0.14 | AA43: 0.1305 | AB43: =Z43-AA43 -> 0.0095 | AC43: 0.03 | AD43: 0.1305 | AE43: =AC43-AD43 -> -0.1005 | AF43: =AVERAGE(D43,G43,J43,M43,P43,S43,V43,Y43,AB43,AE43) -> -0.053833333 | AG43: 321.56 | AH43: =AG43/$AG$103 -> 0.0029796283 | AI43: =AF43*AH43 -> -0.00016040333 | AJ43: 422.69 | AK43: 0.76 | AL43: NA
A44: Munjal Showa Ltd | B44: 0.18 | C44: 0.1305 | D44: =B44-C44 -> 0.0495 | E44: 0.19 | F44: 0.1305 | G44: =E44-F44 -> 0.0595 | H44: 0.31 | I44: 0.1305 | J44: =H44-I44 -> 0.1795 | K44: 0.25 | L44: 0.1305 | M44: =K44-L44 -> 0.1195 | N44: 0.24 | O44: 0.1305 | P44: =N44-O44 -> 0.1095 | Q44: 0.27 | R44: 0.1305 | S44: =Q44-R44 -> 0.1395 | T44: 0.2 | U44: 0.1305 | V44: =T44-U44 -> 0.0695 | W44: 0.17 | X44: 0.1305 | Y44: =W44-X44 -> 0.0395 | Z44: 0.18 | AA44: 0.1305 | AB44: =Z44-AA44 -> 0.0495 | AC44: 0.12 | AD44: 0.1305 | AE44: =AC44-AD44 -> -0.0105 | AF44: =AVERAGE(D44,G44,J44,M44,P44,S44,V44,Y44,AB44,AE44) -> 0.0805 | AG44: 616.13 | AH44: =AG44/$AG$103 -> 0.0057091628 | AI44: =AF44*AH44 -> 0.00045958761 | AJ44: 788.59 | AK44: 0 | AL44: 4.73
A45: Jay Bharat Maruti Ltd | B45: 0.3 | C45: 0.1305 | D45: =B45-C45 -> 0.1695 | E45: 0.36 | F45: 0.1305 | G45: =E45-F45 -> 0.2295 | H45: 0.18 | I45: 0.1305 | J45: =H45-I45 -> 0.0495 | K45: 0.14 | L45: 0.1305 | M45: =K45-L45 -> 0.0095 | N45: 0.16 | O45: 0.1305 | P45: =N45-O45 -> 0.0295 | Q45: 0.18 | R45: 0.1305 | S45: =Q45-R45 -> 0.0495 | T45: 0.21 | U45: 0.1305 | V45: =T45-U45 -> 0.0795 | W45: 0.2 | X45: 0.1305 | Y45: =W45-X45 -> 0.0695 | Z45: 0.18 | AA45: 0.1305 | AB45: =Z45-AA45 -> 0.0495 | AC45: 0.16 | AD45: 0.1305 | AE45: =AC45-AD45 -> 0.0295 | AF45: =AVERAGE(D45,G45,J45,M45,P45,S45,V45,Y45,AB45,AE45) -> 0.0765 | AG45: 753.64 | AH45: =AG45/$AG$103 -> 0.0069833533 | AI45: =AF45*AH45 -> 0.00053422653 | AJ45: 1264.25 | AK45: 0.84 | AL45: 7.78
A46: IST Ltd | B46: 0.11 | C46: 0.1305 | D46: =B46-C46 -> -0.0205 | E46: 0.18 | F46: 0.1305 | G46: =E46-F46 -> 0.0495 | H46: 0.21 | I46: 0.1305 | J46: =H46-I46 -> 0.0795 | K46: 0.21 | L46: 0.1305 | M46: =K46-L46 -> 0.0795 | N46: 0.2 | O46: 0.1305 | P46: =N46-O46 -> 0.0695 | Q46: 0.18 | R46: 0.1305 | S46: =Q46-R46 -> 0.0495 | T46: 0.16 | U46: 0.1305 | V46: =T46-U46 -> 0.0295 | W46: 0.19 | X46: 0.1305 | Y46: =W46-X46 -> 0.0595 | Z46: 0.19 | AA46: 0.1305 | AB46: =Z46-AA46 -> 0.0595 | AC46: 0.18 | AD46: 0.1305 | AE46: =AC46-AD46 -> 0.0495 | AF46: =AVERAGE(D46,G46,J46,M46,P46,S46,V46,Y46,AB46,AE46) -> 0.0505 | AG46: 774.13 | AH46: =AG46/$AG$103 -> 0.0071732171 | AI46: =AF46*AH46 -> 0.00036224746 | AJ46: 829.72 | AK46: 0 | AL46: 10.3
A47: Harita Seating Systems Ltd | B47: -0.02 | C47: 0.1305 | D47: =B47-C47 -> -0.1505 | E47: 0.05 | F47: 0.1305 | G47: =E47-F47 -> -0.0805 | H47: 0.3 | I47: 0.1305 | J47: =H47-I47 -> 0.1695 | K47: 0.25 | L47: 0.1305 | M47: =K47-L47 -> 0.1195 | N47: 0.2 | O47: 0.1305 | P47: =N47-O47 -> 0.0695 | Q47: 0.23 | R47: 0.1305 | S47: =Q47-R47 -> 0.0995 | T47: 0.38 | U47: 0.1305 | V47: =T47-U47 -> 0.2495 | W47: 0.44 | X47: 0.1305 | Y47: =W47-X47 -> 0.3095 | Z47: 0.46 | AA47: 0.1305 | AB47: =Z47-AA47 -> 0.3295 | AC47: 0.33 | AD47: 0.1305 | AE47: =AC47-AD47 -> 0.1995 | AF47: =AVERAGE(D47,G47,J47,M47,P47,S47,V47,Y47,AB47,AE47) -> 0.1315 | AG47: 224.21 | AH47: =AG47/$AG$103 -> 0.0020775671 | AI47: =AF47*AH47 -> 0.00027320007 | AJ47: 527.73 | AK47: 0.25 | AL47: 14.89
A48: Alicon Castalloy Ltd | B48: 0.15 | C48: 0.1305 | D48: =B48-C48 -> 0.0195 | E48: 0.21 | F48: 0.1305 | G48: =E48-F48 -> 0.0795 | H48: 0.2 | I48: 0.1305 | J48: =H48-I48 -> 0.0695 | K48: 0.17 | L48: 0.1305 | M48: =K48-L48 -> 0.0395 | N48: 0.17 | O48: 0.1305 | P48: =N48-O48 -> 0.0395 | Q48: 0.19 | R48: 0.1305 | S48: =Q48-R48 -> 0.0595 | T48: 0.17 | U48: 0.1305 | V48: =T48-U48 -> 0.0395 | W48: 0.17 | X48: 0.1305 | Y48: =W48-X48 -> 0.0395 | Z48: 0.18 | AA48: 0.1305 | AB48: =Z48-AA48 -> 0.0495 | AC48: 0.19 | AD48: 0.1305 | AE48: =AC48-AD48 -> 0.0595 | AF48: =AVERAGE(D48,G48,J48,M48,P48,S48,V48,Y48,AB48,AE48) -> 0.0495 | AG48: 612.61 | AH48: =AG48/$AG$103 -> 0.0056765459 | AI48: =AF48*AH48 -> 0.00028098902 | AJ48: 889.14 | AK48: 0.96 | AL48: 9.35
A49: Rane (Madras) Ltd | B49: 0.2 | C49: 0.1305 | D49: =B49-C49 -> 0.0695 | E49: 0.27 | F49: 0.1305 | G49: =E49-F49 -> 0.1395 | H49: 0.24 | I49: 0.1305 | J49: =H49-I49 -> 0.1095 | K49: 0.18 | L49: 0.1305 | M49: =K49-L49 -> 0.0495 | N49: 0.16 | O49: 0.1305 | P49: =N49-O49 -> 0.0295 | Q49: 0.11 | R49: 0.1305 | S49: =Q49-R49 -> -0.0205 | T49: 0.1 | U49: 0.1305 | V49: =T49-U49 -> -0.0305 | W49: 0.09 | X49: 0.1305 | Y49: =W49-X49 -> -0.0405 | Z49: 0.13 | AA49: 0.1305 | AB49: =Z49-AA49 -> -0.0005 | AC49: 0.1 | AD49: 0.1305 | AE49: =AC49-AD49 -> -0.0305 | AF49: =AVERAGE(D49,G49,J49,M49,P49,S49,V49,Y49,AB49,AE49) -> 0.0275 | AG49: 557.22 | AH49: =AG49/$AG$103 -> 0.005163293 | AI49: =AF49*AH49 -> 0.00014199056 | AJ49: 925.27 | AK49: 1.75 | AL49: 8.4
A50: PPAP Automotive Ltd | B50: 0.15 | C50: 0.1305 | D50: =B50-C50 -> 0.0195 | E50: 0.21 | F50: 0.1305 | G50: =E50-F50 -> 0.0795 | H50: 0.08 | I50: 0.1305 | J50: =H50-I50 -> -0.0505 | K50: -0.01 | L50: 0.1305 | M50: =K50-L50 -> -0.1405 | N50: 0.04 | O50: 0.1305 | P50: =N50-O50 -> -0.0905 | Q50: 0.08 | R50: 0.1305 | S50: =Q50-R50 -> -0.0505 | T50: 0.11 | U50: 0.1305 | V50: =T50-U50 -> -0.0205 | W50: 0.17 | X50: 0.1305 | Y50: =W50-X50 -> 0.0395 | Z50: 0.22 | AA50: 0.1305 | AB50: =Z50-AA50 -> 0.0895 | AC50: 0.17 | AD50: 0.1305 | AE50: =AC50-AD50 -> 0.0395 | AF50: =AVERAGE(D50,G50,J50,M50,P50,S50,V50,Y50,AB50,AE50) -> -0.0085 | AG50: 323.47 | AH50: =AG50/$AG$103 -> 0.0029973267 | AI50: =AF50*AH50 -> -2.5477277e-05 | AJ50: 411.4 | AK50: 0.07 | AL50: 6.08
A51: Precision Camshafts Ltd | B51: 0.34 | C51: 0.1305 | D51: =B51-C51 -> 0.2095 | E51: 0.26 | F51: 0.1305 | G51: =E51-F51 -> 0.1295 | H51: 0.22 | I51: 0.1305 | J51: =H51-I51 -> 0.0895 | K51: 0.17 | L51: 0.1305 | M51: =K51-L51 -> 0.0395 | N51: 0.14 | O51: 0.1305 | P51: =N51-O51 -> 0.0095 | Q51: 0.26 | R51: 0.1305 | S51: =Q51-R51 -> 0.1295 | T51: 0.19 | U51: 0.1305 | V51: =T51-U51 -> 0.0595 | W51: 0.16 | X51: 0.1305 | Y51: =W51-X51 -> 0.0295 | Z51: 0.11 | AA51: 0.1305 | AB51: =Z51-AA51 -> -0.0205 | AC51: 0.1 | AD51: 0.1305 | AE51: =AC51-AD51 -> -0.0305 | AF51: =AVERAGE(D51,G51,J51,M51,P51,S51,V51,Y51,AB51,AE51) -> 0.0645 | AG51: 809.51 | AH51: =AG51/$AG$103 -> 0.007501054 | AI51: =AF51*AH51 -> 0.00048381798 | AJ51: 1037.82 | AK51: 0.3 | AL51: NA
A52: Z F Steering Gear (India) Ltd | B52: 0.27 | C52: 0.1305 | D52: =B52-C52 -> 0.1395 | E52: 0.29 | F52: 0.1305 | G52: =E52-F52 -> 0.1595 | H52: 0.25 | I52: 0.1305 | J52: =H52-I52 -> 0.1195 | K52: 0.17 | L52: 0.1305 | M52: =K52-L52 -> 0.0395 | N52: 0.17 | O52: 0.1305 | P52: =N52-O52 -> 0.0395 | Q52: 0.15 | R52: 0.1305 | S52: =Q52-R52 -> 0.0195 | T52: 0.15 | U52: 0.1305 | V52: =T52-U52 -> 0.0195 | W52: 0.16 | X52: 0.1305 | Y52: =W52-X52 -> 0.0295 | Z52: 0.18 | AA52: 0.1305 | AB52: =Z52-AA52 -> 0.0495 | AC52: 0.09 | AD52: 0.1305 | AE52: =AC52-AD52 -> -0.0405 | AF52: =AVERAGE(D52,G52,J52,M52,P52,S52,V52,Y52,AB52,AE52) -> 0.0575 | AG52: 381.01 | AH52: =AG52/$AG$103 -> 0.0035305019 | AI52: =AF52*AH52 -> 0.00020300386 | AJ52: 454.07 | AK52: 0.14 | AL52: -0.3
A53: Ucal Fuel Systems Ltd | B53: 0.03 | C53: 0.1305 | D53: =B53-C53 -> -0.1005 | E53: 0.14 | F53: 0.1305 | G53: =E53-F53 -> 0.0095 | H53: 0.16 | I53: 0.1305 | J53: =H53-I53 -> 0.0295 | K53: 0.11 | L53: 0.1305 | M53: =K53-L53 -> -0.0205 | N53: 0.11 | O53: 0.1305 | P53: =N53-O53 -> -0.0205 | Q53: 0.16 | R53: 0.1305 | S53: =Q53-R53 -> 0.0295 | T53: 0.14 | U53: 0.1305 | V53: =T53-U53 -> 0.0095 | W53: 0.2 | X53: 0.1305 | Y53: =W53-X53 -> 0.0695 | Z53: 0.2 | AA53: 0.1305 | AB53: =Z53-AA53 -> 0.0695 | AC53: 0.18 | AD53: 0.1305 | AE53: =AC53-AD53 -> 0.0495 | AF53: =AVERAGE(D53,G53,J53,M53,P53,S53,V53,Y53,AB53,AE53) -> 0.0125 | AG53: 535.91 | AH53: =AG53/$AG$103 -> 0.004965831 | AI53: =AF53*AH53 -> 6.2072888e-05 | AJ53: 792.75 | AK53: 0.54 | AL53: 3.26
A54: Automobile Corporation Of Goa Ltd | B54: -0.03 | C54: 0.1305 | D54: =B54-C54 -> -0.1605 | E54: 0.28 | F54: 0.1305 | G54: =E54-F54 -> 0.1495 | H54: 0.24 | I54: 0.1305 | J54: =H54-I54 -> 0.1095 | K54: 0.14 | L54: 0.1305 | M54: =K54-L54 -> 0.0095 | N54: 0.16 | O54: 0.1305 | P54: =N54-O54 -> 0.0295 | Q54: 0.14 | R54: 0.1305 | S54: =Q54-R54 -> 0.0095 | T54: 0.14 | U54: 0.1305 | V54: =T54-U54 -> 0.0095 | W54: 0.17 | X54: 0.1305 | Y54: =W54-X54 -> 0.0395 | Z54: 0.16 | AA54: 0.1305 | AB54: =Z54-AA54 -> 0.0295 | AC54: 0.17 | AD54: 0.1305 | AE54: =AC54-AD54 -> 0.0395 | AF54: =AVERAGE(D54,G54,J54,M54,P54,S54,V54,Y54,AB54,AE54) -> 0.0265 | AG54: 182.12 | AH54: =AG54/$AG$103 -> 0.0016875541 | AI54: =AF54*AH54 -> 4.4720185e-05 | AJ54: 259.6 | AK54: 0 | AL54: 3.09
A55: Menon Bearings Ltd | B55: 0.19 | C55: 0.1305 | D55: =B55-C55 -> 0.0595 | E55: 0.25 | F55: 0.1305 | G55: =E55-F55 -> 0.1195 | H55: 0.25 | I55: 0.1305 | J55: =H55-I55 -> 0.1195 | K55: 0.16 | L55: 0.1305 | M55: =K55-L55 -> 0.0295 | N55: 0.2 | O55: 0.1305 | P55: =N55-O55 -> 0.0695 | Q55: 0.33 | R55: 0.1305 | S55: =Q55-R55 -> 0.1995 | T55: 0.4 | U55: 0.1305 | V55: =T55-U55 -> 0.2695 | W55: 0.38 | X55: 0.1305 | Y55: =W55-X55 -> 0.2495 | Z55: 0.36 | AA55: 0.1305 | AB55: =Z55-AA55 -> 0.2295 | AC55: 0.33 | AD55: 0.1305 | AE55: =AC55-AD55 -> 0.1995 | AF55: =AVERAGE(D55,G55,J55,M55,P55,S55,V55,Y55,AB55,AE55) -> 0.1545 | AG55: 126.61 | AH55: =AG55/$AG$103 -> 0.0011731893 | AI55: =AF55*AH55 -> 0.00018125774 | AJ55: 149.47 | AK55: 0.44 | AL55: 15.74
A56: Hindustan Composites Ltd | B56: 0.04 | C56: 0.1305 | D56: =B56-C56 -> -0.0905 | E56: 0.05 | F56: 0.1305 | G56: =E56-F56 -> -0.0805 | H56: 0.05 | I56: 0.1305 | J56: =H56-I56 -> -0.0805 | K56: 0.02 | L56: 0.1305 | M56: =K56-L56 -> -0.1105 | N56: 0.04 | O56: 0.1305 | P56: =N56-O56 -> -0.0905 | Q56: 0.05 | R56: 0.1305 | S56: =Q56-R56 -> -0.0805 | T56: 0.04 | U56: 0.1305 | V56: =T56-U56 -> -0.0905 | W56: 0.05 | X56: 0.1305 | Y56: =W56-X56 -> -0.0805 | Z56: 0.04 | AA56: 0.1305 | AB56: =Z56-AA56 -> -0.0905 | AC56: 0.02 | AD56: 0.1305 | AE56: =AC56-AD56 -> -0.1105 | AF56: =AVERAGE(D56,G56,J56,M56,P56,S56,V56,Y56,AB56,AE56) -> -0.0905 | AG56: 773.23 | AH56: =AG56/$AG$103 -> 0.0071648775 | AI56: =AF56*AH56 -> -0.00064842142 | AJ56: 861.63 | AK56: 0 | AL56: -1.35
A57: Sar Auto Products Ltd | B57: NA | C57: 0.1305 | D57: NA | E57: NA | F57: 0.1305 | G57: NA | H57: NA | I57: 0.1305 | J57: NA | K57: -0.0192 | L57: 0.1305 | M57: =K57-L57 -> -0.1497 | N57: 0.0096 | O57: 0.1305 | P57: =N57-O57 -> -0.1209 | Q57: -0.2343 | R57: 0.1305 | S57: =Q57-R57 -> -0.3648 | T57: 0.007 | U57: 0.1305 | V57: =T57-U57 -> -0.1235 | W57: 0.0226 | X57: 0.1305 | Y57: =W57-X57 -> -0.1079 | Z57: 0.0235 | AA57: 0.1305 | AB57: =Z57-AA57 -> -0.107 | AC57: 0.0272 | AD57: 0.1305 | AE57: =AC57-AD57 -> -0.1033 | AF57: =AVERAGE(D57,G57,J57,M57,P57,S57,V57,Y57,AB57,AE57) -> -0.15387143 | AG57: 15.14 | AH57: =AG57/$AG$103 -> 0.00014028975 | AI57: =AF57*AH57 -> -2.1586585e-05 | AJ57: 16.48 | AK57: 0.13 | AL57: NA
A58: The Hi-Tech Gears Ltd | B58: 0.25 | C58: 0.1305 | D58: =B58-C58 -> 0.1195 | E58: 0.37 | F58: 0.1305 | G58: =E58-F58 -> 0.2395 | H58: 0.34 | I58: 0.1305 | J58: =H58-I58 -> 0.2095 | K58: 0.14 | L58: 0.1305 | M58: =K58-L58 -> 0.0095 | N58: 0.13 | O58: 0.1305 | P58: =N58-O58 -> -0.0005 | Q58: 0.14 | R58: 0.1305 | S58: =Q58-R58 -> 0.0095 | T58: 0.16 | U58: 0.1305 | V58: =T58-U58 -> 0.0295 | W58: 0.12 | X58: 0.1305 | Y58: =W58-X58 -> -0.0105 | Z58: 0.13 | AA58: 0.1305 | AB58: =Z58-AA58 -> -0.0005 | AC58: 0.12 | AD58: 0.1305 | AE58: =AC58-AD58 -> -0.0105 | AF58: =AVERAGE(D58,G58,J58,M58,P58,S58,V58,Y58,AB58,AE58) -> 0.0595 | AG58: 661.42 | AH58: =AG58/$AG$103 -> 0.0061288275 | AI58: =AF58*AH58 -> 0.00036466524 | AJ58: 842.39 | AK58: 1.37 | AL58: -0.19
A59: Jay Ushin Ltd | B59: 0.23 | C59: 0.1305 | D59: =B59-C59 -> 0.0995 | E59: 0.25 | F59: 0.1305 | G59: =E59-F59 -> 0.1195 | H59: 0.11 | I59: 0.1305 | J59: =H59-I59 -> -0.0205 | K59: 0.1 | L59: 0.1305 | M59: =K59-L59 -> -0.0305 | N59: 0.15 | O59: 0.1305 | P59: =N59-O59 -> 0.0195 | Q59: 0.14 | R59: 0.1305 | S59: =Q59-R59 -> 0.0095 | T59: 0.11 | U59: 0.1305 | V59: =T59-U59 -> -0.0205 | W59: 0.1 | X59: 0.1305 | Y59: =W59-X59 -> -0.0305 | Z59: 0.09 | AA59: 0.1305 | AB59: =Z59-AA59 -> -0.0405 | AC59: 0.12 | AD59: 0.1305 | AE59: =AC59-AD59 -> -0.0105 | AF59: =AVERAGE(D59,G59,J59,M59,P59,S59,V59,Y59,AB59,AE59) -> 0.0095 | AG59: 202.4 | AH59: =AG59/$AG$103 -> 0.001875472 | AI59: =AF59*AH59 -> 1.7816984e-05 | AJ59: 384.03 | AK59: 1.57 | AL59: 17.52
A60: JMT Auto Ltd | B60: 0.1 | C60: 0.1305 | D60: =B60-C60 -> -0.0305 | E60: 0.13 | F60: 0.1305 | G60: =E60-F60 -> -0.0005 | H60: 0.16 | I60: 0.1305 | J60: =H60-I60 -> 0.0295 | K60: 0.12 | L60: 0.1305 | M60: =K60-L60 -> -0.0105 | N60: 0.09 | O60: 0.1305 | P60: =N60-O60 -> -0.0405 | Q60: 0.1 | R60: 0.1305 | S60: =Q60-R60 -> -0.0305 | T60: 0.08 | U60: 0.1305 | V60: =T60-U60 -> -0.0505 | W60: 0.04 | X60: 0.1305 | Y60: =W60-X60 -> -0.0905 | Z60: 1.04 | AA60: 0.1305 | AB60: =Z60-AA60 -> 0.9095 | AC60: 0.03 | AD60: 0.1305 | AE60: =AC60-AD60 -> -0.1005 | AF60: =AVERAGE(D60,G60,J60,M60,P60,S60,V60,Y60,AB60,AE60) -> 0.0585 | AG60: 311.55 | AH60: =AG60/$AG$103 -> 0.002886874 | AI60: =AF60*AH60 -> 0.00016888213 | AJ60: 479.64 | AK60: 0.95 | AL60: 4.31
A61: Bharat Seats Ltd | B61: 0.15 | C61: 0.1305 | D61: =B61-C61 -> 0.0195 | E61: 0.23 | F61: 0.1305 | G61: =E61-F61 -> 0.0995 | H61: 0.13 | I61: 0.1305 | J61: =H61-I61 -> -0.0005 | K61: 0.11 | L61: 0.1305 | M61: =K61-L61 -> -0.0205 | N61: 0.11 | O61: 0.1305 | P61: =N61-O61 -> -0.0205 | Q61: 0.13 | R61: 0.1305 | S61: =Q61-R61 -> -0.0005 | T61: 0.12 | U61: 0.1305 | V61: =T61-U61 -> -0.0105 | W61: 0.17 | X61: 0.1305 | Y61: =W61-X61 -> 0.0395 | Z61: 0.4 | AA61: 0.1305 | AB61: =Z61-AA61 -> 0.2695 | AC61: 0.28 | AD61: 0.1305 | AE61: =AC61-AD61 -> 0.1495 | AF61: =AVERAGE(D61,G61,J61,M61,P61,S61,V61,Y61,AB61,AE61) -> 0.0525 | AG61: 147.25 | AH61: =AG61/$AG$103 -> 0.0013644429 | AI61: =AF61*AH61 -> 7.1633254e-05 | AJ61: 255.84 | AK61: 0.32 | AL61: 10.54
A62: Pritika Auto Industries Ltd | B62: NA | C62: 0.1305 | D62: NA | E62: NA | F62: 0.1305 | G62: NA | H62: NA | I62: 0.1305 | J62: NA | K62: NA | L62: 0.1305 | M62: NA | N62: 0.06 | O62: 0.1305 | P62: =N62-O62 -> -0.0705 | Q62: 0.04 | R62: 0.1305 | S62: =Q62-R62 -> -0.0905 | T62: 0.02 | U62: 0.1305 | V62: =T62-U62 -> -0.1105 | W62: 0.29 | X62: 0.1305 | Y62: =W62-X62 -> 0.1595 | Z62: 0.17 | AA62: 0.1305 | AB62: =Z62-AA62 -> 0.0395 | AC62: 0.16 | AD62: 0.1305 | AE62: =AC62-AD62 -> 0.0295 | AF62: =AVERAGE(D62,G62,J62,M62,P62,S62,V62,Y62,AB62,AE62) -> -0.0071666667 | AG62: 173.45 | AH62: =AG62/$AG$103 -> 0.0016072165 | AI62: =AF62*AH62 -> -1.1518385e-05 | AJ62: 232.2 | AK62: 0.54 | AL62: NA
A63: Sintercom India Ltd | B63: NA | C63: 0.1305 | D63: NA | E63: NA | F63: 0.1305 | G63: NA | H63: NA | I63: 0.1305 | J63: NA | K63: NA | L63: 0.1305 | M63: NA | N63: NA | O63: 0.1305 | P63: NA | Q63: NA | R63: 0.1305 | S63: NA | T63: NA | U63: 0.1305 | V63: NA | W63: NA | X63: 0.1305 | Y63: NA | Z63: 0.12 | AA63: 0.1305 | AB63: =Z63-AA63 -> -0.0105 | AC63: 0.1 | AD63: 0.1305 | AE63: =AC63-AD63 -> -0.0305 | AF63: =AVERAGE(D63,G63,J63,M63,P63,S63,V63,Y63,AB63,AE63) -> -0.0205 | AG63: 117.34 | AH63: =AG63/$AG$103 -> 0.0010872919 | AI63: =AF63*AH63 -> -2.2289484e-05 | AJ63: 149.9 | AK63: 0.32 | AL63: NA
A64: Rane Engine Valve Ltd | B64: 0.08 | C64: 0.1305 | D64: =B64-C64 -> -0.0505 | E64: 0.13 | F64: 0.1305 | G64: =E64-F64 -> -0.0005 | H64: 0.19 | I64: 0.1305 | J64: =H64-I64 -> 0.0595 | K64: -0.05 | L64: 0.1305 | M64: =K64-L64 -> -0.1805 | N64: 0.06 | O64: 0.1305 | P64: =N64-O64 -> -0.0705 | Q64: 0.02 | R64: 0.1305 | S64: =Q64-R64 -> -0.1105 | T64: -0.08 | U64: 0.1305 | V64: =T64-U64 -> -0.2105 | W64: -0.01 | X64: 0.1305 | Y64: =W64-X64 -> -0.1405 | Z64: -0.05 | AA64: 0.1305 | AB64: =Z64-AA64 -> -0.1805 | AC64: -0.04 | AD64: 0.1305 | AE64: =AC64-AD64 -> -0.1705 | AF64: =AVERAGE(D64,G64,J64,M64,P64,S64,V64,Y64,AB64,AE64) -> -0.1055 | AG64: 238.72 | AH64: =AG64/$AG$103 -> 0.0022120191 | AI64: =AF64*AH64 -> -0.00023336802 | AJ64: 327.75 | AK64: 1 | AL64: -5.08
A65: Setco Automotive Ltd | B65: 0.17 | C65: 0.1305 | D65: =B65-C65 -> 0.0395 | E65: 0.3 | F65: 0.1305 | G65: =E65-F65 -> 0.1695 | H65: 0.28 | I65: 0.1305 | J65: =H65-I65 -> 0.1495 | K65: 0.15 | L65: 0.1305 | M65: =K65-L65 -> 0.0195 | N65: 0.09 | O65: 0.1305 | P65: =N65-O65 -> -0.0405 | Q65: 0.12 | R65: 0.1305 | S65: =Q65-R65 -> -0.0105 | T65: 0.11 | U65: 0.1305 | V65: =T65-U65 -> -0.0205 | W65: 0.05 | X65: 0.1305 | Y65: =W65-X65 -> -0.0805 | Z65: 0.09 | AA65: 0.1305 | AB65: =Z65-AA65 -> -0.0405 | AC65: 0.12 | AD65: 0.1305 | AE65: =AC65-AD65 -> -0.0105 | AF65: =AVERAGE(D65,G65,J65,M65,P65,S65,V65,Y65,AB65,AE65) -> 0.0175 | AG65: 487.1 | AH65: =AG65/$AG$103 -> 0.0045135495 | AI65: =AF65*AH65 -> 7.8987115e-05 | AJ65: 711.86 | AK65: 2.38 | AL65: -4.75
A66: Shivam Autotech Ltd | B66: 0.12 | C66: 0.1305 | D66: =B66-C66 -> -0.0105 | E66: 0.14 | F66: 0.1305 | G66: =E66-F66 -> 0.0095 | H66: 0.19 | I66: 0.1305 | J66: =H66-I66 -> 0.0595 | K66: 0.2 | L66: 0.1305 | M66: =K66-L66 -> 0.0695 | N66: 0.18 | O66: 0.1305 | P66: =N66-O66 -> 0.0495 | Q66: 0.17 | R66: 0.1305 | S66: =Q66-R66 -> 0.0395 | T66: 0.1 | U66: 0.1305 | V66: =T66-U66 -> -0.0305 | W66: 0.03 | X66: 0.1305 | Y66: =W66-X66 -> -0.1005 | Z66: 0.06 | AA66: 0.1305 | AB66: =Z66-AA66 -> -0.0705 | AC66: 0.06 | AD66: 0.1305 | AE66: =AC66-AD66 -> -0.0705 | AF66: =AVERAGE(D66,G66,J66,M66,P66,S66,V66,Y66,AB66,AE66) -> -0.0055 | AG66: 607.17 | AH66: =AG66/$AG$103 -> 0.005626138 | AI66: =AF66*AH66 -> -3.0943759e-05 | AJ66: 751.7 | AK66: 2.52 | AL66: 0.43
A67: Talbros Automotive Components Ltd | B67: 0.13 | C67: 0.1305 | D67: =B67-C67 -> -0.0005 | E67: 0.16 | F67: 0.1305 | G67: =E67-F67 -> 0.0295 | H67: 0.18 | I67: 0.1305 | J67: =H67-I67 -> 0.0495 | K67: 0.16 | L67: 0.1305 | M67: =K67-L67 -> 0.0295 | N67: 0.14 | O67: 0.1305 | P67: =N67-O67 -> 0.0095 | Q67: 0.16 | R67: 0.1305 | S67: =Q67-R67 -> 0.0295 | T67: 0.13 | U67: 0.1305 | V67: =T67-U67 -> -0.0005 | W67: 0.11 | X67: 0.1305 | Y67: =W67-X67 -> -0.0205 | Z67: 0.13 | AA67: 0.1305 | AB67: =Z67-AA67 -> -0.0005 | AC67: 0.15 | AD67: 0.1305 | AE67: =AC67-AD67 -> 0.0195 | AF67: =AVERAGE(D67,G67,J67,M67,P67,S67,V67,Y67,AB67,AE67) -> 0.0145 | AG67: 345.08 | AH67: =AG67/$AG$103 -> 0.0031975686 | AI67: =AF67*AH67 -> 4.6364744e-05 | AJ67: 478.25 | AK67: 0.75 | AL67: 3.32
A68: Samkrg Pistons & Rings Ltd | B68: 0.14 | C68: 0.1305 | D68: =B68-C68 -> 0.0095 | E68: 0.2 | F68: 0.1305 | G68: =E68-F68 -> 0.0695 | H68: 0.24 | I68: 0.1305 | J68: =H68-I68 -> 0.1095 | K68: 0.19 | L68: 0.1305 | M68: =K68-L68 -> 0.0595 | N68: 0.18 | O68: 0.1305 | P68: =N68-O68 -> 0.0495 | Q68: 0.21 | R68: 0.1305 | S68: =Q68-R68 -> 0.0795 | T68: 0.23 | U68: 0.1305 | V68: =T68-U68 -> 0.0995 | W68: 0.24 | X68: 0.1305 | Y68: =W68-X68 -> 0.1095 | Z68: 0.23 | AA68: 0.1305 | AB68: =Z68-AA68 -> 0.0995 | AC68: 0.22 | AD68: 0.1305 | AE68: =AC68-AD68 -> 0.0895 | AF68: =AVERAGE(D68,G68,J68,M68,P68,S68,V68,Y68,AB68,AE68) -> 0.0775 | AG68: 151.7 | AH68: =AG68/$AG$103 -> 0.0014056774 | AI68: =AF68*AH68 -> 0.00010894 | AJ68: 203.99 | AK68: 0 | AL68: 3.04
A69: Frontier Springs Ltd | B69: 0.36 | C69: 0.1305 | D69: =B69-C69 -> 0.2295 | E69: 0.36 | F69: 0.1305 | G69: =E69-F69 -> 0.2295 | H69: 0.2 | I69: 0.1305 | J69: =H69-I69 -> 0.0695 | K69: 0.15 | L69: 0.1305 | M69: =K69-L69 -> 0.0195 | N69: 0.11 | O69: 0.1305 | P69: =N69-O69 -> -0.0205 | Q69: 0.05 | R69: 0.1305 | S69: =Q69-R69 -> -0.0805 | T69: 0.08 | U69: 0.1305 | V69: =T69-U69 -> -0.0505 | W69: 0.11 | X69: 0.1305 | Y69: =W69-X69 -> -0.0205 | Z69: 0.17 | AA69: 0.1305 | AB69: =Z69-AA69 -> 0.0395 | AC69: 0.25 | AD69: 0.1305 | AE69: =AC69-AD69 -> 0.1195 | AF69: =AVERAGE(D69,G69,J69,M69,P69,S69,V69,Y69,AB69,AE69) -> 0.0535 | AG69: 49.42 | AH69: =AG69/$AG$103 -> 0.00045793392 | AI69: =AF69*AH69 -> 2.4499465e-05 | AJ69: 70.27 | AK69: 0.15 | AL69: 20.64
A70: RACL Geartech Ltd | B70: 0.18 | C70: 0.1305 | D70: =B70-C70 -> 0.0495 | E70: 0.2 | F70: 0.1305 | G70: =E70-F70 -> 0.0695 | H70: 0.19 | I70: 0.1305 | J70: =H70-I70 -> 0.0595 | K70: 0.13 | L70: 0.1305 | M70: =K70-L70 -> -0.0005 | N70: 0.13 | O70: 0.1305 | P70: =N70-O70 -> -0.0005 | Q70: 0.15 | R70: 0.1305 | S70: =Q70-R70 -> 0.0195 | T70: 0.15 | U70: 0.1305 | V70: =T70-U70 -> 0.0195 | W70: 0.13 | X70: 0.1305 | Y70: =W70-X70 -> -0.0005 | Z70: 0.13 | AA70: 0.1305 | AB70: =Z70-AA70 -> -0.0005 | AC70: 0.17 | AD70: 0.1305 | AE70: =AC70-AD70 -> 0.0395 | AF70: =AVERAGE(D70,G70,J70,M70,P70,S70,V70,Y70,AB70,AE70) -> 0.0255 | AG70: 159.86 | AH70: =AG70/$AG$103 -> 0.0014812893 | AI70: =AF70*AH70 -> 3.7772877e-05 | AJ70: 213.61 | AK70: 1.04 | AL70: 12.88
A71: Majestic Auto Ltd | B71: 0.32 | C71: 0.1305 | D71: =B71-C71 -> 0.1895 | E71: 0.1 | F71: 0.1305 | G71: =E71-F71 -> -0.0305 | H71: 0.1 | I71: 0.1305 | J71: =H71-I71 -> -0.0305 | K71: 0 | L71: 0.1305 | M71: =K71-L71 -> -0.1305 | N71: -0.09 | O71: 0.1305 | P71: =N71-O71 -> -0.2205 | Q71: -0.1 | R71: 0.1305 | S71: =Q71-R71 -> -0.2305 | T71: 0.01 | U71: 0.1305 | V71: =T71-U71 -> -0.1205 | W71: 0.02 | X71: 0.1305 | Y71: =W71-X71 -> -0.1105 | Z71: 0.03 | AA71: 0.1305 | AB71: =Z71-AA71 -> -0.1005 | AC71: 0.1 | AD71: 0.1305 | AE71: =AC71-AD71 -> -0.0305 | AF71: =AVERAGE(D71,G71,J71,M71,P71,S71,V71,Y71,AB71,AE71) -> -0.0815 | AG71: 596.65 | AH71: =AG71/$AG$103 -> 0.0055286579 | AI71: =AF71*AH71 -> -0.00045058562 | AJ71: 659.39 | AK71: 0.46 | AL71: -2.56
A72: Menon Pistons Ltd | B72: 0.24 | C72: 0.1305 | D72: =B72-C72 -> 0.1095 | E72: 0.27 | F72: 0.1305 | G72: =E72-F72 -> 0.1395 | H72: 0.25 | I72: 0.1305 | J72: =H72-I72 -> 0.1195 | K72: 0.13 | L72: 0.1305 | M72: =K72-L72 -> -0.0005 | N72: 0.08 | O72: 0.1305 | P72: =N72-O72 -> -0.0505 | Q72: 0.13 | R72: 0.1305 | S72: =Q72-R72 -> -0.0005 | T72: 0.11 | U72: 0.1305 | V72: =T72-U72 -> -0.0205 | W72: 0.16 | X72: 0.1305 | Y72: =W72-X72 -> 0.0295 | Z72: 0.16 | AA72: 0.1305 | AB72: =Z72-AA72 -> 0.0295 | AC72: 0.18 | AD72: 0.1305 | AE72: =AC72-AD72 -> 0.0495 | AF72: =AVERAGE(D72,G72,J72,M72,P72,S72,V72,Y72,AB72,AE72) -> 0.0405 | AG72: 80.11 | AH72: =AG72/$AG$103 -> 0.00074231256 | AI72: =AF72*AH72 -> 3.0063659e-05 | AJ72: 99.58 | AK72: 0.05 | AL72: 4.24
A73: Sundaram Brake Linings Ltd | B73: 0.16 | C73: 0.1305 | D73: =B73-C73 -> 0.0295 | E73: 0.14 | F73: 0.1305 | G73: =E73-F73 -> 0.0095 | H73: 0.11 | I73: 0.1305 | J73: =H73-I73 -> -0.0205 | K73: -0.01 | L73: 0.1305 | M73: =K73-L73 -> -0.1405 | N73: 0 | O73: 0.1305 | P73: =N73-O73 -> -0.1305 | Q73: -0.04 | R73: 0.1305 | S73: =Q73-R73 -> -0.1705 | T73: 0.03 | U73: 0.1305 | V73: =T73-U73 -> -0.1005 | W73: 0.04 | X73: 0.1305 | Y73: =W73-X73 -> -0.0905 | Z73: 0.06 | AA73: 0.1305 | AB73: =Z73-AA73 -> -0.0705 | AC73: 0.08 | AD73: 0.1305 | AE73: =AC73-AD73 -> -0.0505 | AF73: =AVERAGE(D73,G73,J73,M73,P73,S73,V73,Y73,AB73,AE73) -> -0.0735 | AG73: 114.1 | AH73: =AG73/$AG$103 -> 0.0010572695 | AI73: =AF73*AH73 -> -7.7709311e-05 | AJ73: 183.94 | AK73: 0.38 | AL73: -2.63
A74: Triton Valves Ltd | B74: 0.16 | C74: 0.1305 | D74: =B74-C74 -> 0.0295 | E74: 0.15 | F74: 0.1305 | G74: =E74-F74 -> 0.0195 | H74: 0.08 | I74: 0.1305 | J74: =H74-I74 -> -0.0505 | K74: 0.1 | L74: 0.1305 | M74: =K74-L74 -> -0.0305 | N74: 0.11 | O74: 0.1305 | P74: =N74-O74 -> -0.0205 | Q74: 0.16 | R74: 0.1305 | S74: =Q74-R74 -> 0.0295 | T74: 0.13 | U74: 0.1305 | V74: =T74-U74 -> -0.0005 | W74: 0.14 | X74: 0.1305 | Y74: =W74-X74 -> 0.0095 | Z74: 0.11 | AA74: 0.1305 | AB74: =Z74-AA74 -> -0.0205 | AC74: 0.07 | AD74: 0.1305 | AE74: =AC74-AD74 -> -0.0605 | AF74: =AVERAGE(D74,G74,J74,M74,P74,S74,V74,Y74,AB74,AE74) -> -0.0095 | AG74: 116.12 | AH74: =AG74/$AG$103 -> 0.0010759872 | AI74: =AF74*AH74 -> -1.0221878e-05 | AJ74: 146.24 | AK74: 0.57 | AL74: -1.8
A75: Uravi T and Wedge Lamps Ltd | B75: NA | C75: 0.1305 | D75: NA | E75: NA | F75: 0.1305 | G75: NA | H75: NA | I75: 0.1305 | J75: NA | K75: NA | L75: 0.1305 | M75: NA | N75: NA | O75: 0.1305 | P75: NA | Q75: NA | R75: 0.1305 | S75: NA | T75: NA | U75: 0.1305 | V75: NA | W75: NA | X75: 0.1305 | Y75: NA | Z75: 0.1814 | AA75: 0.1305 | AB75: =Z75-AA75 -> 0.0509 | AC75: 0.1603 | AD75: 0.1305 | AE75: =AC75-AD75 -> 0.0298 | AF75: =AVERAGE(D75,G75,J75,M75,P75,S75,V75,Y75,AB75,AE75) -> 0.04035 | AG75: 37.87 | AH75: =AG75/$AG$103 -> 0.00035090971 | AI75: =AF75*AH75 -> 1.4159207e-05 | AJ75: 42.2 | AK75: 0.79 | AL75: NA
A76: Jullundur Motor Agency (Delhi) Ltd | B76: 0.36 | C76: 0.1305 | D76: =B76-C76 -> 0.2295 | E76: 0.32 | F76: 0.1305 | G76: =E76-F76 -> 0.1895 | H76: 0.3 | I76: 0.1305 | J76: =H76-I76 -> 0.1695 | K76: 0.24 | L76: 0.1305 | M76: =K76-L76 -> 0.1095 | N76: 0.21 | O76: 0.1305 | P76: =N76-O76 -> 0.0795 | Q76: 0.19 | R76: 0.1305 | S76: =Q76-R76 -> 0.0595 | T76: 0.16 | U76: 0.1305 | V76: =T76-U76 -> 0.0295 | W76: 0.16 | X76: 0.1305 | Y76: =W76-X76 -> 0.0295 | Z76: 0.13 | AA76: 0.1305 | AB76: =Z76-AA76 -> -0.0005 | AC76: 0.15 | AD76: 0.1305 | AE76: =AC76-AD76 -> 0.0195 | AF76: =AVERAGE(D76,G76,J76,M76,P76,S76,V76,Y76,AB76,AE76) -> 0.0915 | AG76: 150.96 | AH76: =AG76/$AG$103 -> 0.0013988204 | AI76: =AF76*AH76 -> 0.00012799207 | AJ76: 198.04 | AK76: 0 | AL76: NA
A77: Omax Autos Ltd | B77: 0.11 | C77: 0.1305 | D77: =B77-C77 -> -0.0205 | E77: 0.14 | F77: 0.1305 | G77: =E77-F77 -> 0.0095 | H77: 0.16 | I77: 0.1305 | J77: =H77-I77 -> 0.0295 | K77: 0.11 | L77: 0.1305 | M77: =K77-L77 -> -0.0205 | N77: 0.03 | O77: 0.1305 | P77: =N77-O77 -> -0.1005 | Q77: 0.03 | R77: 0.1305 | S77: =Q77-R77 -> -0.1005 | T77: 0.09 | U77: 0.1305 | V77: =T77-U77 -> -0.0405 | W77: 0.06 | X77: 0.1305 | Y77: =W77-X77 -> -0.0705 | Z77: 0.08 | AA77: 0.1305 | AB77: =Z77-AA77 -> -0.0505 | AC77: 0.09 | AD77: 0.1305 | AE77: =AC77-AD77 -> -0.0405 | AF77: =AVERAGE(D77,G77,J77,M77,P77,S77,V77,Y77,AB77,AE77) -> -0.0405 | AG77: 424.76 | AH77: =AG77/$AG$103 -> 0.0039358967 | AI77: =AF77*AH77 -> -0.00015940381 | AJ77: 544.99 | AK77: 0.57 | AL77: -8.07
A78: IP Rings Ltd | B78: 0.16 | C78: 0.1305 | D78: =B78-C78 -> 0.0295 | E78: 0.12 | F78: 0.1305 | G78: =E78-F78 -> -0.0105 | H78: 0.05 | I78: 0.1305 | J78: =H78-I78 -> -0.0805 | K78: -0.01 | L78: 0.1305 | M78: =K78-L78 -> -0.1405 | N78: 0.03 | O78: 0.1305 | P78: =N78-O78 -> -0.1005 | Q78: 0.06 | R78: 0.1305 | S78: =Q78-R78 -> -0.0705 | T78: 0.08 | U78: 0.1305 | V78: =T78-U78 -> -0.0505 | W78: 0.05 | X78: 0.1305 | Y78: =W78-X78 -> -0.0805 | Z78: 0.11 | AA78: 0.1305 | AB78: =Z78-AA78 -> -0.0205 | AC78: 0.11 | AD78: 0.1305 | AE78: =AC78-AD78 -> -0.0205 | AF78: =AVERAGE(D78,G78,J78,M78,P78,S78,V78,Y78,AB78,AE78) -> -0.0545 | AG78: 174.7 | AH78: =AG78/$AG$103 -> 0.0016187992 | AI78: =AF78*AH78 -> -8.8224556e-05 | AJ78: 228.65 | AK78: 0.71 | AL78: -6.83
A79: SNL Bearings Ltd | B79: 0.0779 | C79: 0.1305 | D79: =B79-C79 -> -0.0526 | E79: 0.5515 | F79: 0.1305 | G79: =E79-F79 -> 0.421 | H79: 0.6575 | I79: 0.1305 | J79: =H79-I79 -> 0.527 | K79: 0.5254 | L79: 0.1305 | M79: =K79-L79 -> 0.3949 | N79: 0.3555 | O79: 0.1305 | P79: =N79-O79 -> 0.225 | Q79: 0.441 | R79: 0.1305 | S79: =Q79-R79 -> 0.3105 | T79: 0.5534 | U79: 0.1305 | V79: =T79-U79 -> 0.4229 | W79: 0.5478 | X79: 0.1305 | Y79: =W79-X79 -> 0.4173 | Z79: 0.4654 | AA79: 0.1305 | AB79: =Z79-AA79 -> 0.3349 | AC79: 0.3532 | AD79: 0.1305 | AE79: =AC79-AD79 -> 0.2227 | AF79: =AVERAGE(D79,G79,J79,M79,P79,S79,V79,Y79,AB79,AE79) -> 0.32236 | AG79: 34.79 | AH79: =AG79/$AG$103 -> 0.00032236991 | AI79: =AF79*AH79 -> 0.00010391917 | AJ79: 39.22 | AK79: 0 | AL79: 8.69
A80: Galaxy Bearings Ltd | B80: 0.12 | C80: 0.1305 | D80: =B80-C80 -> -0.0105 | E80: 0.59 | F80: 0.1305 | G80: =E80-F80 -> 0.4595 | H80: 0.51 | I80: 0.1305 | J80: =H80-I80 -> 0.3795 | K80: 0.21 | L80: 0.1305 | M80: =K80-L80 -> 0.0795 | N80: 0.22 | O80: 0.1305 | P80: =N80-O80 -> 0.0895 | Q80: 0.21 | R80: 0.1305 | S80: =Q80-R80 -> 0.0795 | T80: 0.13 | U80: 0.1305 | V80: =T80-U80 -> -0.0005 | W80: 0.18 | X80: 0.1305 | Y80: =W80-X80 -> 0.0495 | Z80: 0.21 | AA80: 0.1305 | AB80: =Z80-AA80 -> 0.0795 | AC80: 0.27 | AD80: 0.1305 | AE80: =AC80-AD80 -> 0.1395 | AF80: =AVERAGE(D80,G80,J80,M80,P80,S80,V80,Y80,AB80,AE80) -> 0.1345 | AG80: 43.25 | AH80: =AG80/$AG$103 -> 0.00040076168 | AI80: =AF80*AH80 -> 5.3902446e-05 | AJ80: 50.19 | AK80: 0.3 | AL80: NA
A81: Autoline Industries Ltd | B81: 0.1 | C81: 0.1305 | D81: =B81-C81 -> -0.0305 | E81: 0.13 | F81: 0.1305 | G81: =E81-F81 -> -0.0005 | H81: 0.12 | I81: 0.1305 | J81: =H81-I81 -> -0.0105 | K81: 0.08 | L81: 0.1305 | M81: =K81-L81 -> -0.0505 | N81: 0 | O81: 0.1305 | P81: =N81-O81 -> -0.1305 | Q81: -0.07 | R81: 0.1305 | S81: =Q81-R81 -> -0.2005 | T81: -0.08 | U81: 0.1305 | V81: =T81-U81 -> -0.2105 | W81: -0.04 | X81: 0.1305 | Y81: =W81-X81 -> -0.1705 | Z81: -0.08 | AA81: 0.1305 | AB81: =Z81-AA81 -> -0.2105 | AC81: -0.04 | AD81: 0.1305 | AE81: =AC81-AD81 -> -0.1705 | AF81: =AVERAGE(D81,G81,J81,M81,P81,S81,V81,Y81,AB81,AE81) -> -0.1185 | AG81: 183.34 | AH81: =AG81/$AG$103 -> 0.0016988589 | AI81: =AF81*AH81 -> -0.00020131478 | AJ81: 469.76 | AK81: 1.45 | AL81: -19.05
A82: Talbros Engineering Ltd | B82: 0.13 | C82: 0.1305 | D82: =B82-C82 -> -0.0005 | E82: 0.26 | F82: 0.1305 | G82: =E82-F82 -> 0.1295 | H82: 0.33 | I82: 0.1305 | J82: =H82-I82 -> 0.1995 | K82: 0.28 | L82: 0.1305 | M82: =K82-L82 -> 0.1495 | N82: 0.2 | O82: 0.1305 | P82: =N82-O82 -> 0.0695 | Q82: 0.19 | R82: 0.1305 | S82: =Q82-R82 -> 0.0595 | T82: 0.16 | U82: 0.1305 | V82: =T82-U82 -> 0.0295 | W82: 0.2 | X82: 0.1305 | Y82: =W82-X82 -> 0.0695 | Z82: 0.18 | AA82: 0.1305 | AB82: =Z82-AA82 -> 0.0495 | AC82: 0.16 | AD82: 0.1305 | AE82: =AC82-AD82 -> 0.0295 | AF82: =AVERAGE(D82,G82,J82,M82,P82,S82,V82,Y82,AB82,AE82) -> 0.0785 | AG82: 147.25 | AH82: =AG82/$AG$103 -> 0.0013644429 | AI82: =AF82*AH82 -> 0.00010710877 | AJ82: 190.29 | AK82: 1.49 | AL82: NA
A83: Bharat Gears Ltd | B83: 0.18 | C83: 0.1305 | D83: =B83-C83 -> 0.0495 | E83: 0.22 | F83: 0.1305 | G83: =E83-F83 -> 0.0895 | H83: 0.31 | I83: 0.1305 | J83: =H83-I83 -> 0.1795 | K83: 0.14 | L83: 0.1305 | M83: =K83-L83 -> 0.0095 | N83: 0.09 | O83: 0.1305 | P83: =N83-O83 -> -0.0405 | Q83: 0.06 | R83: 0.1305 | S83: =Q83-R83 -> -0.0705 | T83: 0.1 | U83: 0.1305 | V83: =T83-U83 -> -0.0305 | W83: 0.07 | X83: 0.1305 | Y83: =W83-X83 -> -0.0605 | Z83: 0.13 | AA83: 0.1305 | AB83: =Z83-AA83 -> -0.0005 | AC83: 0.18 | AD83: 0.1305 | AE83: =AC83-AD83 -> 0.0495 | AF83: =AVERAGE(D83,G83,J83,M83,P83,S83,V83,Y83,AB83,AE83) -> 0.0175 | AG83: 233.61 | AH83: =AG83/$AG$103 -> 0.002164669 | AI83: =AF83*AH83 -> 3.7881708e-05 | AJ83: 399.77 | AK83: 1.6 | AL83: -1.23
A84: Duncan Engineering Ltd | B84: 0.04 | C84: 0.1305 | D84: =B84-C84 -> -0.0905 | E84: -0.1 | F84: 0.1305 | G84: =E84-F84 -> -0.2305 | H84: -0.16 | I84: 0.1305 | J84: =H84-I84 -> -0.2905 | K84: -0.039 | L84: 0.1305 | M84: =K84-L84 -> -0.1695 | N84: -0.0006 | O84: 0.1305 | P84: =N84-O84 -> -0.1311 | Q84: -0.1136 | R84: 0.1305 | S84: =Q84-R84 -> -0.2441 | T84: -0.0933 | U84: 0.1305 | V84: =T84-U84 -> -0.2238 | W84: -0.1036 | X84: 0.1305 | Y84: =W84-X84 -> -0.2341 | Z84: 0.0588 | AA84: 0.1305 | AB84: =Z84-AA84 -> -0.0717 | AC84: 0.1772 | AD84: 0.1305 | AE84: =AC84-AD84 -> 0.0467 | AF84: =AVERAGE(D84,G84,J84,M84,P84,S84,V84,Y84,AB84,AE84) -> -0.16391 | AG84: 27.5 | AH84: =AG84/$AG$103 -> 0.00025481956 | AI84: =AF84*AH84 -> -4.1767475e-05 | AJ84: 34.07 | AK84: 0.23 | AL84: -3.66
A85: Benara Bearings & Pistons Ltd | B85: NA | C85: 0.1305 | D85: NA | E85: NA | F85: 0.1305 | G85: NA | H85: NA | I85: 0.1305 | J85: NA | K85: NA | L85: 0.1305 | M85: NA | N85: 0.1 | O85: 0.1305 | P85: =N85-O85 -> -0.0305 | Q85: 0.12 | R85: 0.1305 | S85: =Q85-R85 -> -0.0105 | T85: 0.11 | U85: 0.1305 | V85: =T85-U85 -> -0.0205 | W85: 0.19 | X85: 0.1305 | Y85: =W85-X85 -> 0.0595 | Z85: 0.14 | AA85: 0.1305 | AB85: =Z85-AA85 -> 0.0095 | AC85: 0.09 | AD85: 0.1305 | AE85: =AC85-AD85 -> -0.0405 | AF85: =AVERAGE(D85,G85,J85,M85,P85,S85,V85,Y85,AB85,AE85) -> -0.0055 | AG85: 99.67 | AH85: =AG85/$AG$103 -> 0.00092355876 | AI85: =AF85*AH85 -> -5.0795732e-06 | AJ85: 115.12 | AK85: 0.7 | AL85: NA
A86: Kinetic Engineering Ltd | B86: NA | C86: 0.1305 | D86: NA | E86: -0.02 | F86: 0.1305 | G86: =E86-F86 -> -0.1505 | H86: -0.07 | I86: 0.1305 | J86: =H86-I86 -> -0.2005 | K86: -0.08 | L86: 0.1305 | M86: =K86-L86 -> -0.2105 | N86: -0.09 | O86: 0.1305 | P86: =N86-O86 -> -0.2205 | Q86: -0.11 | R86: 0.1305 | S86: =Q86-R86 -> -0.2405 | T86: -0.11 | U86: 0.1305 | V86: =T86-U86 -> -0.2405 | W86: -0.08 | X86: 0.1305 | Y86: =W86-X86 -> -0.2105 | Z86: -0.03 | AA86: 0.1305 | AB86: =Z86-AA86 -> -0.1605 | AC86: -0.04 | AD86: 0.1305 | AE86: =AC86-AD86 -> -0.1705 | AF86: =AVERAGE(D86,G86,J86,M86,P86,S86,V86,Y86,AB86,AE86) -> -0.2005 | AG86: 75.67 | AH86: =AG86/$AG$103 -> 0.00070117078 | AI86: =AF86*AH86 -> -0.00014058474 | AJ86: 154.14 | AK86: 3.12 | AL86: -15.08
A87: Remsons Industries Ltd | B87: 0.18 | C87: 0.1305 | D87: =B87-C87 -> 0.0495 | E87: 0.18 | F87: 0.1305 | G87: =E87-F87 -> 0.0495 | H87: 0.2 | I87: 0.1305 | J87: =H87-I87 -> 0.0695 | K87: 0.08 | L87: 0.1305 | M87: =K87-L87 -> -0.0505 | N87: 0.11 | O87: 0.1305 | P87: =N87-O87 -> -0.0205 | Q87: 0.05 | R87: 0.1305 | S87: =Q87-R87 -> -0.0805 | T87: 0.08 | U87: 0.1305 | V87: =T87-U87 -> -0.0505 | W87: 0.02 | X87: 0.1305 | Y87: =W87-X87 -> -0.1105 | Z87: 0.16 | AA87: 0.1305 | AB87: =Z87-AA87 -> 0.0295 | AC87: 0.16 | AD87: 0.1305 | AE87: =AC87-AD87 -> 0.0295 | AF87: =AVERAGE(D87,G87,J87,M87,P87,S87,V87,Y87,AB87,AE87) -> -0.0085 | AG87: 53 | AH87: =AG87/$AG$103 -> 0.0004911068 | AI87: =AF87*AH87 -> -4.1744078e-06 | AJ87: 84.86 | AK87: 1.31 | AL87: 8.8
A88: Him Teknoforge Ltd | B88: 0.49 | C88: 0.1305 | D88: =B88-C88 -> 0.3595 | E88: 0.39 | F88: 0.1305 | G88: =E88-F88 -> 0.2595 | H88: 0.56 | I88: 0.1305 | J88: =H88-I88 -> 0.4295 | K88: 0.49 | L88: 0.1305 | M88: =K88-L88 -> 0.3595 | N88: 0.45 | O88: 0.1305 | P88: =N88-O88 -> 0.3195 | Q88: 0.31 | R88: 0.1305 | S88: =Q88-R88 -> 0.1795 | T88: 0.22 | U88: 0.1305 | V88: =T88-U88 -> 0.0895 | W88: 0.19 | X88: 0.1305 | Y88: =W88-X88 -> 0.0595 | Z88: 0.11 | AA88: 0.1305 | AB88: =Z88-AA88 -> -0.0205 | AC88: 0.12 | AD88: 0.1305 | AE88: =AC88-AD88 -> -0.0105 | AF88: =AVERAGE(D88,G88,J88,M88,P88,S88,V88,Y88,AB88,AE88) -> 0.2025 | AG88: 265.24 | AH88: =AG88/$AG$103 -> 0.0024577579 | AI88: =AF88*AH88 -> 0.00049769597 | AJ88: 331.1 | AK88: 0.79 | AL88: -4.66
A89: SAL Automotive Ltd | B89: 0.28 | C89: 0.1305 | D89: =B89-C89 -> 0.1495 | E89: 0.11 | F89: 0.1305 | G89: =E89-F89 -> -0.0205 | H89: 0.12 | I89: 0.1305 | J89: =H89-I89 -> -0.0105 | K89: 0.15 | L89: 0.1305 | M89: =K89-L89 -> 0.0195 | N89: 0.15 | O89: 0.1305 | P89: =N89-O89 -> 0.0195 | Q89: 0.14 | R89: 0.1305 | S89: =Q89-R89 -> 0.0095 | T89: 0.12 | U89: 0.1305 | V89: =T89-U89 -> -0.0105 | W89: 0.12 | X89: 0.1305 | Y89: =W89-X89 -> -0.0105 | Z89: 0.16 | AA89: 0.1305 | AB89: =Z89-AA89 -> 0.0295 | AC89: 0.14 | AD89: 0.1305 | AE89: =AC89-AD89 -> 0.0095 | AF89: =AVERAGE(D89,G89,J89,M89,P89,S89,V89,Y89,AB89,AE89) -> 0.0185 | AG89: 39.43 | AH89: =AG89/$AG$103 -> 0.00036536492 | AI89: =AF89*AH89 -> 6.7592511e-06 | AJ89: 67.52 | AK89: 0.15 | AL89: NA
A90: Rasandik Engineering Industries India Ltd | B90: 0.11 | C90: 0.1305 | D90: =B90-C90 -> -0.0205 | E90: 0.12 | F90: 0.1305 | G90: =E90-F90 -> -0.0105 | H90: 0.04 | I90: 0.1305 | J90: =H90-I90 -> -0.0905 | K90: 0.17 | L90: 0.1305 | M90: =K90-L90 -> 0.0395 | N90: 0.07 | O90: 0.1305 | P90: =N90-O90 -> -0.0605 | Q90: 0.14 | R90: 0.1305 | S90: =Q90-R90 -> 0.0095 | T90: 0.1 | U90: 0.1305 | V90: =T90-U90 -> -0.0305 | W90: 0.13 | X90: 0.1305 | Y90: =W90-X90 -> -0.0005 | Z90: 0.09 | AA90: 0.1305 | AB90: =Z90-AA90 -> -0.0405 | AC90: 0.1 | AD90: 0.1305 | AE90: =AC90-AD90 -> -0.0305 | AF90: =AVERAGE(D90,G90,J90,M90,P90,S90,V90,Y90,AB90,AE90) -> -0.0235 | AG90: 177.21 | AH90: =AG90/$AG$103 -> 0.0016420573 | AI90: =AF90*AH90 -> -3.8588346e-05 | AJ90: 274.91 | AK90: 0.65 | AL90: -5.51
A91: Automotive Stampings & Assemblies Ltd | B91: 0.14 | C91: 0.1305 | D91: =B91-C91 -> 0.0095 | E91: 0.19 | F91: 0.1305 | G91: =E91-F91 -> 0.0595 | H91: 0.13 | I91: 0.1305 | J91: =H91-I91 -> -0.0005 | K91: -0.01 | L91: 0.1305 | M91: =K91-L91 -> -0.1405 | N91: -0.04 | O91: 0.1305 | P91: =N91-O91 -> -0.1705 | Q91: -0.14 | R91: 0.1305 | S91: =Q91-R91 -> -0.2705 | T91: -0.11 | U91: 0.1305 | V91: =T91-U91 -> -0.2405 | W91: -0.06 | X91: 0.1305 | Y91: =W91-X91 -> -0.1905 | Z91: -0.38 | AA91: 0.1305 | AB91: =Z91-AA91 -> -0.5105 | AC91: 0.04 | AD91: 0.1305 | AE91: =AC91-AD91 -> -0.0905 | AF91: =AVERAGE(D91,G91,J91,M91,P91,S91,V91,Y91,AB91,AE91) -> -0.1545 | AG91: 84.13 | AH91: =AG91/$AG$103 -> 0.00077956254 | AI91: =AF91*AH91 -> -0.00012044241 | AJ91: 197.51 | AK91: NA | AL91: -13.68
A92: Sibar Auto Parts Ltd | B92: 0 | C92: 0.1305 | D92: =B92-C92 -> -0.1305 | E92: 0.0427 | F92: 0.1305 | G92: =E92-F92 -> -0.0878 | H92: 0.0849 | I92: 0.1305 | J92: =H92-I92 -> -0.0456 | K92: 0.0261 | L92: 0.1305 | M92: =K92-L92 -> -0.1044 | N92: 0.0782 | O92: 0.1305 | P92: =N92-O92 -> -0.0523 | Q92: 0.0503 | R92: 0.1305 | S92: =Q92-R92 -> -0.0802 | T92: 0.0501 | U92: 0.1305 | V92: =T92-U92 -> -0.0804 | W92: 0.0557 | X92: 0.1305 | Y92: =W92-X92 -> -0.0748 | Z92: -0.058 | AA92: 0.1305 | AB92: =Z92-AA92 -> -0.1885 | AC92: -0.166 | AD92: 0.1305 | AE92: =AC92-AD92 -> -0.2965 | AF92: =AVERAGE(D92,G92,J92,M92,P92,S92,V92,Y92,AB92,AE92) -> -0.1141 | AG92: 15.98 | AH92: =AG92/$AG$103 -> 0.00014807333 | AI92: =AF92*AH92 -> -1.6895167e-05 | AJ92: 23.23 | AK92: 0.18 | AL92: NA
A93: Auto Pins (India) Ltd | B93: 12.9327 | C93: 0.1305 | D93: =B93-C93 -> 12.8022 | E93: 0.0841 | F93: 0.1305 | G93: =E93-F93 -> -0.0464 | H93: 0.7968 | I93: 0.1305 | J93: =H93-I93 -> 0.6663 | K93: 0.0494 | L93: 0.1305 | M93: =K93-L93 -> -0.0811 | N93: 0.9276 | O93: 0.1305 | P93: =N93-O93 -> 0.7971 | Q93: 0.0265 | R93: 0.1305 | S93: =Q93-R93 -> -0.104 | T93: -0.0481 | U93: 0.1305 | V93: =T93-U93 -> -0.1786 | W93: 0.0539 | X93: 0.1305 | Y93: =W93-X93 -> -0.0766 | Z93: 0.0691 | AA93: 0.1305 | AB93: =Z93-AA93 -> -0.0614 | AC93: 0.096 | AD93: 0.1305 | AE93: =AC93-AD93 -> -0.0345 | AF93: =AVERAGE(D93,G93,J93,M93,P93,S93,V93,Y93,AB93,AE93) -> 1.3683 | AG93: 6.53 | AH93: =AG93/$AG$103 -> 6.0508064e-05 | AI93: =AF93*AH93 -> 8.2793184e-05 | AJ93: 11.63 | AK93: 0.34 | AL93: NA
A94: Autolite (India) Ltd | B94: 0.07 | C94: 0.1305 | D94: =B94-C94 -> -0.0605 | E94: 0.08 | F94: 0.1305 | G94: =E94-F94 -> -0.0505 | H94: 0.1 | I94: 0.1305 | J94: =H94-I94 -> -0.0305 | K94: 0.08 | L94: 0.1305 | M94: =K94-L94 -> -0.0505 | N94: 0.06 | O94: 0.1305 | P94: =N94-O94 -> -0.0705 | Q94: 0.1 | R94: 0.1305 | S94: =Q94-R94 -> -0.0305 | T94: 0.12 | U94: 0.1305 | V94: =T94-U94 -> -0.0105 | W94: 0.08 | X94: 0.1305 | Y94: =W94-X94 -> -0.0505 | Z94: 0.07 | AA94: 0.1305 | AB94: =Z94-AA94 -> -0.0605 | AC94: 0.07 | AD94: 0.1305 | AE94: =AC94-AD94 -> -0.0605 | AF94: =AVERAGE(D94,G94,J94,M94,P94,S94,V94,Y94,AB94,AE94) -> -0.0475 | AG94: 69.74 | AH94: =AG94/$AG$103 -> 0.00064622242 | AI94: =AF94*AH94 -> -3.0695565e-05 | AJ94: 107.63 | AK94: 0.8 | AL94: -5.92
A95: Castex Technologies Ltd | B95: 0.07 | C95: 0.1305 | D95: =B95-C95 -> -0.0605 | E95: 0.07 | F95: 0.1305 | G95: =E95-F95 -> -0.0605 | H95: 0.1 | I95: 0.1305 | J95: =H95-I95 -> -0.0305 | K95: 0.1 | L95: 0.1305 | M95: =K95-L95 -> -0.0305 | N95: 0.1 | O95: 0.1305 | P95: =N95-O95 -> -0.0305 | Q95: 0.04 | R95: 0.1305 | S95: =Q95-R95 -> -0.0905 | T95: -0.01 | U95: 0.1305 | V95: =T95-U95 -> -0.1405 | W95: -0.05 | X95: 0.1305 | Y95: =W95-X95 -> -0.1805 | Z95: -0.11 | AA95: 0.1305 | AB95: =Z95-AA95 -> -0.2405 | AC95: -0.09 | AD95: 0.1305 | AE95: =AC95-AD95 -> -0.2205 | AF95: =AVERAGE(D95,G95,J95,M95,P95,S95,V95,Y95,AB95,AE95) -> -0.1085 | AG95: 425.05 | AH95: =AG95/$AG$103 -> 0.0039385839 | AI95: =AF95*AH95 -> -0.00042733635 | AJ95: 6820.79 | AK95: NA | AL95: -36.62
A96: Austin Engineering Company Ltd | B96: 0.14 | C96: 0.1305 | D96: =B96-C96 -> 0.0095 | E96: 0.18 | F96: 0.1305 | G96: =E96-F96 -> 0.0495 | H96: 0.19 | I96: 0.1305 | J96: =H96-I96 -> 0.0595 | K96: 0.09 | L96: 0.1305 | M96: =K96-L96 -> -0.0405 | N96: 0.08 | O96: 0.1305 | P96: =N96-O96 -> -0.0505 | Q96: 0.08 | R96: 0.1305 | S96: =Q96-R96 -> -0.0505 | T96: -0.02 | U96: 0.1305 | V96: =T96-U96 -> -0.1505 | W96: -0.04 | X96: 0.1305 | Y96: =W96-X96 -> -0.1705 | Z96: -0.01 | AA96: 0.1305 | AB96: =Z96-AA96 -> -0.1405 | AC96: 0.05 | AD96: 0.1305 | AE96: =AC96-AD96 -> -0.0805 | AF96: =AVERAGE(D96,G96,J96,M96,P96,S96,V96,Y96,AB96,AE96) -> -0.0565 | AG96: 62.67 | AH96: =AG96/$AG$103 -> 0.00058071062 | AI96: =AF96*AH96 -> -3.281015e-05 | AJ96: 88.41 | AK96: 0.18 | AL96: -7.87
A97: Jagan Lamps Ltd | B97: 0.0665 | C97: 0.1305 | D97: =B97-C97 -> -0.064 | E97: 0.0731 | F97: 0.1305 | G97: =E97-F97 -> -0.0574 | H97: 0.1067 | I97: 0.1305 | J97: =H97-I97 -> -0.0238 | K97: 0.1077 | L97: 0.1305 | M97: =K97-L97 -> -0.0228 | N97: 0.1151 | O97: 0.1305 | P97: =N97-O97 -> -0.0154 | Q97: 0.0959 | R97: 0.1305 | S97: =Q97-R97 -> -0.0346 | T97: 0.0594 | U97: 0.1305 | V97: =T97-U97 -> -0.0711 | W97: 0.052 | X97: 0.1305 | Y97: =W97-X97 -> -0.0785 | Z97: 0.0509 | AA97: 0.1305 | AB97: =Z97-AA97 -> -0.0796 | AC97: 0.0703 | AD97: 0.1305 | AE97: =AC97-AD97 -> -0.0602 | AF97: =AVERAGE(D97,G97,J97,M97,P97,S97,V97,Y97,AB97,AE97) -> -0.05074 | AG97: 19.67 | AH97: =AG97/$AG$103 -> 0.00018226548 | AI97: =AF97*AH97 -> -9.2481507e-06 | AJ97: 29.32 | AK97: 0.06 | AL97: 10.51
A98: Hindustan Hardy Ltd | B98: 0.029 | C98: 0.1305 | D98: =B98-C98 -> -0.1015 | E98: 0.1112 | F98: 0.1305 | G98: =E98-F98 -> -0.0193 | H98: 0.2516 | I98: 0.1305 | J98: =H98-I98 -> 0.1211 | K98: 0.1672 | L98: 0.1305 | M98: =K98-L98 -> 0.0367 | N98: 0.1592 | O98: 0.1305 | P98: =N98-O98 -> 0.0287 | Q98: -0.0784 | R98: 0.1305 | S98: =Q98-R98 -> -0.2089 | T98: 0.1153 | U98: 0.1305 | V98: =T98-U98 -> -0.0152 | W98: 0.003 | X98: 0.1305 | Y98: =W98-X98 -> -0.1275 | Z98: 0.113 | AA98: 0.1305 | AB98: =Z98-AA98 -> -0.0175 | AC98: 0.1602 | AD98: 0.1305 | AE98: =AC98-AD98 -> 0.0297 | AF98: =AVERAGE(D98,G98,J98,M98,P98,S98,V98,Y98,AB98,AE98) -> -0.02737 | AG98: 12.48 | AH98: =AG98/$AG$103 -> 0.00011564175 | AI98: =AF98*AH98 -> -3.1651147e-06 | AJ98: 23.36 | AK98: 0.55 | AL98: -4.6
A99: ASL Industries Ltd | B99: NA | C99: 0.1305 | D99: NA | E99: NA | F99: 0.1305 | G99: NA | H99: NA | I99: 0.1305 | J99: NA | K99: 0.02 | L99: 0.1305 | M99: =K99-L99 -> -0.1105 | N99: 0.01 | O99: 0.1305 | P99: =N99-O99 -> -0.1205 | Q99: 0.05 | R99: 0.1305 | S99: =Q99-R99 -> -0.0805 | T99: 0.06 | U99: 0.1305 | V99: =T99-U99 -> -0.0705 | W99: 0.08 | X99: 0.1305 | Y99: =W99-X99 -> -0.0505 | Z99: 0 | AA99: 0.1305 | AB99: =Z99-AA99 -> -0.1305 | AC99: -0.03 | AD99: 0.1305 | AE99: =AC99-AD99 -> -0.1605 | AF99: =AVERAGE(D99,G99,J99,M99,P99,S99,V99,Y99,AB99,AE99) -> -0.10335714 | AG99: 56.19 | AH99: =AG99/$AG$103 -> 0.00052066587 | AI99: =AF99*AH99 -> -5.3814536e-05 | AJ99: 63.3 | AK99: 0.86 | AL99: NA
A100: PAE Ltd | B100: 0.1774 | C100: 0.1305 | D100: =B100-C100 -> 0.0469 | E100: 0.0797 | F100: 0.1305 | G100: =E100-F100 -> -0.0508 | H100: -0.0325 | I100: 0.1305 | J100: =H100-I100 -> -0.163 | K100: -0.0954 | L100: 0.1305 | M100: =K100-L100 -> -0.2259 | N100: -0.1502 | O100: 0.1305 | P100: =N100-O100 -> -0.2807 | Q100: -0.164 | R100: 0.1305 | S100: =Q100-R100 -> -0.2945 | T100: -0.6407 | U100: 0.1305 | V100: =T100-U100 -> -0.7712 | W100: NA | X100: 0.1305 | Y100: NA | Z100: NA | AA100: 0.1305 | AB100: NA | AC100: NA | AD100: 0.1305 | AE100: NA | AF100: =AVERAGE(D100,G100,J100,M100,P100,S100,V100,Y100,AB100,AE100) -> -0.24845714 | AG100: -14.14 | AH100: =AG100/$AG$103 -> -0.00013102359 | AI100: =AF100*AH100 -> 3.2553746e-05 | AJ100: 6.62 | AK100: NA | AL100: -25.74
...

Sheet Data Sheet 3
A1: Industry/Companies | B1: 2010 | E1: 2011 | H1: 2012 | K1: 2013 | N1: 2014 | Q1: 2015 | T1: 2016 | W1: 2017 | Z1: 2018 | AC1: 2019 | AF1: Average | AG1: Total Capital | AH1: Weight | AI1: Weighted Average | AJ1: Total Assets | AK1: Debt-to-Equity Ratio | AL1: 10-Year Returns | AM1: Median
B2: RoCE | C2: CoC | D2: RoCE - CoC | E2: RoCE | F2: CoC | G2: RoCE - CoC | H2: RoCE | I2: CoC | J2: RoCE - CoC | K2: RoCE | L2: CoC | M2: RoCE - CoC | N2: RoCE | O2: CoC | P2: RoCE - CoC | Q2: RoCE | R2: CoC | S2: RoCE - CoC | T2: RoCE | U2: CoC | V2: RoCE - CoC | W2: RoCE | X2: CoC | Y2: RoCE - CoC | Z2: RoCE | AA2: CoC | AB2: RoCE - CoC | AC2: RoCE | AD2: CoC | AE2: RoCE - CoC
A3: Pharmaceuticals
A4: Sun Pharmaceuticals Industries Ltd | B4: 0.19 | C4: 0.1305 | D4: =B4-C4 -> 0.0595 | E4: 0.23 | F4: 0.1305 | G4: =E4-F4 -> 0.0995 | H4: 0.28 | I4: 0.1305 | J4: =H4-I4 -> 0.1495 | K4: 0.35 | L4: 0.1305 | M4: =K4-L4 -> 0.2195 | N4: 0.38 | O4: 0.1305 | P4: =N4-O4 -> 0.2495 | Q4: 0.25 | R4: 0.1305 | S4: =Q4-R4 -> 0.1195 | T4: 0.2 | U4: 0.1305 | V4: =T4-U4 -> 0.0695 | W4: 0.21 | X4: 0.1305 | Y4: =W4-X4 -> 0.0795 | Z4: 0.1 | AA4: 0.1305 | AB4: =Z4-AA4 -> -0.0305 | AC4: 0.11 | AD4: 0.1305 | AE4: =AC4-AD4 -> -0.0205 | AF4: =AVERAGE(D4,G4,J4,M4,P4,S4,V4,Y4,AB4,AE4) -> 0.0995 | AG4: 52842.75 | AH4: =AG4/$AG$161 -> 0.15591101 | AI4: =AF4*AH4 -> 0.015513146 | AJ4: 68252.46 | AK4: 0.17 | AL4: 10.79
A5: Dr Reddy's Laboratories Ltd | B5: 0.21 | C5: 0.1305 | D5: =B5-C5 -> 0.0795 | E5: 0.2 | F5: 0.1305 | G5: =E5-F5 -> 0.0695 | H5: 0.28 | I5: 0.1305 | J5: =H5-I5 -> 0.1495 | K5: 0.25 | L5: 0.1305 | M5: =K5-L5 -> 0.1195 | N5: 0.25 | O5: 0.1305 | P5: =N5-O5 -> 0.1195 | Q5: 0.22 | R5: 0.1305 | S5: =Q5-R5 -> 0.0895 | T5: 0.19 | U5: 0.1305 | V5: =T5-U5 -> 0.0595 | W5: 0.09 | X5: 0.1305 | Y5: =W5-X5 -> -0.0405 | Z5: 0.08 | AA5: 0.1305 | AB5: =Z5-AA5 -> -0.0505 | AC5: 0.12 | AD5: 0.1305 | AE5: =AC5-AD5 -> -0.0105 | AF5: =AVERAGE(D5,G5,J5,M5,P5,S5,V5,Y5,AB5,AE5) -> 0.0585 | AG5: 17382.4 | AH5: =AG5/$AG$161 -> 0.051286271 | AI5: =AF5*AH5 -> 0.0030002469 | AJ5: 23225.3 | AK5: 0.11 | AL5: 11.3
A6: Divi's Laboratories Ltd | B6: 0.27 | C6: 0.1305 | D6: =B6-C6 -> 0.1395 | E6: 0.28 | F6: 0.1305 | G6: =E6-F6 -> 0.1495 | H6: 0.34 | I6: 0.1305 | J6: =H6-I6 -> 0.2095 | K6: 0.33 | L6: 0.1305 | M6: =K6-L6 -> 0.1995 | N6: 0.36 | O6: 0.1305 | P6: =N6-O6 -> 0.2295 | Q6: 0.33 | R6: 0.1305 | S6: =Q6-R6 -> 0.1995 | T6: 0.36 | U6: 0.1305 | V6: =T6-U6 -> 0.2295 | W6: 0.29 | X6: 0.1305 | Y6: =W6-X6 -> 0.1595 | Z6: 0.22 | AA6: 0.1305 | AB6: =Z6-AA6 -> 0.0895 | AC6: 0.29 | AD6: 0.1305 | AE6: =AC6-AD6 -> 0.1595 | AF6: =AVERAGE(D6,G6,J6,M6,P6,S6,V6,Y6,AB6,AE6) -> 0.1765 | AG6: 7091.08 | AH6: =AG6/$AG$161 -> 0.020922028 | AI6: =AF6*AH6 -> 0.0036927379 | AJ6: 8070.71 | AK6: 0 | AL6: 20.42
A7: Cipla Ltd | B7: 0.22 | C7: 0.1305 | D7: =B7-C7 -> 0.0895 | E7: 0.18 | F7: 0.1305 | G7: =E7-F7 -> 0.0495 | H7: 0.2 | I7: 0.1305 | J7: =H7-I7 -> 0.0695 | K7: 0.24 | L7: 0.1305 | M7: =K7-L7 -> 0.1095 | N7: 0.19 | O7: 0.1305 | P7: =N7-O7 -> 0.0595 | Q7: 0.15 | R7: 0.1305 | S7: =Q7-R7 -> 0.0195 | T7: 0.13 | U7: 0.1305 | V7: =T7-U7 -> -0.0005 | W7: 0.07 | X7: 0.1305 | Y7: =W7-X7 -> -0.0605 | Z7: 0.1 | AA7: 0.1305 | AB7: =Z7-AA7 -> -0.0305 | AC7: 0.11 | AD7: 0.1305 | AE7: =AC7-AD7 -> -0.0205 | AF7: =AVERAGE(D7,G7,J7,M7,P7,S7,V7,Y7,AB7,AE7) -> 0.0285 | AG7: 18579.43 | AH7: =AG7/$AG$161 -> 0.054818074 | AI7: =AF7*AH7 -> 0.0015623151 | AJ7: 23662.56 | AK7: 0.18 | AL7: 7.18
A8: Torrent Pharmaceuticals Ltd | B8: 0.3 | C8: 0.1305 | D8: =B8-C8 -> 0.1695 | E8: 0.25 | F8: 0.1305 | G8: =E8-F8 -> 0.1195 | H8: 0.27 | I8: 0.1305 | J8: =H8-I8 -> 0.1395 | K8: 0.33 | L8: 0.1305 | M8: =K8-L8 -> 0.1995 | N8: 0.35 | O8: 0.1305 | P8: =N8-O8 -> 0.2195 | Q8: 0.27 | R8: 0.1305 | S8: =Q8-R8 -> 0.1395 | T8: 0.48 | U8: 0.1305 | V8: =T8-U8 -> 0.3495 | W8: 0.19 | X8: 0.1305 | Y8: =W8-X8 -> 0.0595 | Z8: 0.13 | AA8: 0.1305 | AB8: =Z8-AA8 -> -0.0005 | AC8: 0.13 | AD8: 0.1305 | AE8: =AC8-AD8 -> -0.0005 | AF8: =AVERAGE(D8,G8,J8,M8,P8,S8,V8,Y8,AB8,AE8) -> 0.1395 | AG8: 9218.62 | AH8: =AG8/$AG$161 -> 0.027199273 | AI8: =AF8*AH8 -> 0.0037942986 | AJ8: 14038 | AK8: 0.91 | AL8: 23.77
A9: Biocon Ltd | B9: 0.17 | C9: 0.1305 | D9: =B9-C9 -> 0.0395 | E9: 0.2 | F9: 0.1305 | G9: =E9-F9 -> 0.0695 | H9: 0.16 | I9: 0.1305 | J9: =H9-I9 -> 0.0295 | K9: 0.15 | L9: 0.1305 | M9: =K9-L9 -> 0.0195 | N9: 0.16 | O9: 0.1305 | P9: =N9-O9 -> 0.0295 | Q9: 0.13 | R9: 0.1305 | S9: =Q9-R9 -> -0.0005 | T9: 0.09 | U9: 0.1305 | V9: =T9-U9 -> -0.0405 | W9: 0.13 | X9: 0.1305 | Y9: =W9-X9 -> -0.0005 | Z9: 0.08 | AA9: 0.1305 | AB9: =Z9-AA9 -> -0.0505 | AC9: 0.13 | AD9: 0.1305 | AE9: =AC9-AD9 -> -0.0005 | AF9: =AVERAGE(D9,G9,J9,M9,P9,S9,V9,Y9,AB9,AE9) -> 0.0095 | AG9: 8685.5 | AH9: =AG9/$AG$161 -> 0.025626318 | AI9: =AF9*AH9 -> 0.00024345002 | AJ9: 14443.8 | AK9: 0.3 | AL9: 21.92
A10: Aurobindo Pharma Ltd | B10: 0.22 | C10: 0.1305 | D10: =B10-C10 -> 0.0895 | E10: 0.2 | F10: 0.1305 | G10: =E10-F10 -> 0.0695 | H10: 0.08 | I10: 0.1305 | J10: =H10-I10 -> -0.0505 | K10: 0.11 | L10: 0.1305 | M10: =K10-L10 -> -0.0205 | N10: 0.27 | O10: 0.1305 | P10: =N10-O10 -> 0.1395 | Q10: 0.27 | R10: 0.1305 | S10: =Q10-R10 -> 0.1395 | T10: 0.27 | U10: 0.1305 | V10: =T10-U10 -> 0.1395 | W10: 0.25 | X10: 0.1305 | Y10: =W10-X10 -> 0.1195 | Z10: 0.23 | AA10: 0.1305 | AB10: =Z10-AA10 -> 0.0995 | AC10: 0.18 | AD10: 0.1305 | AE10: =AC10-AD10 -> 0.0495 | AF10: =AVERAGE(D10,G10,J10,M10,P10,S10,V10,Y10,AB10,AE10) -> 0.0775 | AG10: 20845.61 | AH10: =AG10/$AG$161 -> 0.061504373 | AI10: =AF10*AH10 -> 0.0047665889 | AJ10: 27289.36 | AK10: 0.37 | AL10: 24.52
A11: Lupin Ltd | B11: 0.27 | C11: 0.1305 | D11: =B11-C11 -> 0.1395 | E11: 0.25 | F11: 0.1305 | G11: =E11-F11 -> 0.1195 | H11: 0.25 | I11: 0.1305 | J11: =H11-I11 -> 0.1195 | K11: 0.33 | L11: 0.1305 | M11: =K11-L11 -> 0.1995 | N11: 0.41 | O11: 0.1305 | P11: =N11-O11 -> 0.2795 | Q11: 0.4 | R11: 0.1305 | S11: =Q11-R11 -> 0.2695 | T11: 0.24 | U11: 0.1305 | V11: =T11-U11 -> 0.1095 | W11: 0.19 | X11: 0.1305 | Y11: =W11-X11 -> 0.0595 | Z11: 0.1 | AA11: 0.1305 | AB11: =Z11-AA11 -> -0.0305 | AC11: 0.1 | AD11: 0.1305 | AE11: =AC11-AD11 -> -0.0305 | AF11: =AVERAGE(D11,G11,J11,M11,P11,S11,V11,Y11,AB11,AE11) -> 0.1235 | AG11: 16822.73 | AH11: =AG11/$AG$161 -> 0.049634981 | AI11: =AF11*AH11 -> 0.0061299202 | AJ11: 24983.85 | AK11: 0.34 | AL11: 8.95
A12: Abbott India Ltd | B12: 0.33 | C12: 0.1305 | D12: =B12-C12 -> 0.1995 | E12: 0.42 | F12: 0.1305 | G12: =E12-F12 -> 0.2895 | H12: 0.34 | I12: 0.1305 | J12: =H12-I12 -> 0.2095 | K12: NA | L12: 0.1305 | M12: NA | N12: 0.39 | O12: 0.1305 | P12: =N12-O12 -> 0.2595 | Q12: 0.4 | R12: 0.1305 | S12: =Q12-R12 -> 0.2695 | T12: 0.38 | U12: 0.1305 | V12: =T12-U12 -> 0.2495 | W12: 0.34 | X12: 0.1305 | Y12: =W12-X12 -> 0.2095 | Z12: 0.41 | AA12: 0.1305 | AB12: =Z12-AA12 -> 0.2795 | AC12: 0.37 | AD12: 0.1305 | AE12: =AC12-AD12 -> 0.2395 | AF12: =AVERAGE(D12,G12,J12,M12,P12,S12,V12,Y12,AB12,AE12) -> 0.24505556 | AG12: 2183.11 | AH12: =AG12/$AG$161 -> 0.0064412033 | AI12: =AF12*AH12 -> 0.0015784526 | AJ12: 3175.79 | AK12: 0.02 | AL12: 32.14
A13: Cadila Healthcare Ltd | B13: 0.27 | C13: 0.1305 | D13: =B13-C13 -> 0.1395 | E13: 0.31 | F13: 0.1305 | G13: =E13-F13 -> 0.1795 | H13: 0.24 | I13: 0.1305 | J13: =H13-I13 -> 0.1095 | K13: 0.18 | L13: 0.1305 | M13: =K13-L13 -> 0.0495 | N13: 0.18 | O13: 0.1305 | P13: =N13-O13 -> 0.0495 | Q13: 0.23 | R13: 0.1305 | S13: =Q13-R13 -> 0.0995 | T13: 0.29 | U13: 0.1305 | V13: =T13-U13 -> 0.1595 | W13: 0.16 | X13: 0.1305 | Y13: =W13-X13 -> 0.0295 | Z13: 0.18 | AA13: 0.1305 | AB13: =Z13-AA13 -> 0.0495 | AC13: 0.15 | AD13: 0.1305 | AE13: =AC13-AD13 -> 0.0195 | AF13: =AVERAGE(D13,G13,J13,M13,P13,S13,V13,Y13,AB13,AE13) -> 0.0885 | AG13: 17381.1 | AH13: =AG13/$AG$161 -> 0.051282436 | AI13: =AF13*AH13 -> 0.0045384956 | AJ13: 23008.8 | AK13: 0.69 | AL13: 10.99
A14: Alkem Laboratories Ltd | B14: 0.19 | C14: 0.1305 | D14: =B14-C14 -> 0.0595 | E14: 0.22 | F14: 0.1305 | G14: =E14-F14 -> 0.0895 | H14: 0.19 | I14: 0.1305 | J14: =H14-I14 -> 0.0595 | K14: 0.15 | L14: 0.1305 | M14: =K14-L14 -> 0.0195 | N14: 0.14 | O14: 0.1305 | P14: =N14-O14 -> 0.0095 | Q14: 0.12 | R14: 0.1305 | S14: =Q14-R14 -> -0.0105 | T14: 0.23 | U14: 0.1305 | V14: =T14-U14 -> 0.0995 | W14: 0.21 | X14: 0.1305 | Y14: =W14-X14 -> 0.0795 | Z14: 0.18 | AA14: 0.1305 | AB14: =Z14-AA14 -> 0.0495 | AC14: 0.17 | AD14: 0.1305 | AE14: =AC14-AD14 -> 0.0395 | AF14: =AVERAGE(D14,G14,J14,M14,P14,S14,V14,Y14,AB14,AE14) -> 0.0495 | AG14: 7289.26 | AH14: =AG14/$AG$161 -> 0.021506752 | AI14: =AF14*AH14 -> 0.0010645842 | AJ14: 9154.43 | AK14: 0.24 | AL14: NA
A15: Glaxosmithkline Pharmaceuticals Ltd | B15: 0.47 | C15: 0.1305 | D15: =B15-C15 -> 0.3395 | E15: 0.48 | F15: 0.1305 | G15: =E15-F15 -> 0.3495 | H15: 0.5 | I15: 0.1305 | J15: =H15-I15 -> 0.3695 | K15: 0.34 | L15: 0.1305 | M15: =K15-L15 -> 0.2095 | N15: NA | O15: 0.1305 | P15: NA | Q15: 0.42 | R15: 0.1305 | S15: =Q15-R15 -> 0.2895 | T15: 0.29 | U15: 0.1305 | V15: =T15-U15 -> 0.1595 | W15: 0.22 | X15: 0.1305 | Y15: =W15-X15 -> 0.0895 | Z15: 0.26 | AA15: 0.1305 | AB15: =Z15-AA15 -> 0.1295 | AC15: 0.31 | AD15: 0.1305 | AE15: =AC15-AD15 -> 0.1795 | AF15: =AVERAGE(D15,G15,J15,M15,P15,S15,V15,Y15,AB15,AE15) -> 0.23505556 | AG15: 1862.3 | AH15: =AG15/$AG$161 -> 0.0054946626 | AI15: =AF15*AH15 -> 0.001291551 | AJ15: 3135.54 | AK15: 0.02 | AL15: 2.79
A16: Piramal Enterprises Ltd | B16: 0.25 | C16: 0.1305 | D16: =B16-C16 -> 0.1195 | E16: 0.05 | F16: 0.1305 | G16: =E16-F16 -> -0.0805 | H16: 0.02 | I16: 0.1305 | J16: =H16-I16 -> -0.1105 | K16: 0.03 | L16: 0.1305 | M16: =K16-L16 -> -0.1005 | N16: 0.03 | O16: 0.1305 | P16: =N16-O16 -> -0.1005 | Q16: 0.04 | R16: 0.1305 | S16: =Q16-R16 -> -0.0905 | T16: 0.08 | U16: 0.1305 | V16: =T16-U16 -> -0.0505 | W16: 0.09 | X16: 0.1305 | Y16: =W16-X16 -> -0.0405 | Z16: 0.09 | AA16: 0.1305 | AB16: =Z16-AA16 -> -0.0405 | AC16: 0.09 | AD16: 0.1305 | AE16: =AC16-AD16 -> -0.0405 | AF16: =AVERAGE(D16,G16,J16,M16,P16,S16,V16,Y16,AB16,AE16) -> -0.0535 | AG16: 59011.41 | AH16: =AG16/$AG$161 -> 0.17411147 | AI16: =AF16*AH16 -> -0.0093149635 | AJ16: 74908.58 | AK16: 0.93 | AL16: 6.68
A17: Ipca Laboratories Ltd | B17: 0.25 | C17: 0.1305 | D17: =B17-C17 -> 0.1195 | E17: 0.26 | F17: 0.1305 | G17: =E17-F17 -> 0.1295 | H17: 0.24 | I17: 0.1305 | J17: =H17-I17 -> 0.1095 | K17: 0.24 | L17: 0.1305 | M17: =K17-L17 -> 0.1095 | N17: 0.28 | O17: 0.1305 | P17: =N17-O17 -> 0.1495 | Q17: 0.14 | R17: 0.1305 | S17: =Q17-R17 -> 0.0095 | T17: 0.05 | U17: 0.1305 | V17: =T17-U17 -> -0.0805 | W17: 0.09 | X17: 0.1305 | Y17: =W17-X17 -> -0.0405 | Z17: 0.1 | AA17: 0.1305 | AB17: =Z17-AA17 -> -0.0305 | AC17: 0.16 | AD17: 0.1305 | AE17: =AC17-AD17 -> 0.0295 | AF17: =AVERAGE(D17,G17,J17,M17,P17,S17,V17,Y17,AB17,AE17) -> 0.0505 | AG17: 3838.15 | AH17: =AG17/$AG$161 -> 0.011324351 | AI17: =AF17*AH17 -> 0.00057187973 | AJ17: 4963.04 | AK17: 0.13 | AL17: 18.35
A18: Sunil Healthcare Ltd | B18: 0.09 | C18: 0.1305 | D18: =B18-C18 -> -0.0405 | E18: 0.13 | F18: 0.1305 | G18: =E18-F18 -> -0.0005 | H18: 0.17 | I18: 0.1305 | J18: =H18-I18 -> 0.0395 | K18: 0.12 | L18: 0.1305 | M18: =K18-L18 -> -0.0105 | N18: 0.18 | O18: 0.1305 | P18: =N18-O18 -> 0.0495 | Q18: 0.19 | R18: 0.1305 | S18: =Q18-R18 -> 0.0595 | T18: 0.21 | U18: 0.1305 | V18: =T18-U18 -> 0.0795 | W18: 0.16 | X18: 0.1305 | Y18: =W18-X18 -> 0.0295 | Z18: 0.12 | AA18: 0.1305 | AB18: =Z18-AA18 -> -0.0105 | AC18: 0.06 | AD18: 0.1305 | AE18: =AC18-AD18 -> -0.0705 | AF18: =AVERAGE(D18,G18,J18,M18,P18,S18,V18,Y18,AB18,AE18) -> 0.0125 | AG18: 93.5 | AH18: =AG18/$AG$161 -> 0.00027586906 | AI18: =AF18*AH18 -> 3.4483633e-06 | AJ18: 136.8 | AK18: 1.08 | AL18: NA
A19: Pfizer Ltd | B19: NA | C19: 0.1305 | D19: NA | E19: 0.32 | F19: 0.1305 | G19: =E19-F19 -> 0.1895 | H19: 0.23 | I19: 0.1305 | J19: =H19-I19 -> 0.0995 | K19: 0.19 | L19: 0.1305 | M19: =K19-L19 -> 0.0595 | N19: 0.29 | O19: 0.1305 | P19: =N19-O19 -> 0.1595 | Q19: 0.24 | R19: 0.1305 | S19: =Q19-R19 -> 0.1095 | T19: 0.22 | U19: 0.1305 | V19: =T19-U19 -> 0.0895 | W19: 0.17 | X19: 0.1305 | Y19: =W19-X19 -> 0.0395 | Z19: 0.21 | AA19: 0.1305 | AB19: =Z19-AA19 -> 0.0795 | AC19: 0.23 | AD19: 0.1305 | AE19: =AC19-AD19 -> 0.0995 | AF19: =AVERAGE(D19,G19,J19,M19,P19,S19,V19,Y19,AB19,AE19) -> 0.10283333 | AG19: 3158.58 | AH19: =AG19/$AG$161 -> 0.0093192994 | AI19: =AF19*AH19 -> 0.00095833463 | AJ19: 4128.14 | AK19: 0 | AL19: 14.39
A20: Sanofi India Ltd | B20: 0.24 | C20: 0.1305 | D20: =B20-C20 -> 0.1095 | E20: 0.27 | F20: 0.1305 | G20: =E20-F20 -> 0.1395 | H20: 0.23 | I20: 0.1305 | J20: =H20-I20 -> 0.0995 | K20: 0.29 | L20: 0.1305 | M20: =K20-L20 -> 0.1595 | N20: 0.22 | O20: 0.1305 | P20: =N20-O20 -> 0.0895 | Q20: 0.26 | R20: 0.1305 | S20: =Q20-R20 -> 0.1295 | T20: 0.27 | U20: 0.1305 | V20: =T20-U20 -> 0.1395 | W20: 0.26 | X20: 0.1305 | Y20: =W20-X20 -> 0.1295 | Z20: 0.29 | AA20: 0.1305 | AB20: =Z20-AA20 -> 0.1595 | AC20: NA | AD20: 0.1305 | AE20: NA | AF20: =AVERAGE(D20,G20,J20,M20,P20,S20,V20,Y20,AB20,AE20) -> 0.12838889 | AG20: 2230.4 | AH20: =AG20/$AG$161 -> 0.006580731 | AI20: =AF20*AH20 -> 0.00084489275 | AJ20: 2990.6 | AK20: 0 | AL20: 15.42
A21: Alembic Pharmaceuticals Ltd | B21: NA | C21: 0.1305 | D21: NA | E21: NA | F21: 0.1305 | G21: NA | H21: 0.29 | I21: 0.1305 | J21: =H21-I21 -> 0.1595 | K21: 0.31 | L21: 0.1305 | M21: =K21-L21 -> 0.1795 | N21: 0.44 | O21: 0.1305 | P21: =N21-O21 -> 0.3095 | Q21: 0.38 | R21: 0.1305 | S21: =Q21-R21 -> 0.2495 | T21: 0.66 | U21: 0.1305 | V21: =T21-U21 -> 0.5295 | W21: 0.29 | X21: 0.1305 | Y21: =W21-X21 -> 0.1595 | Z21: 0.22 | AA21: 0.1305 | AB21: =Z21-AA21 -> 0.0895 | AC21: 0.23 | AD21: 0.1305 | AE21: =AC21-AD21 -> 0.0995 | AF21: =AVERAGE(D21,G21,J21,M21,P21,S21,V21,Y21,AB21,AE21) -> 0.222 | AG21: 4967.19 | AH21: =AG21/$AG$161 -> 0.014655551 | AI21: =AF21*AH21 -> 0.0032535324 | AJ21: 5989.35 | AK21: 0.54 | AL21: NA
A22: Syngene International Ltd | B22: NA | C22: 0.1305 | D22: NA | E22: 0.13 | F22: 0.1305 | G22: =E22-F22 -> -0.0005 | H22: 0.22 | I22: 0.1305 | J22: =H22-I22 -> 0.0895 | K22: 0.25 | L22: 0.1305 | M22: =K22-L22 -> 0.1195 | N22: 0.23 | O22: 0.1305 | P22: =N22-O22 -> 0.0995 | Q22: 0.23 | R22: 0.1305 | S22: =Q22-R22 -> 0.0995 | T22: 0.2 | U22: 0.1305 | V22: =T22-U22 -> 0.0695 | W22: 0.18 | X22: 0.1305 | Y22: =W22-X22 -> 0.0495 | Z22: 0.16 | AA22: 0.1305 | AB22: =Z22-AA22 -> 0.0295 | AC22: 0.17 | AD22: 0.1305 | AE22: =AC22-AD22 -> 0.0395 | AF22: =AVERAGE(D22,G22,J22,M22,P22,S22,V22,Y22,AB22,AE22) -> 0.066166667 | AG22: 2570.3 | AH22: =AG22/$AG$161 -> 0.0075835962 | AI22: =AF22*AH22 -> 0.00050178128 | AJ22: 4162 | AK22: 0.18 | AL22: NA
A23: Ajanta Pharma Ltd | B23: 0.14 | C23: 0.1305 | D23: =B23-C23 -> 0.0095 | E23: 0.18 | F23: 0.1305 | G23: =E23-F23 -> 0.0495 | H23: 0.23 | I23: 0.1305 | J23: =H23-I23 -> 0.0995 | K23: 0.39 | L23: 0.1305 | M23: =K23-L23 -> 0.2595 | N23: 0.55 | O23: 0.1305 | P23: =N23-O23 -> 0.4195 | Q23: 0.57 | R23: 0.1305 | S23: =Q23-R23 -> 0.4395 | T23: 0.52 | U23: 0.1305 | V23: =T23-U23 -> 0.3895 | W23: 0.46 | X23: 0.1305 | Y23: =W23-X23 -> 0.3295 | Z23: 0.34 | AA23: 0.1305 | AB23: =Z23-AA23 -> 0.2095 | AC23: 0.24 | AD23: 0.1305 | AE23: =AC23-AD23 -> 0.1095 | AF23: =AVERAGE(D23,G23,J23,M23,P23,S23,V23,Y23,AB23,AE23) -> 0.2315 | AG23: 2671.74 | AH23: =AG23/$AG$161 -> 0.007882892 | AI23: =AF23*AH23 -> 0.0018248895 | AJ23: 3318.69 | AK23: 0.03 | AL23: 50.54
A24: Natco Pharma Ltd | B24: 0.19 | C24: 0.1305 | D24: =B24-C24 -> 0.0595 | E24: 0.17 | F24: 0.1305 | G24: =E24-F24 -> 0.0395 | H24: 0.16 | I24: 0.1305 | J24: =H24-I24 -> 0.0295 | K24: 0.17 | L24: 0.1305 | M24: =K24-L24 -> 0.0395 | N24: 0.18 | O24: 0.1305 | P24: =N24-O24 -> 0.0495 | Q24: 0.17 | R24: 0.1305 | S24: =Q24-R24 -> 0.0395 | T24: 0.18 | U24: 0.1305 | V24: =T24-U24 -> 0.0495 | W24: 0.39 | X24: 0.1305 | Y24: =W24-X24 -> 0.2595 | Z24: 0.35 | AA24: 0.1305 | AB24: =Z24-AA24 -> 0.2195 | AC24: 0.23 | AD24: 0.1305 | AE24: =AC24-AD24 -> 0.0995 | AF24: =AVERAGE(D24,G24,J24,M24,P24,S24,V24,Y24,AB24,AE24) -> 0.0885 | AG24: 3986.4 | AH24: =AG24/$AG$161 -> 0.011761759 | AI24: =AF24*AH24 -> 0.0010409156 | AJ24: 4462 | AK24: 0.08 | AL24: 32.87
A25: Glenmark Pharmaceuticals Ltd | B25: 0.14 | C25: 0.1305 | D25: =B25-C25 -> 0.0095 | E25: 0.15 | F25: 0.1305 | G25: =E25-F25 -> 0.0195 | H25: 0.14 | I25: 0.1305 | J25: =H25-I25 -> 0.0095 | K25: 0.18 | L25: 0.1305 | M25: =K25-L25 -> 0.0495 | N25: 0.15 | O25: 0.1305 | P25: =N25-O25 -> 0.0195 | Q25: 0.16 | R25: 0.1305 | S25: =Q25-R25 -> 0.0295 | T25: 0.19 | U25: 0.1305 | V25: =T25-U25 -> 0.0595 | W25: 0.21 | X25: 0.1305 | Y25: =W25-X25 -> 0.0795 | Z25: 0.15 | AA25: 0.1305 | AB25: =Z25-AA25 -> 0.0195 | AC25: 0.15 | AD25: 0.1305 | AE25: =AC25-AD25 -> 0.0195 | AF25: =AVERAGE(D25,G25,J25,M25,P25,S25,V25,Y25,AB25,AE25) -> 0.0315 | AG25: 9415.1 | AH25: =AG25/$AG$161 -> 0.027778982 | AI25: =AF25*AH25 -> 0.00087503792 | AJ25: 13835.45 | AK25: 0.6 | AL25: 2.99
A26: Astrazeneca Pharma India Ltd | B26: NA | C26: 0.1305 | D26: NA | E26: 0.62 | F26: 0.1305 | G26: =E26-F26 -> 0.4895 | H26: 0.15 | I26: 0.1305 | J26: =H26-I26 -> 0.0195 | K26: -0.53 | L26: 0.1305 | M26: =K26-L26 -> -0.6605 | N26: -0.12 | O26: 0.1305 | P26: =N26-O26 -> -0.2505 | Q26: -0.13 | R26: 0.1305 | S26: =Q26-R26 -> -0.2605 | T26: 0.04 | U26: 0.1305 | V26: =T26-U26 -> -0.0905 | W26: 0.15 | X26: 0.1305 | Y26: =W26-X26 -> 0.0195 | Z26: 0.19 | AA26: 0.1305 | AB26: =Z26-AA26 -> 0.0595 | AC26: 0.27 | AD26: 0.1305 | AE26: =AC26-AD26 -> 0.1395 | AF26: =AVERAGE(D26,G26,J26,M26,P26,S26,V26,Y26,AB26,AE26) -> -0.059388889 | AG26: 376.28 | AH26: =AG26/$AG$161 -> 0.0011102033 | AI26: =AF26*AH26 -> -6.5933741e-05 | AJ26: 706.36 | AK26: 0.03 | AL26: 14.04
A27: Jubilant Life Sciences Ltd | B27: 0.11 | C27: 0.1305 | D27: =B27-C27 -> -0.0205 | E27: 0.07 | F27: 0.1305 | G27: =E27-F27 -> -0.0605 | H27: 0.12 | I27: 0.1305 | J27: =H27-I27 -> -0.0105 | K27: 0.12 | L27: 0.1305 | M27: =K27-L27 -> -0.0105 | N27: 0.11 | O27: 0.1305 | P27: =N27-O27 -> -0.0205 | Q27: 0.06 | R27: 0.1305 | S27: =Q27-R27 -> -0.0705 | T27: 0.13 | U27: 0.1305 | V27: =T27-U27 -> -0.0005 | W27: 0.15 | X27: 0.1305 | Y27: =W27-X27 -> 0.0195 | Z27: 0.15 | AA27: 0.1305 | AB27: =Z27-AA27 -> 0.0195 | AC27: 0.16 | AD27: 0.1305 | AE27: =AC27-AD27 -> 0.0295 | AF27: =AVERAGE(D27,G27,J27,M27,P27,S27,V27,Y27,AB27,AE27) -> -0.0125 | AG27: 10173.63 | AH27: =AG27/$AG$161 -> 0.030017003 | AI27: =AF27*AH27 -> -0.00037521253 | AJ27: 12521.65 | AK27: 0.82 | AL27: 2.8
A28: ERIS Lifesciences Ltd | B28: NA | C28: 0.1305 | D28: NA | E28: NA | F28: 0.1305 | G28: NA | H28: NA | I28: 0.1305 | J28: NA | K28: 1.04 | L28: 0.1305 | M28: =K28-L28 -> 0.9095 | N28: 0.66 | O28: 0.1305 | P28: =N28-O28 -> 0.5295 | Q28: 0.48 | R28: 0.1305 | S28: =Q28-R28 -> 0.3495 | T28: 0.54 | U28: 0.1305 | V28: =T28-U28 -> 0.4095 | W28: 0.62 | X28: 0.1305 | Y28: =W28-X28 -> 0.4895 | Z28: 0.35 | AA28: 0.1305 | AB28: =Z28-AA28 -> 0.2195 | AC28: 0.26 | AD28: 0.1305 | AE28: =AC28-AD28 -> 0.1295 | AF28: =AVERAGE(D28,G28,J28,M28,P28,S28,V28,Y28,AB28,AE28) -> 0.43378571 | AG28: 1324.06 | AH28: =AG28/$AG$161 -> 0.0039066009 | AI28: =AF28*AH28 -> 0.0016946277 | AJ28: 1550.49 | AK28: 0 | AL28: NA
A29: Procter & Gamble Health Ltd | B29: 0.24 | C29: 0.1305 | D29: =B29-C29 -> 0.1095 | E29: 0.25 | F29: 0.1305 | G29: =E29-F29 -> 0.1195 | H29: 0.26 | I29: 0.1305 | J29: =H29-I29 -> 0.1295 | K29: 0.18 | L29: 0.1305 | M29: =K29-L29 -> 0.0495 | N29: 0.12 | O29: 0.1305 | P29: =N29-O29 -> -0.0105 | Q29: 0.15 | R29: 0.1305 | S29: =Q29-R29 -> 0.0195 | T29: 0.18 | U29: 0.1305 | V29: =T29-U29 -> 0.0495 | W29: 0.16 | X29: 0.1305 | Y29: =W29-X29 -> 0.0295 | Z29: 0.78 | AA29: 0.1305 | AB29: =Z29-AA29 -> 0.6495 | AC29: NA | AD29: 0.1305 | AE29: NA | AF29: =AVERAGE(D29,G29,J29,M29,P29,S29,V29,Y29,AB29,AE29) -> 0.12727778 | AG29: 816.82 | AH29: =AG29/$AG$161 -> 0.0024100039 | AI29: =AF29*AH29 -> 0.00030673994 | AJ29: 1066.68 | AK29: 0 | AL29: 20.63
A30: J B Chemicals & Pharmaceuticals Ltd | B30: 0.24 | C30: 0.1305 | D30: =B30-C30 -> 0.1095 | E30: 0.22 | F30: 0.1305 | G30: =E30-F30 -> 0.0895 | H30: 0.11 | I30: 0.1305 | J30: =H30-I30 -> -0.0205 | K30: 0.08 | L30: 0.1305 | M30: =K30-L30 -> -0.0505 | N30: 0.13 | O30: 0.1305 | P30: =N30-O30 -> -0.0005 | Q30: 0.13 | R30: 0.1305 | S30: =Q30-R30 -> -0.0005 | T30: 0.15 | U30: 0.1305 | V30: =T30-U30 -> 0.0195 | W30: 0.14 | X30: 0.1305 | Y30: =W30-X30 -> 0.0095 | Z30: 0.11 | AA30: 0.1305 | AB30: =Z30-AA30 -> -0.0205 | AC30: 0.18 | AD30: 0.1305 | AE30: =AC30-AD30 -> 0.0495 | AF30: =AVERAGE(D30,G30,J30,M30,P30,S30,V30,Y30,AB30,AE30) -> 0.0185 | AG30: 1630.84 | AH30: =AG30/$AG$161 -> 0.0048117465 | AI30: =AF30*AH30 -> 8.901731e-05 | AJ30: 1955.82 | AK30: 0.03 | AL30: 23.95
A31: Granules India Ltd | B31: 0.16 | C31: 0.1305 | D31: =B31-C31 -> 0.0295 | E31: 0.11 | F31: 0.1305 | G31: =E31-F31 -> -0.0205 | H31: 0.15 | I31: 0.1305 | J31: =H31-I31 -> 0.0195 | K31: 0.13 | L31: 0.1305 | M31: =K31-L31 -> -0.0005 | N31: 0.2 | O31: 0.1305 | P31: =N31-O31 -> 0.0695 | Q31: 0.19 | R31: 0.1305 | S31: =Q31-R31 -> 0.0595 | T31: 0.2 | U31: 0.1305 | V31: =T31-U31 -> 0.0695 | W31: 0.18 | X31: 0.1305 | Y31: =W31-X31 -> 0.0495 | Z31: 0.12 | AA31: 0.1305 | AB31: =Z31-AA31 -> -0.0105 | AC31: 0.15 | AD31: 0.1305 | AE31: =AC31-AD31 -> 0.0195 | AF31: =AVERAGE(D31,G31,J31,M31,P31,S31,V31,Y31,AB31,AE31) -> 0.0285 | AG31: 2540.53 | AH31: =AG31/$AG$161 -> 0.0074957607 | AI31: =AF31*AH31 -> 0.00021362918 | AJ31: 3171.56 | AK31: 0.49 | AL31: 33.15
A32: FDC Ltd | B32: 0.36 | C32: 0.1305 | D32: =B32-C32 -> 0.2295 | E32: 0.29 | F32: 0.1305 | G32: =E32-F32 -> 0.1595 | H32: 0.25 | I32: 0.1305 | J32: =H32-I32 -> 0.1195 | K32: 0.23 | L32: 0.1305 | M32: =K32-L32 -> 0.0995 | N32: 0.25 | O32: 0.1305 | P32: =N32-O32 -> 0.1195 | Q32: 0.21 | R32: 0.1305 | S32: =Q32-R32 -> 0.0795 | T32: 0.22 | U32: 0.1305 | V32: =T32-U32 -> 0.0895 | W32: 0.21 | X32: 0.1305 | Y32: =W32-X32 -> 0.0795 | Z32: 0.19 | AA32: 0.1305 | AB32: =Z32-AA32 -> 0.0595 | AC32: 0.17 | AD32: 0.1305 | AE32: =AC32-AD32 -> 0.0395 | AF32: =AVERAGE(D32,G32,J32,M32,P32,S32,V32,Y32,AB32,AE32) -> 0.1075 | AG32: 1444.29 | AH32: =AG32/$AG$161 -> 0.0042613361 | AI32: =AF32*AH32 -> 0.00045809363 | AJ32: 1705.29 | AK32: 0.01 | AL32: 10
A33: Strides Pharma Science Ltd | B33: 0.12 | C33: 0.1305 | D33: =B33-C33 -> -0.0105 | E33: 0.11 | F33: 0.1305 | G33: =E33-F33 -> -0.0205 | H33: 0.27 | I33: 0.1305 | J33: =H33-I33 -> 0.1395 | K33: NA | L33: 0.1305 | M33: NA | N33: 1.16 | O33: 0.1305 | P33: =N33-O33 -> 1.0295 | Q33: 0.58 | R33: 0.1305 | S33: =Q33-R33 -> 0.4495 | T33: 0.08 | U33: 0.1305 | V33: =T33-U33 -> -0.0505 | W33: 0.12 | X33: 0.1305 | Y33: =W33-X33 -> -0.0105 | Z33: 0.16 | AA33: 0.1305 | AB33: =Z33-AA33 -> 0.0295 | AC33: 0.1 | AD33: 0.1305 | AE33: =AC33-AD33 -> -0.0305 | AF33: =AVERAGE(D33,G33,J33,M33,P33,S33,V33,Y33,AB33,AE33) -> 0.1695 | AG33: 4633.03 | AH33: =AG33/$AG$161 -> 0.013669622 | AI33: =AF33*AH33 -> 0.0023170009 | AJ33: 6151.75 | AK33: 0.83 | AL33: 0.93
A34: Shilpa Medicare Ltd | B34: 0.4 | C34: 0.1305 | D34: =B34-C34 -> 0.2695 | E34: 0.29 | F34: 0.1305 | G34: =E34-F34 -> 0.1595 | H34: 0.18 | I34: 0.1305 | J34: =H34-I34 -> 0.0495 | K34: 0.15 | L34: 0.1305 | M34: =K34-L34 -> 0.0195 | N34: 0.2 | O34: 0.1305 | P34: =N34-O34 -> 0.0695 | Q34: 0.18 | R34: 0.1305 | S34: =Q34-R34 -> 0.0495 | T34: 0.16 | U34: 0.1305 | V34: =T34-U34 -> 0.0295 | W34: 0.14 | X34: 0.1305 | Y34: =W34-X34 -> 0.0095 | Z34: 0.1 | AA34: 0.1305 | AB34: =Z34-AA34 -> -0.0305 | AC34: 0.09 | AD34: 0.1305 | AE34: =AC34-AD34 -> -0.0405 | AF34: =AVERAGE(D34,G34,J34,M34,P34,S34,V34,Y34,AB34,AE34) -> 0.0585 | AG34: 1481.46 | AH34: =AG34/$AG$161 -> 0.0043710051 | AI34: =AF34*AH34 -> 0.0002557038 | AJ34: 1790.83 | AK34: 0.18 | AL34: 14.68
A35: Wockhardt Ltd | B35: 0.13 | C35: 0.1305 | D35: =B35-C35 -> -0.0005 | E35: 0.21 | F35: 0.1305 | G35: =E35-F35 -> 0.0795 | H35: 0.29 | I35: 0.1305 | J35: =H35-I35 -> 0.1595 | K35: 0.42 | L35: 0.1305 | M35: =K35-L35 -> 0.2895 | N35: 0.18 | O35: 0.1305 | P35: =N35-O35 -> 0.0495 | Q35: 0.11 | R35: 0.1305 | S35: =Q35-R35 -> -0.0205 | T35: 0.07 | U35: 0.1305 | V35: =T35-U35 -> -0.0605 | W35: -0.01 | X35: 0.1305 | Y35: =W35-X35 -> -0.1405 | Z35: -0.01 | AA35: 0.1305 | AB35: =Z35-AA35 -> -0.1405 | AC35: -0.01 | AD35: 0.1305 | AE35: =AC35-AD35 -> -0.1405 | AF35: =AVERAGE(D35,G35,J35,M35,P35,S35,V35,Y35,AB35,AE35) -> 0.0075 | AG35: 5185.46 | AH35: =AG35/$AG$161 -> 0.015299551 | AI35: =AF35*AH35 -> 0.00011474663 | AJ35: 8178.91 | AK35: 0.94 | AL35: 5.13
A36: Caplin Point Laboratories Ltd | B36: 0.14 | C36: 0.1305 | D36: =B36-C36 -> 0.0095 | E36: 0.26 | F36: 0.1305 | G36: =E36-F36 -> 0.1295 | H36: 0.31 | I36: 0.1305 | J36: =H36-I36 -> 0.1795 | K36: 0.52 | L36: 0.1305 | M36: =K36-L36 -> 0.3895 | N36: 0.64 | O36: 0.1305 | P36: =N36-O36 -> 0.5095 | Q36: 0.68 | R36: 0.1305 | S36: =Q36-R36 -> 0.5495 | T36: 0.62 | U36: 0.1305 | V36: =T36-U36 -> 0.4895 | W36: 0.69 | X36: 0.1305 | Y36: =W36-X36 -> 0.5595 | Z36: 0.64 | AA36: 0.1305 | AB36: =Z36-AA36 -> 0.5095 | AC36: 0.49 | AD36: 0.1305 | AE36: =AC36-AD36 -> 0.3595 | AF36: =AVERAGE(D36,G36,J36,M36,P36,S36,V36,Y36,AB36,AE36) -> 0.3685 | AG36: 779.28 | AH36: =AG36/$AG$161 -> 0.0022992432 | AI36: =AF36*AH36 -> 0.00084727113 | AJ36: 926.16 | AK36: 0 | AL36: 61.76
A37: IOL Chemicals & Pharmaceuticals Ltd | B37: 0.08 | C37: 0.1305 | D37: =B37-C37 -> -0.0505 | E37: 0.1 | F37: 0.1305 | G37: =E37-F37 -> -0.0305 | H37: 0.09 | I37: 0.1305 | J37: =H37-I37 -> -0.0405 | K37: 0.11 | L37: 0.1305 | M37: =K37-L37 -> -0.0205 | N37: 0.11 | O37: 0.1305 | P37: =N37-O37 -> -0.0205 | Q37: -0.03 | R37: 0.1305 | S37: =Q37-R37 -> -0.1605 | T37: 0.04 | U37: 0.1305 | V37: =T37-U37 -> -0.0905 | W37: 0.12 | X37: 0.1305 | Y37: =W37-X37 -> -0.0105 | Z37: 0.15 | AA37: 0.1305 | AB37: =Z37-AA37 -> 0.0195 | AC37: 0.56 | AD37: 0.1305 | AE37: =AC37-AD37 -> 0.4295 | AF37: =AVERAGE(D37,G37,J37,M37,P37,S37,V37,Y37,AB37,AE37) -> 0.0025 | AG37: 740.83 | AH37: =AG37/$AG$161 -> 0.0021857976 | AI37: =AF37*AH37 -> 5.464494e-06 | AJ37: 1026.56 | AK37: 0.15 | AL37: 22.43
A38: Sequent Scientific Ltd | B38: 0.2 | C38: 0.1305 | D38: =B38-C38 -> 0.0695 | E38: 0.11 | F38: 0.1305 | G38: =E38-F38 -> -0.0205 | H38: 0.05 | I38: 0.1305 | J38: =H38-I38 -> -0.0805 | K38: -0.1 | L38: 0.1305 | M38: =K38-L38 -> -0.2305 | N38: -0.04 | O38: 0.1305 | P38: =N38-O38 -> -0.1705 | Q38: 0.1 | R38: 0.1305 | S38: =Q38-R38 -> -0.0305 | T38: 0.03 | U38: 0.1305 | V38: =T38-U38 -> -0.1005 | W38: 0.01 | X38: 0.1305 | Y38: =W38-X38 -> -0.1205 | Z38: 0.41 | AA38: 0.1305 | AB38: =Z38-AA38 -> 0.2795 | AC38: 0.09 | AD38: 0.1305 | AE38: =AC38-AD38 -> -0.0405 | AF38: =AVERAGE(D38,G38,J38,M38,P38,S38,V38,Y38,AB38,AE38) -> -0.0445 | AG38: 49.67 | AH38: =AG38/$AG$161 -> 0.00014654991 | AI38: =AF38*AH38 -> -6.5214708e-06 | AJ38: 0 | AK38: NA | AL38: 11.5
A39: Indoco Remedies Ltd | B39: 0.13 | C39: 0.1305 | D39: =B39-C39 -> -0.0005 | E39: 0.15 | F39: 0.1305 | G39: =E39-F39 -> 0.0195 | H39: 0.14 | I39: 0.1305 | J39: =H39-I39 -> 0.0095 | K39: 0.14 | L39: 0.1305 | M39: =K39-L39 -> 0.0095 | N39: 0.17 | O39: 0.1305 | P39: =N39-O39 -> 0.0395 | Q39: 0.21 | R39: 0.1305 | S39: =Q39-R39 -> 0.0795 | T39: 0.17 | U39: 0.1305 | V39: =T39-U39 -> 0.0395 | W39: 0.12 | X39: 0.1305 | Y39: =W39-X39 -> -0.0105 | Z39: 0.07 | AA39: 0.1305 | AB39: =Z39-AA39 -> -0.0605 | AC39: 0.01 | AD39: 0.1305 | AE39: =AC39-AD39 -> -0.1205 | AF39: =AVERAGE(D39,G39,J39,M39,P39,S39,V39,Y39,AB39,AE39) -> 0.0005 | AG39: 880.83 | AH39: =AG39/$AG$161 -> 0.0025988636 | AI39: =AF39*AH39 -> 1.2994318e-06 | AJ39: 1310.05 | AK39: 0.32 | AL39: 14.38
A40: Aarti Drugs Ltd | B40: 0.2 | C40: 0.1305 | D40: =B40-C40 -> 0.0695 | E40: 0.13 | F40: 0.1305 | G40: =E40-F40 -> -0.0005 | H40: 0.14 | I40: 0.1305 | J40: =H40-I40 -> 0.0095 | K40: 0.2 | L40: 0.1305 | M40: =K40-L40 -> 0.0695 | N40: 0.22 | O40: 0.1305 | P40: =N40-O40 -> 0.0895 | Q40: 0.21 | R40: 0.1305 | S40: =Q40-R40 -> 0.0795 | T40: 0.18 | U40: 0.1305 | V40: =T40-U40 -> 0.0495 | W40: 0.18 | X40: 0.1305 | Y40: =W40-X40 -> 0.0495 | Z40: 0.17 | AA40: 0.1305 | AB40: =Z40-AA40 -> 0.0395 | AC40: 0.17 | AD40: 0.1305 | AE40: =AC40-AD40 -> 0.0395 | AF40: =AVERAGE(D40,G40,J40,M40,P40,S40,V40,Y40,AB40,AE40) -> 0.0495 | AG40: 952.68 | AH40: =AG40/$AG$161 -> 0.0028108549 | AI40: =AF40*AH40 -> 0.00013913732 | AJ40: 1470.7 | AK40: 0.53 | AL40: 30.99
A41: Hikal Ltd | B41: 0.16 | C41: 0.1305 | D41: =B41-C41 -> 0.0295 | E41: 0.09 | F41: 0.1305 | G41: =E41-F41 -> -0.0405 | H41: 0.15 | I41: 0.1305 | J41: =H41-I41 -> 0.0195 | K41: 0.14 | L41: 0.1305 | M41: =K41-L41 -> 0.0095 | N41: 0.16 | O41: 0.1305 | P41: =N41-O41 -> 0.0295 | Q41: 0.11 | R41: 0.1305 | S41: =Q41-R41 -> -0.0205 | T41: 0.11 | U41: 0.1305 | V41: =T41-U41 -> -0.0205 | W41: 0.12 | X41: 0.1305 | Y41: =W41-X41 -> -0.0105 | Z41: 0.13 | AA41: 0.1305 | AB41: =Z41-AA41 -> -0.0005 | AC41: 0.15 | AD41: 0.1305 | AE41: =AC41-AD41 -> 0.0195 | AF41: =AVERAGE(D41,G41,J41,M41,P41,S41,V41,Y41,AB41,AE41) -> 0.0015 | AG41: 1387.12 | AH41: =AG41/$AG$161 -> 0.0040926577 | AI41: =AF41*AH41 -> 6.1389865e-06 | AJ41: 1676.8 | AK41: 0.78 | AL41: 8.89
A42: Novartis India Ltd | B42: 0.32 | C42: 0.1305 | D42: =B42-C42 -> 0.1895 | E42: 0.34 | F42: 0.1305 | G42: =E42-F42 -> 0.2095 | H42: 0.3 | I42: 0.1305 | J42: =H42-I42 -> 0.1695 | K42: 0.2 | L42: 0.1305 | M42: =K42-L42 -> 0.0695 | N42: 0.1 | O42: 0.1305 | P42: =N42-O42 -> -0.0305 | Q42: 0.09 | R42: 0.1305 | S42: =Q42-R42 -> -0.0405 | T42: 0.22 | U42: 0.1305 | V42: =T42-U42 -> 0.0895 | W42: 0.09 | X42: 0.1305 | Y42: =W42-X42 -> -0.0405 | Z42: 0.17 | AA42: 0.1305 | AB42: =Z42-AA42 -> 0.0395 | AC42: 0.08 | AD42: 0.1305 | AE42: =AC42-AD42 -> -0.0505 | AF42: =AVERAGE(D42,G42,J42,M42,P42,S42,V42,Y42,AB42,AE42) -> 0.0605 | AG42: 791.19 | AH42: =AG42/$AG$161 -> 0.0023343833 | AI42: =AF42*AH42 -> 0.00014123019 | AJ42: 1094.22 | AK42: 0.09 | AL42: -0.51
A43: Alembic Ltd | B43: 0.1 | C43: 0.1305 | D43: =B43-C43 -> -0.0305 | E43: -0.01 | F43: 0.1305 | G43: =E43-F43 -> -0.1405 | H43: -0.02 | I43: 0.1305 | J43: =H43-I43 -> -0.1505 | K43: 0.06 | L43: 0.1305 | M43: =K43-L43 -> -0.0705 | N43: 0.16 | O43: 0.1305 | P43: =N43-O43 -> 0.0295 | Q43: 0.09 | R43: 0.1305 | S43: =Q43-R43 -> -0.0405 | T43: 0.04 | U43: 0.1305 | V43: =T43-U43 -> -0.0905 | W43: 0.04 | X43: 0.1305 | Y43: =W43-X43 -> -0.0905 | Z43: 0.04 | AA43: 0.1305 | AB43: =Z43-AA43 -> -0.0905 | AC43: 0.04 | AD43: 0.1305 | AE43: =AC43-AD43 -> -0.0905 | AF43: =AVERAGE(D43,G43,J43,M43,P43,S43,V43,Y43,AB43,AE43) -> -0.0765 | AG43: 1418.04 | AH43: =AG43/$AG$161 -> 0.0041838862 | AI43: =AF43*AH43 -> -0.0003200673 | AJ43: 1470.72 | AK43: 0 | AL43: 10.97
A44: Solara Active Pharma Sciences Ltd | B44: NA | C44: 0.1305 | D44: NA | E44: NA | F44: 0.1305 | G44: NA | H44: NA | I44: 0.1305 | J44: NA | K44: NA | L44: 0.1305 | M44: NA | N44: NA | O44: 0.1305 | P44: NA | Q44: NA | R44: 0.1305 | S44: NA | T44: NA | U44: 0.1305 | V44: NA | W44: NA | X44: 0.1305 | Y44: NA | Z44: NA | AA44: 0.1305 | AB44: NA | AC44: 0.1 | AD44: 0.1305 | AE44: =AC44-AD44 -> -0.0305 | AF44: =AVERAGE(D44,G44,J44,M44,P44,S44,V44,Y44,AB44,AE44) -> -0.0305 | AG44: 1687.61 | AH44: =AG44/$AG$161 -> 0.0049792448 | AI44: =AF44*AH44 -> -0.00015186697 | AJ44: 2153.5 | AK44: 0.55 | AL44: NA
A45: Dishman Carbogen Amcis Ltd | B45: NA | C45: 0.1305 | D45: NA | E45: NA | F45: 0.1305 | G45: NA | H45: NA | I45: 0.1305 | J45: NA | K45: NA | L45: 0.1305 | M45: NA | N45: NA | O45: 0.1305 | P45: NA | Q45: NA | R45: 0.1305 | S45: NA | T45: 0.21 | U45: 0.1305 | V45: =T45-U45 -> 0.0795 | W45: 0.03 | X45: 0.1305 | Y45: =W45-X45 -> -0.1005 | Z45: 0.05 | AA45: 0.1305 | AB45: =Z45-AA45 -> -0.0805 | AC45: 0.06 | AD45: 0.1305 | AE45: =AC45-AD45 -> -0.0705 | AF45: =AVERAGE(D45,G45,J45,M45,P45,S45,V45,Y45,AB45,AE45) -> -0.043 | AG45: 6582.39 | AH45: =AG45/$AG$161 -> 0.019421152 | AI45: =AF45*AH45 -> -0.00083510955 | AJ45: 7774.59 | AK45: 0.2 | AL45: NA
A46: Amrutanjan Health Care Ltd | B46: 0.18 | C46: 0.1305 | D46: =B46-C46 -> 0.0495 | E46: 0.14 | F46: 0.1305 | G46: =E46-F46 -> 0.0095 | H46: 0.16 | I46: 0.1305 | J46: =H46-I46 -> 0.0295 | K46: 0.18 | L46: 0.1305 | M46: =K46-L46 -> 0.0495 | N46: 0.23 | O46: 0.1305 | P46: =N46-O46 -> 0.0995 | Q46: 0.26 | R46: 0.1305 | S46: =Q46-R46 -> 0.1295 | T46: 0.31 | U46: 0.1305 | V46: =T46-U46 -> 0.1795 | W46: 0.28 | X46: 0.1305 | Y46: =W46-X46 -> 0.1495 | Z46: 0.25 | AA46: 0.1305 | AB46: =Z46-AA46 -> 0.1195 | AC46: 0.25 | AD46: 0.1305 | AE46: =AC46-AD46 -> 0.1195 | AF46: =AVERAGE(D46,G46,J46,M46,P46,S46,V46,Y46,AB46,AE46) -> 0.0935 | AG46: 151.13 | AH46: =AG46/$AG$161 -> 0.00044590472 | AI46: =AF46*AH46 -> 4.1692091e-05 | AJ46: 199.06 | AK46: 0.01 | AL46: 15.36
A47: Hester Biosciences Ltd | B47: 0.21 | C47: 0.1305 | D47: =B47-C47 -> 0.0795 | E47: 0.21 | F47: 0.1305 | G47: =E47-F47 -> 0.0795 | H47: 0.2 | I47: 0.1305 | J47: =H47-I47 -> 0.0695 | K47: 0.2 | L47: 0.1305 | M47: =K47-L47 -> 0.0695 | N47: 0.18 | O47: 0.1305 | P47: =N47-O47 -> 0.0495 | Q47: 0.15 | R47: 0.1305 | S47: =Q47-R47 -> 0.0195 | T47: 0.19 | U47: 0.1305 | V47: =T47-U47 -> 0.0595 | W47: 0.2 | X47: 0.1305 | Y47: =W47-X47 -> 0.0695 | Z47: 0.2 | AA47: 0.1305 | AB47: =Z47-AA47 -> 0.0695 | AC47: 0.27 | AD47: 0.1305 | AE47: =AC47-AD47 -> 0.1395 | AF47: =AVERAGE(D47,G47,J47,M47,P47,S47,V47,Y47,AB47,AE47) -> 0.0705 | AG47: 279.38 | AH47: =AG47/$AG$161 -> 0.00082430265 | AI47: =AF47*AH47 -> 5.8113337e-05 | AJ47: 348.63 | AK47: 0.51 | AL47: 29.09
A48: Bliss GVS Pharma Ltd | B48: 0.4 | C48: 0.1305 | D48: =B48-C48 -> 0.2695 | E48: 0.35 | F48: 0.1305 | G48: =E48-F48 -> 0.2195 | H48: 0.39 | I48: 0.1305 | J48: =H48-I48 -> 0.2595 | K48: 0.36 | L48: 0.1305 | M48: =K48-L48 -> 0.2295 | N48: 0.2 | O48: 0.1305 | P48: =N48-O48 -> 0.0695 | Q48: 0.24 | R48: 0.1305 | S48: =Q48-R48 -> 0.1095 | T48: 0.32 | U48: 0.1305 | V48: =T48-U48 -> 0.1895 | W48: 0.31 | X48: 0.1305 | Y48: =W48-X48 -> 0.1795 | Z48: 0.29 | AA48: 0.1305 | AB48: =Z48-AA48 -> 0.1595 | AC48: 0.27 | AD48: 0.1305 | AE48: =AC48-AD48 -> 0.1395 | AF48: =AVERAGE(D48,G48,J48,M48,P48,S48,V48,Y48,AB48,AE48) -> 0.1825 | AG48: 800.69 | AH48: =AG48/$AG$161 -> 0.0023624128 | AI48: =AF48*AH48 -> 0.00043114034 | AJ48: 977.5 | AK48: 0.14 | AL48: 8.72
A49: Unichem Laboratories Ltd | B49: 0.28 | C49: 0.1305 | D49: =B49-C49 -> 0.1495 | E49: 0.2 | F49: 0.1305 | G49: =E49-F49 -> 0.0695 | H49: 0.14 | I49: 0.1305 | J49: =H49-I49 -> 0.0095 | K49: 0.2 | L49: 0.1305 | M49: =K49-L49 -> 0.0695 | N49: 0.19 | O49: 0.1305 | P49: =N49-O49 -> 0.0595 | Q49: 0.09 | R49: 0.1305 | S49: =Q49-R49 -> -0.0405 | T49: 0.15 | U49: 0.1305 | V49: =T49-U49 -> 0.0195 | W49: 0.09 | X49: 0.1305 | Y49: =W49-X49 -> -0.0405 | Z49: 1.28 | AA49: 0.1305 | AB49: =Z49-AA49 -> 1.1495 | AC49: -0.02 | AD49: 0.1305 | AE49: =AC49-AD49 -> -0.1505 | AF49: =AVERAGE(D49,G49,J49,M49,P49,S49,V49,Y49,AB49,AE49) -> 0.1295 | AG49: 2744.56 | AH49: =AG49/$AG$161 -> 0.0080977453 | AI49: =AF49*AH49 -> 0.001048658 | AJ49: 3085.3 | AK49: 0.07 | AL49: -3.3
A50: Panacea Biotec Ltd | B50: 0.11 | C50: 0.1305 | D50: =B50-C50 -> -0.0205 | E50: 0.15 | F50: 0.1305 | G50: =E50-F50 -> 0.0195 | H50: -0.08 | I50: 0.1305 | J50: =H50-I50 -> -0.2105 | K50: -0.08 | L50: 0.1305 | M50: =K50-L50 -> -0.2105 | N50: -0.08 | O50: 0.1305 | P50: =N50-O50 -> -0.2105 | Q50: 0 | R50: 0.1305 | S50: =Q50-R50 -> -0.1305 | T50: 0.04 | U50: 0.1305 | V50: =T50-U50 -> -0.0905 | W50: 0.02 | X50: 0.1305 | Y50: =W50-X50 -> -0.1105 | Z50: 0.03 | AA50: 0.1305 | AB50: =Z50-AA50 -> -0.1005 | AC50: -0.14 | AD50: 0.1305 | AE50: =AC50-AD50 -> -0.2705 | AF50: =AVERAGE(D50,G50,J50,M50,P50,S50,V50,Y50,AB50,AE50) -> -0.1335 | AG50: 945.2 | AH50: =AG50/$AG$161 -> 0.0027887854 | AI50: =AF50*AH50 -> -0.00037230285 | AJ50: 1433.26 | AK50: 2.29 | AL50: -1.28
A51: Marksans Pharma Ltd | B51: 0.02 | C51: 0.1305 | D51: =B51-C51 -> -0.1105 | E51: -0.28 | F51: 0.1305 | G51: =E51-F51 -> -0.4105 | H51: -3.06 | I51: 0.1305 | J51: =H51-I51 -> -3.1905 | K51: 0.45 | L51: 0.1305 | M51: =K51-L51 -> 0.3195 | N51: 0.38 | O51: 0.1305 | P51: =N51-O51 -> 0.2495 | Q51: 0.45 | R51: 0.1305 | S51: =Q51-R51 -> 0.3195 | T51: 0.23 | U51: 0.1305 | V51: =T51-U51 -> 0.0995 | W51: 0.04 | X51: 0.1305 | Y51: =W51-X51 -> -0.0905 | Z51: 0.11 | AA51: 0.1305 | AB51: =Z51-AA51 -> -0.0205 | AC51: 0.19 | AD51: 0.1305 | AE51: =AC51-AD51 -> 0.0595 | AF51: =AVERAGE(D51,G51,J51,M51,P51,S51,V51,Y51,AB51,AE51) -> -0.2775 | AG51: 660.68 | AH51: =AG51/$AG$161 -> 0.0019493173 | AI51: =AF51*AH51 -> -0.00054093556 | AJ51: 807.83 | AK51: 0.13 | AL51: 18.38
A52: Fermenta Biotech Ltd | B52: 0.17 | C52: 0.1305 | D52: =B52-C52 -> 0.0395 | E52: 0.19 | F52: 0.1305 | G52: =E52-F52 -> 0.0595 | H52: 0.18 | I52: 0.1305 | J52: =H52-I52 -> 0.0495 | K52: 0.09 | L52: 0.1305 | M52: =K52-L52 -> -0.0405 | N52: 0.1 | O52: 0.1305 | P52: =N52-O52 -> -0.0305 | Q52: 0.04 | R52: 0.1305 | S52: =Q52-R52 -> -0.0905 | T52: 0.06 | U52: 0.1305 | V52: =T52-U52 -> -0.0705 | W52: 0.02 | X52: 0.1305 | Y52: =W52-X52 -> -0.1105 | Z52: 0.34 | AA52: 0.1305 | AB52: =Z52-AA52 -> 0.2095 | AC52: 0.42 | AD52: 0.1305 | AE52: =AC52-AD52 -> 0.2895 | AF52: =AVERAGE(D52,G52,J52,M52,P52,S52,V52,Y52,AB52,AE52) -> 0.0305 | AG52: 511.58 | AH52: =AG52/$AG$161 -> 0.0015094021 | AI52: =AF52*AH52 -> 4.6036763e-05 | AJ52: 630.86 | AK52: 0.71 | AL52: 27.27
A53: Morepen Laboratories Ltd | B53: 0 | C53: 0.1305 | D53: =B53-C53 -> -0.1305 | E53: -0.08 | F53: 0.1305 | G53: =E53-F53 -> -0.2105 | H53: -0.06 | I53: 0.1305 | J53: =H53-I53 -> -0.1905 | K53: -0.03 | L53: 0.1305 | M53: =K53-L53 -> -0.1605 | N53: 0.01 | O53: 0.1305 | P53: =N53-O53 -> -0.1205 | Q53: 0.03 | R53: 0.1305 | S53: =Q53-R53 -> -0.1005 | T53: 0.07 | U53: 0.1305 | V53: =T53-U53 -> -0.0605 | W53: 0.09 | X53: 0.1305 | Y53: =W53-X53 -> -0.0405 | Z53: 0.09 | AA53: 0.1305 | AB53: =Z53-AA53 -> -0.0405 | AC53: 0.08 | AD53: 0.1305 | AE53: =AC53-AD53 -> -0.0505 | AF53: =AVERAGE(D53,G53,J53,M53,P53,S53,V53,Y53,AB53,AE53) -> -0.1105 | AG53: 279.41 | AH53: =AG53/$AG$161 -> 0.00082439117 | AI53: =AF53*AH53 -> -9.1095224e-05 | AJ53: 686.92 | AK53: 0.06 | AL53: 7.73
A54: TTK Healthcare Ltd | B54: 0.22 | C54: 0.1305 | D54: =B54-C54 -> 0.0895 | E54: 0.27 | F54: 0.1305 | G54: =E54-F54 -> 0.1395 | H54: 0.27 | I54: 0.1305 | J54: =H54-I54 -> 0.1395 | K54: 0.21 | L54: 0.1305 | M54: =K54-L54 -> 0.0795 | N54: 0.17 | O54: 0.1305 | P54: =N54-O54 -> 0.0395 | Q54: 0.2 | R54: 0.1305 | S54: =Q54-R54 -> 0.0695 | T54: 0.23 | U54: 0.1305 | V54: =T54-U54 -> 0.0995 | W54: 0.18 | X54: 0.1305 | Y54: =W54-X54 -> 0.0495 | Z54: 0.15 | AA54: 0.1305 | AB54: =Z54-AA54 -> 0.0195 | AC54: 0.15 | AD54: 0.1305 | AE54: =AC54-AD54 -> 0.0195 | AF54: =AVERAGE(D54,G54,J54,M54,P54,S54,V54,Y54,AB54,AE54) -> 0.0745 | AG54: 278.28 | AH54: =AG54/$AG$161 -> 0.00082105714 | AI54: =AF54*AH54 -> 6.1168757e-05 | AJ54: 436.91 | AK54: 0.12 | AL54: 1.87
A55: Neuland Laboratories Ltd | B55: 0.05 | C55: 0.1305 | D55: =B55-C55 -> -0.0805 | E55: 0.11 | F55: 0.1305 | G55: =E55-F55 -> -0.0205 | H55: 0.11 | I55: 0.1305 | J55: =H55-I55 -> -0.0205 | K55: 0.15 | L55: 0.1305 | M55: =K55-L55 -> 0.0195 | N55: 0.19 | O55: 0.1305 | P55: =N55-O55 -> 0.0595 | Q55: 0.16 | R55: 0.1305 | S55: =Q55-R55 -> 0.0295 | T55: 0.19 | U55: 0.1305 | V55: =T55-U55 -> 0.0595 | W55: 0.16 | X55: 0.1305 | Y55: =W55-X55 -> 0.0295 | Z55: 0.04 | AA55: 0.1305 | AB55: =Z55-AA55 -> -0.0905 | AC55: 0.04 | AD55: 0.1305 | AE55: =AC55-AD55 -> -0.0905 | AF55: =AVERAGE(D55,G55,J55,M55,P55,S55,V55,Y55,AB55,AE55) -> -0.0105 | AG55: 959.65 | AH55: =AG55/$AG$161 -> 0.0028314197 | AI55: =AF55*AH55 -> -2.9729907e-05 | AJ55: 1230.98 | AK55: 0.35 | AL55: 18.07
A56: Suven Life Sciences Ltd | B56: 0.05 | C56: 0.1305 | D56: =B56-C56 -> -0.0805 | E56: 0.05 | F56: 0.1305 | G56: =E56-F56 -> -0.0805 | H56: 0.09 | I56: 0.1305 | J56: =H56-I56 -> -0.0405 | K56: 0.19 | L56: 0.1305 | M56: =K56-L56 -> 0.0595 | N56: 0.68 | O56: 0.1305 | P56: =N56-O56 -> 0.5495 | Q56: 0.31 | R56: 0.1305 | S56: =Q56-R56 -> 0.1795 | T56: 0.13 | U56: 0.1305 | V56: =T56-U56 -> -0.0005 | W56: 0.15 | X56: 0.1305 | Y56: =W56-X56 -> 0.0195 | Z56: 0.24 | AA56: 0.1305 | AB56: =Z56-AA56 -> 0.1095 | AC56: 0.17 | AD56: 0.1305 | AE56: =AC56-AD56 -> 0.0395 | AF56: =AVERAGE(D56,G56,J56,M56,P56,S56,V56,Y56,AB56,AE56) -> 0.0755 | AG56: 1044.91 | AH56: =AG56/$AG$161 -> 0.0030829769 | AI56: =AF56*AH56 -> 0.00023276476 | AJ56: 1237.04 | AK56: 0.13 | AL56: 33.4
A57: Gufic BioSciences Ltd | B57: 0.12 | C57: 0.1305 | D57: =B57-C57 -> -0.0105 | E57: 0.13 | F57: 0.1305 | G57: =E57-F57 -> -0.0005 | H57: 0.15 | I57: 0.1305 | J57: =H57-I57 -> 0.0195 | K57: 0.18 | L57: 0.1305 | M57: =K57-L57 -> 0.0495 | N57: 0.17 | O57: 0.1305 | P57: =N57-O57 -> 0.0395 | Q57: 0.18 | R57: 0.1305 | S57: =Q57-R57 -> 0.0495 | T57: 0.24 | U57: 0.1305 | V57: =T57-U57 -> 0.1095 | W57: 0.24 | X57: 0.1305 | Y57: =W57-X57 -> 0.1095 | Z57: 0.33 | AA57: 0.1305 | AB57: =Z57-AA57 -> 0.1995 | AC57: 0.3 | AD57: 0.1305 | AE57: =AC57-AD57 -> 0.1695 | AF57: =AVERAGE(D57,G57,J57,M57,P57,S57,V57,Y57,AB57,AE57) -> 0.0735 | AG57: 197.82 | AH57: =AG57/$AG$161 -> 0.00058366222 | AI57: =AF57*AH57 -> 4.2899173e-05 | AJ57: 308.79 | AK57: 1.34 | AL57: 24.25
... A59: Anuh Pharma Ltd | B59: 0.31 | C59: 0.1305 | D59: =B59-C59 -> 0.1795 | E59: 0.28 | F59: 0.1305 | G59: =E59-F59 -> 0.1495 | H59: 0.26 | I59: 0.1305 | J59: =H59-I59 -> 0.1295 | K59: 0.26 | L59: 0.1305 | M59: =K59-L59 -> 0.1295 | N59: 0.31 | O59: 0.1305 | P59: =N59-O59 -> 0.1795 | Q59: 0.33 | R59: 0.1305 | S59: =Q59-R59 -> 0.1995 | T59: 0.35 | U59: 0.1305 | V59: =T59-U59 -> 0.2195 | W59: 0.19 | X59: 0.1305 | Y59: =W59-X59 -> 0.0595 | Z59: 0.14 | AA59: 0.1305 | AB59: =Z59-AA59 -> 0.0095 | AC59: 0.19 | AD59: 0.1305 | AE59: =AC59-AD59 -> 0.0595 | AF59: =AVERAGE(D59,G59,J59,M59,P59,S59,V59,Y59,AB59,AE59) -> 0.1315 | AG59: 175.5 | AH59: =AG59/$AG$161 -> 0.0005178077 | AI59: =AF59*AH59 -> 6.8091713e-05 | AJ59: 260 | AK59: 0.06 | AL59: 16.16
A60: Bajaj Healthcare Ltd | B60: NA | C60: 0.1305 | D60: NA | E60: NA | F60: 0.1305 | G60: NA | H60: NA | I60: 0.1305 | J60: NA | K60: 0.05 | L60: 0.1305 | M60: =K60-L60 -> -0.0805 | N60: 0.1 | O60: 0.1305 | P60: =N60-O60 -> -0.0305 | Q60: 0.16 | R60: 0.1305 | S60: =Q60-R60 -> 0.0295 | T60: 0.13 | U60: 0.1305 | V60: =T60-U60 -> -0.0005 | W60: 0.13 | X60: 0.1305 | Y60: =W60-X60 -> -0.0005 | Z60: 0.16 | AA60: 0.1305 | AB60: =Z60-AA60 -> 0.0295 | AC60: 0.16 | AD60: 0.1305 | AE60: =AC60-AD60 -> 0.0295 | AF60: =AVERAGE(D60,G60,J60,M60,P60,S60,V60,Y60,AB60,AE60) -> -0.0033571429 | AG60: 203.73 | AH60: =AG60/$AG$161 -> 0.0006010995 | AI60: =AF60*AH60 -> -2.0179769e-06 | AJ60: 280.38 | AK60: 0.55 | AL60: NA
